Workbook
Name Azua: Prov!$C$3:$C$12
Name Bahoruco: Prov!$C$13:$C$17
Name Barahona: Prov!$C$18:$C$28
Name CodigoActividad: 'Formulario PPGR2'!$H$9:$H$303
Name Dajabon: Prov!$C$29:$C$33
Name Dajabón: Prov!$C$29:$C$33
Name Distrito_Nacional: Prov!$C$2
Name Duarte: Prov!$C$34:$C$40
Name El_Seibo: Prov!$C$41:$C$42
Name Elias_Pina: Prov!$C$43:$C$48
Name Elías_Piña: Prov!$C$43:$C$48
Name Espaillat: Prov!$C$49:$C$52
Name Hato_Mayor: Prov!$C$53:$C$55
Name Hermanas_Mirabal: Prov!$C$56:$C$58
Name Independencia: Prov!$C$59:$C$64
Name jkjkjlk: [1]Catalogo!$B$187:$B$206
Name La_Altagracia: Prov!$C$65:$C$66
Name La_Romana: Prov!$C$67:$C$69
Name La_Vega: Prov!$C$70:$C$73
Name Le.1: Obj!$D$118:$D$119
Name Le.2: Obj!$D$120:$D$121
Name Le.3: Obj!$D$122:$D$123
Name Le.4: Obj!$D$124
Name ls_ComprayAlquiler: Catalogo!$G$33:$G$41
Name ls_Departamento: Catalogo!$D$36:$D$96
Name Ls_DepartamentosSRS: Catalogo!$G$169:$G$181
Name Ls_DependenciasSRS: Catalogo!$B$136:$B$141
Name ls_Direccion: Catalogo!$D$32:$D$33
Name Ls_DivisionesSRS: Catalogo!$E$144:$E$160
Name Ls_Estructura: Catalogo!$B$23:$B$28
Name Ls_GerenciasSRS: Catalogo!$E$163:$E$165
Name Ls_LinesEstategica: Obj!$B$6:$B$9
Name Ls_Medio_Verificacion: Catalogo!$B$187:$B$206
Name Ls_ObjEstrategico: Obj!$G$6:$G$21
Name Ls_Oficina: Catalogo!$D$126:$D$129
Name Ls_OficinasSRS: Catalogo!$E$178:$E$180
Name ls_Regiones: Catalogo!$B$10:$B$19
Name ls_SubDireccion: Catalogo!$D$99:$D$119
Name ls_TiposAcciones: Catalogo!$G$11:$G$14
Name ls_UnidadesSRS: Catalogo!$B$144:$B$172
Name lsAcabadosTextiles: Insumos!$C$2:$C$3
Name lsAireAcondicionado: Insumos!$C$333:$C$334
Name lsAlimentosyBebidas: Insumos!$C$4:$C$23
Name lsArticulosdePlastico: Insumos!$C$24:$C$30
Name lsElectrodomesticos: Insumos!$C$31:$C$35
Name lsEquiposComputos: Insumos!$C$132:$C$136
Name lsEquiposMedicos: Insumos!$C$44:$C$131
Name lsEquiposSeguridad: Insumos!$C$137:$C$138
Name lsEquiposTransporte: Insumos!$C$518:$C$520
Name lsEventosGenerales: Insumos!$C$139:$C$141
Name lsFuentesFinanciamiento: LSIns!$F$5:$F$8
Name lsGasoil: Insumos!$C$142:$C$149
Name lsHerramientasMenores: Insumos!$C$150:$C$179
Name lsImpresionyEncuadernacion: Insumos!$C$180
Name lsInsumos: LSIns!$B$5:$B$45
Name lsInsumosEquipos: LSIns!$F$16:$F$31
Name lsLlantasyNeumaticos: Insumos!$C$181:$C$188
Name lsMantenimiento: Insumos!$C$189:$C$202
Name lsMantenimientoyReparacion: Catalogo!$G$27:$G$30
Name lsMaterialesdeLimpieza: Insumos!$C$203:$C$217

Sheet Resumen
I1: Siglas Dependencias DC-SNS
A2: Servicio Nacional de Salud | I2: Dirección Ejecutiva (DE)
A3: Dirección de Planificación y Desarrollo | I3: Atención a Usuarios (DAU)
I4: Laboratorio e Imágenes (DLI)
A5: Cantidad acciones/actividades/trimestre | I5: Cooperación Internacional (COP)
A6: Primer Trimestre | B6: =+'Formulario PPGR2'!$J$304+'Formulario PPGR2'!$K$304+'Formulario PPGR2'!$L$304 -> 279 | I6: Calidad Institucional (DCG)
A7: Segundo Trimestre | B7: =+'Formulario PPGR2'!$M$304+'Formulario PPGR2'!$N$304+'Formulario PPGR2'!$O$304 -> 357 | I7: Administración (ADM)
A8: Tercer Trimestre | B8: =+'Formulario PPGR2'!$P$304+'Formulario PPGR2'!$Q$304+'Formulario PPGR2'!$R$304 -> 339 | I8: Dirección Centros Hospitalarios (DCH)
A9: Cuarto Trimestre | B9: =+'Formulario PPGR2'!$S$304+'Formulario PPGR2'!$T$304+'Formulario PPGR2'!$U$304 -> 333 | I9: Emergencias Médicas (DEM)
A10: Total actividades del año | B10: =SUM(B6:B9) -> 1308 | I10: Comunicaciones (DCE)
I11: Financiero (DFI)
I12: Gestión Clínica (DGC)
I13: Proyectos Institucionales (DPI)
I14: Cuidados de Enfermería (ENF)
I15: Desarrollo Institucional (DDI)
I16: Seguimiento, Evaluación y Calidad de los Servicios de Salud (GCSS)
A17: Tabla Resumen POA | B17: {=+'Formulario PPGR1'!M2:O2} -> 2024 | C17: 0 | D17: 0 | I17: Oficina Equidad Género (OEG)
A18: Área Organizacional | B18: Presupuesto | C18: Nº Productos | D18: Nº Actividades | E18: % (Productos) | F18: % (Actividades) | G18: % (Presupuesto) | I18: Recursos Humanos (DRH)
E19: =+C19/$C$37 -> #DIV/0! | F19: =+D19/$D$37 -> #DIV/0! | G19: =+B19/$B$37 -> #DIV/0! | I19: Infraestructura y Equipos (DIE)
E20: =+C20/$C$37 -> #DIV/0! | F20: =+D20/$D$37 -> #DIV/0! | G20: =+B20/$B$37 -> #DIV/0! | I20: Jurídica (DCJ)
E21: =+C21/$C$37 -> #DIV/0! | F21: =+D21/$D$37 -> #DIV/0! | G21: =+B21/$B$37 -> #DIV/0! | I21: Formulación, Monitoreo y Evaluación de PPP (FME)
E22: =+C22/$C$37 -> #DIV/0! | F22: =+D22/$D$37 -> #DIV/0! | G22: =+B22/$B$37 -> #DIV/0! | I22: Planificación (DPD)
E23: =+C23/$C$37 -> #DIV/0! | F23: =+D23/$D$37 -> #DIV/0! | G23: =+B23/$B$37 -> #DIV/0! | I23: Dirección Primer Nivel (DPN)
E24: =+C24/$C$37 -> #DIV/0! | F24: =+D24/$D$37 -> #DIV/0! | G24: =+B24/$B$37 -> #DIV/0! | I24: Asistencia a la Red (DAR)
E25: =+C25/$C$37 -> #DIV/0! | F25: =+D25/$D$37 -> #DIV/0! | G25: =+B25/$B$37 -> #DIV/0! | I25: Seguridad Física (DSF)
E26: =+C26/$C$37 -> #DIV/0! | F26: =+D26/$D$37 -> #DIV/0! | G26: =+B26/$B$37 -> #DIV/0! | I26: Sistema de Información (DGI)
E27: =+C27/$C$37 -> #DIV/0! | F27: =+D27/$D$37 -> #DIV/0! | G27: =+B27/$B$37 -> #DIV/0! | I27: Tecnología de la Información (DTI)
E28: =+C28/$C$37 -> #DIV/0! | F28: =+D28/$D$37 -> #DIV/0! | G28: =+B28/$B$37 -> #DIV/0! | I28: Calidad de los Servicios de Salud (CSS)
E29: =+C29/$C$37 -> #DIV/0! | F29: =+D29/$D$37 -> #DIV/0! | G29: =+B29/$B$37 -> #DIV/0! | I29: Materno-Infantil (MIA)
E30: =+C30/$C$37 -> #DIV/0! | F30: =+D30/$D$37 -> #DIV/0! | G30: =+B30/$B$37 -> #DIV/0! | I30: Oficina de Acceso a la Información (OAI)
... E36: =+C36/$C$37 -> #DIV/0! | F36: =+D36/$D$37 -> #DIV/0! | G36: =+B36/$B$37 -> #DIV/0! | I36: Salud Mental (DSM)
A37: Total | B37: =SUM(B19:B36) -> 0 | C37: =SUM(C19:C36) -> 0 | D37: =SUM(D19:D36) -> 0 | E37: =SUM(E19:E36) -> #DIV/0! | F37: =SUM(F19:F36) -> #DIV/0! | G37: =SUM(G19:G36) -> #DIV/0!

Sheet Formulario PPGR1
G2: Servicio Nacional de Salud | L2: Año del POA: | M2: 2024
G3: Dirección de Planificación y Desarrollo | L3: Servicio Regional de Salud: | M3: R0 - SRS Metropolitano | Q3: =VLOOKUP(M3,Catalogo!$B$10:$C$19,2,FALSE) -> Ls_DependenciasSRS
G4: Plan Operativo Anual | L4: Estructura: | M4: Dirección | Q4: =IF(Q3="Ls_Estructura",VLOOKUP(M4,Catalogo!B23:C27,2,FALSE),VLOOKUP(M4,Catalogo!$B$136:$C$140,2,FALSE)) -> #N/A
G5: Identificación de Productos/Resultados | L5: =IF(Q3="Ls_Estructura",VLOOKUP($M$4,Catalogo!$B$23:$D$28,3,FALSE),VLOOKUP($M$4,Catalogo!$B$136:$D$140,3,FALSE)) -> #N/A | M5: SNS - Dirección Central
B8: ID_Dependendencia | C8: POA | D8: SRS | E8: AREA | F8: Eje Estratégico | G8: Cod_LE | H8: Objetivo | I8: Cod_Obj | J8: Resultado esperado | K8: Productos | L8: Indicador | M8: Unidad de medida | N8: Línea Base | O8: Meta | P8: Supuestos | Q8: Dependencia responsable | R8: Columna1
B9: =IF('Formulario PPGR1'!$F9="","",CONCATENATE('Formulario PPGR1'!$C9,".",'Formulario PPGR1'!$D9,".",'Formulario PPGR1'!$E9,".",#REF!)) -> #REF! | C9: =IF('Formulario PPGR1'!$F9="","",#REF!) -> #REF! | D9: =IF('Formulario PPGR1'!$F9="","",#REF!) -> #REF! | E9: =IF('Formulario PPGR1'!$F9="","",#REF!) -> #REF! | F9: LE.1 - Calidad en la prestación de los servicios de salud | G9: =IFERROR(VLOOKUP($F9,Obj!$B$57:$C$76,2,FALSE),"") -> LE.1 | H9: Obj1.1 - Mejorar la provisión de los servicios de salud con enfoque en la promoción de la salud, prevención de la enfermedad y control de las enfermedades. | I9: =IFERROR(VLOOKUP($H9,Obj!$D$118:$E$124,2,FALSE),"") -> Obj1.1 | J9: Redes de servicios integradas y con mayor resolución para coordinar la prestación de servicios integrales de promoción de la salud, prevención de la enfermedad, diagnóstico, tratamiento, rehabilitación y cuidados paliativos; condicionada a la necesidades de salud y características de la población, con miras hacia la consecución progresiva del acceso universal a la salud y la cobertura universal de salud | K9: 1.1.1.1 Implementación del Programa Salud Bucodental (PPI 16) | L9: % incremento servicios odontológicos | M9: Porcentaje | O9: 0.25 | Q9: Odontología
B10: =IF('Formulario PPGR1'!$F10="","",CONCATENATE('Formulario PPGR1'!$C10,".",'Formulario PPGR1'!$D10,".",'Formulario PPGR1'!$E10,".",#REF!)) | C10: =IF('Formulario PPGR1'!$F10="","",#REF!) | D10: =IF('Formulario PPGR1'!$F10="","",#REF!) | E10: =IF('Formulario PPGR1'!$F10="","",#REF!) | G10: =IFERROR(VLOOKUP($F10,Obj!$B$57:$C$76,2,FALSE),"") | I10: =IFERROR(VLOOKUP($H10,Obj!$D$118:$E$124,2,FALSE),"") | K10: 1.1.1.2 Mejora del suministro y abastecimiento de medicamentos | L10: % disponibilidad de medicamentos trazadores en centros de salud | M10: Porcentaje | O10: 1 | Q10: Medicamentos e Insumos
B11: =IF('Formulario PPGR1'!$F11="","",CONCATENATE('Formulario PPGR1'!$C11,".",'Formulario PPGR1'!$D11,".",'Formulario PPGR1'!$E11,".",#REF!)) | C11: =IF('Formulario PPGR1'!$F11="","",#REF!) | D11: =IF('Formulario PPGR1'!$F11="","",#REF!) | E11: =IF('Formulario PPGR1'!$F11="","",#REF!) | L11: % disponibilidad de medicamentos trazadores programas salud colectiva | M11: Porcentaje | O11: 0.96 | Q11: Medicamentos e Insumos
B12: =IF('Formulario PPGR1'!$F12="","",CONCATENATE('Formulario PPGR1'!$C12,".",'Formulario PPGR1'!$D12,".",'Formulario PPGR1'!$E12,".",#REF!)) | C12: =IF('Formulario PPGR1'!$F12="","",#REF!) | D12: =IF('Formulario PPGR1'!$F12="","",#REF!) | E12: =IF('Formulario PPGR1'!$F12="","",#REF!) | G12: =IFERROR(VLOOKUP($F12,Obj!$B$57:$C$76,2,FALSE),"") | I12: =IFERROR(VLOOKUP($H12,Obj!$D$118:$E$124,2,FALSE),"") | K12: 1.1.1.3 Ampliación y mejora de la provisión de servicios de apoyo diagnóstico y laboratorio | L12: % incremento servicios laboratorio clínico | M12: Porcentaje | O12: 0.3 | Q12: Laboratorios Clínicos e Imágenes
B13: =IF('Formulario PPGR1'!$F13="","",CONCATENATE('Formulario PPGR1'!$C13,".",'Formulario PPGR1'!$D13,".",'Formulario PPGR1'!$E13,".",#REF!)) | C13: =IF('Formulario PPGR1'!$F13="","",#REF!) | D13: =IF('Formulario PPGR1'!$F13="","",#REF!) | E13: =IF('Formulario PPGR1'!$F13="","",#REF!) | L13: % incremento servicios imágenes | M13: Porcentaje | O13: 0.25 | Q13: Laboratorios Clínicos e Imágenes
B14: =IF('Formulario PPGR1'!$F14="","",CONCATENATE('Formulario PPGR1'!$C14,".",'Formulario PPGR1'!$D14,".",'Formulario PPGR1'!$E14,".",#REF!)) -> #REF! | C14: =IF('Formulario PPGR1'!$F14="","",#REF!) -> #REF! | D14: =IF('Formulario PPGR1'!$F14="","",#REF!) -> #REF! | E14: =IF('Formulario PPGR1'!$F14="","",#REF!) -> #REF! | F14: LE.1 - Calidad en la prestación de los servicios de salud | G14: =IFERROR(VLOOKUP($F14,Obj!$B$57:$C$76,2,FALSE),"") -> LE.1 | H14: Obj1.1 - Mejorar la provisión de los servicios de salud con enfoque en la promoción de la salud, prevención de la enfermedad y control de las enfermedades. | I14: =IFERROR(VLOOKUP($H14,Obj!$D$118:$E$124,2,FALSE),"") -> Obj1.1 | J14: Disminuida la morbi-mortalidad materna, neonatal e infantil, mediante el fortalecimiento y la integración de los servicios de salud antes de la concepción, durante el embarazo, el parto y los primeros años de vida, garantizando la calidad de la atención. | K14: 1.1.2.1 Aumento de la provisión de servicios de salud sexual y reproductiva en la Red SNS | L14: % incremento servicios planificación familiar | M14: Porcentaje | O14: 0.16 | Q14: Materno, Infantil y Adolescentes | V14: Gestión Integral de Información
B15: =IF('Formulario PPGR1'!$F15="","",CONCATENATE('Formulario PPGR1'!$C15,".",'Formulario PPGR1'!$D15,".",'Formulario PPGR1'!$E15,".",#REF!)) | C15: =IF('Formulario PPGR1'!$F15="","",#REF!) | D15: =IF('Formulario PPGR1'!$F15="","",#REF!) | E15: =IF('Formulario PPGR1'!$F15="","",#REF!) | G15: =IFERROR(VLOOKUP($F15,Obj!$B$57:$C$76,2,FALSE),"") | I15: =IFERROR(VLOOKUP($H15,Obj!$D$118:$E$124,2,FALSE),"") | K15: 1.1.2.2 Provisión de servicios de Salud Materno, Infantil y Adolescentes de Calidad | L15: % disminución mortalidad materna | M15: Porcentaje | O15: 0.25 | Q15: Materno, Infantil y Adolescentes
B16: =IF('Formulario PPGR1'!$F16="","",CONCATENATE('Formulario PPGR1'!$C16,".",'Formulario PPGR1'!$D16,".",'Formulario PPGR1'!$E16,".",#REF!)) | C16: =IF('Formulario PPGR1'!$F16="","",#REF!) | D16: =IF('Formulario PPGR1'!$F16="","",#REF!) | E16: =IF('Formulario PPGR1'!$F16="","",#REF!) | L16: % disminución mortalidad neonatal | M16: Porcentaje | O16: 0.2 | Q16: Materno, Infantil y Adolescentes
B17: =IF('Formulario PPGR1'!$F17="","",CONCATENATE('Formulario PPGR1'!$C17,".",'Formulario PPGR1'!$D17,".",'Formulario PPGR1'!$E17,".",#REF!)) | C17: =IF('Formulario PPGR1'!$F17="","",#REF!) | D17: =IF('Formulario PPGR1'!$F17="","",#REF!) | E17: =IF('Formulario PPGR1'!$F17="","",#REF!) | G17: =IFERROR(VLOOKUP($F17,Obj!$B$57:$C$76,2,FALSE),"") | I17: =IFERROR(VLOOKUP($H17,Obj!$D$118:$E$124,2,FALSE),"") | K17: 1.1.2.3 Incremento cobertura registro oportuno de nacidos vivos | L17: % cobertura registro nacidos vivos | M17: Porcentaje | O17: 0.95 | Q17: Materno, Infantil y Adolescentes | V17: Gestión y Control de la Planificación Institucional
B18: =IF('Formulario PPGR1'!$F18="","",CONCATENATE('Formulario PPGR1'!$C18,".",'Formulario PPGR1'!$D18,".",'Formulario PPGR1'!$E18,".",#REF!)) | C18: =IF('Formulario PPGR1'!$F18="","",#REF!) | D18: =IF('Formulario PPGR1'!$F18="","",#REF!) | E18: =IF('Formulario PPGR1'!$F18="","",#REF!) | G18: =IFERROR(VLOOKUP($F18,Obj!$B$57:$C$76,2,FALSE),"") | I18: =IFERROR(VLOOKUP($H18,Obj!$D$118:$E$124,2,FALSE),"") | K18: 1.1.2.4 Despliegue del Plan de Acción para disminución de los embarazos en adolescentes | L18: % embarazos en población adolescente (tendencia a la baja) | M18: Porcentaje | O18: 0.186 | Q18: Materno, Infantil y Adolescentes
B19: =IF('Formulario PPGR1'!$F19="","",CONCATENATE('Formulario PPGR1'!$C19,".",'Formulario PPGR1'!$D19,".",'Formulario PPGR1'!$E19,".",#REF!)) | C19: =IF('Formulario PPGR1'!$F19="","",#REF!) | D19: =IF('Formulario PPGR1'!$F19="","",#REF!) | E19: =IF('Formulario PPGR1'!$F19="","",#REF!) | G19: =IFERROR(VLOOKUP($F19,Obj!$B$57:$C$76,2,FALSE),"") | I19: =IFERROR(VLOOKUP($H19,Obj!$D$118:$E$124,2,FALSE),"") | K19: 1.1.2.5 Fortalecimiento de los servicios pediátricos hospitales priorizados | L19: % disminución mortalidad infantil | M19: Porcentaje | O19: 0.15 | Q19: Materno, Infantil y Adolescentes | V19: Promoción y Cultura de Innovación
B20: =IF('Formulario PPGR1'!$F20="","",CONCATENATE('Formulario PPGR1'!$C20,".",'Formulario PPGR1'!$D20,".",'Formulario PPGR1'!$E20,".",#REF!)) | C20: =IF('Formulario PPGR1'!$F20="","",#REF!) | D20: =IF('Formulario PPGR1'!$F20="","",#REF!) | E20: =IF('Formulario PPGR1'!$F20="","",#REF!) | G20: =IFERROR(VLOOKUP($F20,Obj!$B$57:$C$76,2,FALSE),"") | I20: =IFERROR(VLOOKUP($H20,Obj!$D$118:$E$124,2,FALSE),"") | K20: 1.1.2.6 Implementación Proyecto Screening Auditivo | L20: % implementación del PoR 44 | M20: Porcentaje | O20: 0.9 | Q20: Materno, Infantil y Adolescentes
B21: =IF('Formulario PPGR1'!$F21="","",CONCATENATE('Formulario PPGR1'!$C21,".",'Formulario PPGR1'!$D21,".",'Formulario PPGR1'!$E21,".",#REF!)) -> #REF! | C21: =IF('Formulario PPGR1'!$F21="","",#REF!) -> #REF! | D21: =IF('Formulario PPGR1'!$F21="","",#REF!) -> #REF! | E21: =IF('Formulario PPGR1'!$F21="","",#REF!) -> #REF! | F21: LE.1 - Calidad en la prestación de los servicios de salud | G21: =IFERROR(VLOOKUP($F21,Obj!$B$57:$C$76,2,FALSE),"") -> LE.1 | H21: Obj1.1 - Mejorar la provisión de los servicios de salud con enfoque en la promoción de la salud, prevención de la enfermedad y control de las enfermedades. | I21: =IFERROR(VLOOKUP($H21,Obj!$D$118:$E$124,2,FALSE),"") -> Obj1.1 | J21: Reducida la carga de las enfermedades crónicas incluidos los diferentes tipos de cáncer, los trastornos de salud mental, así como ante discapacidad, violencia y traumatismos, a través de servicios de atención que faciliten la detección temprana y la continuidad de la atención, eliminando las brechas en el acceso y utilización de los servicios de salud. | K21: 1.1.3.1 Estrategia de Prevención de las Enfermedades Crónicas No Transmisibles (ECNT) | L21: Porcentaje de individuos diagnosticados con Diabetes tipo II en seguimiento y tratamiento, según protocolo | M21: Porcentaje | O21: 0.9 | Q21: Primer Nivel
B22: =IF('Formulario PPGR1'!$F22="","",CONCATENATE('Formulario PPGR1'!$C22,".",'Formulario PPGR1'!$D22,".",'Formulario PPGR1'!$E22,".",#REF!)) | C22: =IF('Formulario PPGR1'!$F22="","",#REF!) | D22: =IF('Formulario PPGR1'!$F22="","",#REF!) | E22: =IF('Formulario PPGR1'!$F22="","",#REF!) | L22: Porcentaje de individuos diagnosticados con hipertensión arterial en seguimiento y tratamiento, según protocolo | M22: Porcentaje | O22: 0.9 | Q22: Primer Nivel
B23: =IF('Formulario PPGR1'!$F23="","",CONCATENATE('Formulario PPGR1'!$C23,".",'Formulario PPGR1'!$D23,".",'Formulario PPGR1'!$E23,".",#REF!)) | C23: =IF('Formulario PPGR1'!$F23="","",#REF!) | D23: =IF('Formulario PPGR1'!$F23="","",#REF!) | E23: =IF('Formulario PPGR1'!$F23="","",#REF!) | G23: =IFERROR(VLOOKUP($F23,Obj!$B$57:$C$76,2,FALSE),"") | I23: =IFERROR(VLOOKUP($H23,Obj!$D$118:$E$124,2,FALSE),"") | K23: 1.1.3.2 Programa para la Detección Oportuna y Atención por tipo de cáncer | L23: Porcentaje de mujeres entre 19 y 65 años a las que se les realizó el Papanicolau al menos una vez en el último año | M23: Porcentaje | O23: >50% | Q23: Materno, Infantil y Adolescentes
B24: =IF('Formulario PPGR1'!$F24="","",CONCATENATE('Formulario PPGR1'!$C24,".",'Formulario PPGR1'!$D24,".",'Formulario PPGR1'!$E24,".",#REF!)) | C24: =IF('Formulario PPGR1'!$F24="","",#REF!) | D24: =IF('Formulario PPGR1'!$F24="","",#REF!) | E24: =IF('Formulario PPGR1'!$F24="","",#REF!) | L24: Porcentaje de hombres mayores de 45 años a las que se les realizó exámen físico y prueba del antígeno prostático específico (PSA) al menos una vez en el último año | M24: Porcentaje | O24: >50% | Q24: Materno, Infantil y Adolescentes
B25: =IF('Formulario PPGR1'!$F25="","",CONCATENATE('Formulario PPGR1'!$C25,".",'Formulario PPGR1'!$D25,".",'Formulario PPGR1'!$E25,".",#REF!)) | C25: =IF('Formulario PPGR1'!$F25="","",#REF!) | D25: =IF('Formulario PPGR1'!$F25="","",#REF!) | E25: =IF('Formulario PPGR1'!$F25="","",#REF!) | L25: Porcentaje de mujeres mayores de 40 años que se le ha realizado una mamografía en el último año | M25: Porcentaje | O25: >50% | Q25: Materno, Infantil y Adolescentes
B26: =IF('Formulario PPGR1'!$F26="","",CONCATENATE('Formulario PPGR1'!$C26,".",'Formulario PPGR1'!$D26,".",'Formulario PPGR1'!$E26,".",#REF!)) | C26: =IF('Formulario PPGR1'!$F26="","",#REF!) | D26: =IF('Formulario PPGR1'!$F26="","",#REF!) | E26: =IF('Formulario PPGR1'!$F26="","",#REF!) | G26: =IFERROR(VLOOKUP($F26,Obj!$B$57:$C$76,2,FALSE),"") | I26: =IFERROR(VLOOKUP($H26,Obj!$D$118:$E$124,2,FALSE),"") | K26: 1.1.3.3 Implementación del plan de abordaje efectivo de las victimas de violencia de género que asisten a los EES | L26: Cobertura de las Unidades de Género en los EESS que aplican protocolos de detección y evaluación de riesgo ante violencia | M26: Porcentaje | O26: >45% | Q26: Género
B27: =IF('Formulario PPGR1'!$F27="","",CONCATENATE('Formulario PPGR1'!$C27,".",'Formulario PPGR1'!$D27,".",'Formulario PPGR1'!$E27,".",#REF!)) -> #REF! | C27: =IF('Formulario PPGR1'!$F27="","",#REF!) -> #REF! | D27: =IF('Formulario PPGR1'!$F27="","",#REF!) -> #REF! | E27: =IF('Formulario PPGR1'!$F27="","",#REF!) -> #REF! | F27: LE.1 - Calidad en la prestación de los servicios de salud | G27: =IFERROR(VLOOKUP($F27,Obj!$B$57:$C$76,2,FALSE),"") -> LE.1 | H27: Obj1.1 - Mejorar la provisión de los servicios de salud con enfoque en la promoción de la salud, prevención de la enfermedad y control de las enfermedades. | I27: =IFERROR(VLOOKUP($H27,Obj!$D$118:$E$124,2,FALSE),"") -> Obj1.1 | J27: Reducida la morbi-mortalidad de las enfermedades transmisibles, incluidas la infección por el VIH/SIDA, la Tuberculosis, las infecciones de transmisión sexual, las hepatitis virales, enfermedades transmitidas por vectores, enfermedades desatendidas, tropicales y zoonóticas, y las enfermedades prevenibles mediante vacunación; con especial atención en las poblaciones vulnerables | K27: 1.1.4.1 Provisión de servicios de salud para la atención a la malaria en la red de establecimientos | L27: % implementación del plan de atención a la malaria | M27: Porcentaje | O27: 1 | Q27: Gestión Clínica
B28: =IF('Formulario PPGR1'!$F28="","",CONCATENATE('Formulario PPGR1'!$C28,".",'Formulario PPGR1'!$D28,".",'Formulario PPGR1'!$E28,".",#REF!)) | C28: =IF('Formulario PPGR1'!$F28="","",#REF!) | D28: =IF('Formulario PPGR1'!$F28="","",#REF!) | E28: =IF('Formulario PPGR1'!$F28="","",#REF!) | G28: =IFERROR(VLOOKUP($F28,Obj!$B$57:$C$76,2,FALSE),"") | I28: =IFERROR(VLOOKUP($H28,Obj!$D$118:$E$124,2,FALSE),"") | K28: 1.1.4.2 Fortalecimiento de la gestión de los Servicios de Atención Integral (SAIs) para el VIH-SIDA en todos sus componentes | L28: Porcentaje de adultos y niños activos en tratamiento Antiretroviral (TARV) del total de PVVIH estimados | M28: Porcentaje | O28: >95% | Q28: Gestión Clínica
B29: =IF('Formulario PPGR1'!$F29="","",CONCATENATE('Formulario PPGR1'!$C29,".",'Formulario PPGR1'!$D29,".",'Formulario PPGR1'!$E29,".",#REF!)) | C29: =IF('Formulario PPGR1'!$F29="","",#REF!) | D29: =IF('Formulario PPGR1'!$F29="","",#REF!) | E29: =IF('Formulario PPGR1'!$F29="","",#REF!) | L29: Porcentaje de adultos y niños que han iniciado tratamiento Antiretroviral (TARV) con una carga viral suprimida a 12 meses (<1000 copias/ml) | M29: Porcentaje | O29: >95% | Q29: Gestión Clínica
B30: =IF('Formulario PPGR1'!$F30="","",CONCATENATE('Formulario PPGR1'!$C30,".",'Formulario PPGR1'!$D30,".",'Formulario PPGR1'!$E30,".",#REF!)) | C30: =IF('Formulario PPGR1'!$F30="","",#REF!) | D30: =IF('Formulario PPGR1'!$F30="","",#REF!) | E30: =IF('Formulario PPGR1'!$F30="","",#REF!) | G30: =IFERROR(VLOOKUP($F30,Obj!$B$57:$C$76,2,FALSE),"") | I30: =IFERROR(VLOOKUP($H30,Obj!$D$118:$E$124,2,FALSE),"") | K30: 1.1.4.3 Fortalecimiento de la provisión de los Servicios a pacientes con Enfermedades Transmitidas por Vectores | L30: % implementación del plan de detección y atención enfermedades vectoriales | M30: Porcentaje | O30: 0.9 | Q30: Gestión Clínica
B31: =IF('Formulario PPGR1'!$F31="","",CONCATENATE('Formulario PPGR1'!$C31,".",'Formulario PPGR1'!$D31,".",'Formulario PPGR1'!$E31,".",#REF!)) | C31: =IF('Formulario PPGR1'!$F31="","",#REF!) | D31: =IF('Formulario PPGR1'!$F31="","",#REF!) | E31: =IF('Formulario PPGR1'!$F31="","",#REF!) | G31: =IFERROR(VLOOKUP($F31,Obj!$B$57:$C$76,2,FALSE),"") | I31: =IFERROR(VLOOKUP($H31,Obj!$D$118:$E$124,2,FALSE),"") | K31: 1.1.4.4 Fortalecimiento de la provisión de los Servicios de Atención a las Infecciones de Transmisión Sexual (ITS) | L31: % incremento de las pruebas de detección ITS | M31: Porcentaje | O31: 0.22 | Q31: Gestión Clínica
B32: =IF('Formulario PPGR1'!$F32="","",CONCATENATE('Formulario PPGR1'!$C32,".",'Formulario PPGR1'!$D32,".",'Formulario PPGR1'!$E32,".",#REF!)) | C32: =IF('Formulario PPGR1'!$F32="","",#REF!) | D32: =IF('Formulario PPGR1'!$F32="","",#REF!) | E32: =IF('Formulario PPGR1'!$F32="","",#REF!) | G32: =IFERROR(VLOOKUP($F32,Obj!$B$57:$C$76,2,FALSE),"") | I32: =IFERROR(VLOOKUP($H32,Obj!$D$118:$E$124,2,FALSE),"") | K32: 1.1.4.5 Fortalecimiento a la atención en los servicios ante la Tb (TB, TB-DR, TB/VIH) enfocado al cumplimiento de las metas para la Detección, Diagnostico y Tratamiento (DDT) | L32: Tasa de éxito en el tratamiento de la tuberculosis (% de casos registrados) | M32: Porcentaje | O32: >90% | Q32: Gestión Clínica | V32: Desarrollo y Gestión de la Red de Servicios
B33: =IF('Formulario PPGR1'!$F33="","",CONCATENATE('Formulario PPGR1'!$C33,".",'Formulario PPGR1'!$D33,".",'Formulario PPGR1'!$E33,".",#REF!)) | C33: =IF('Formulario PPGR1'!$F33="","",#REF!) | D33: =IF('Formulario PPGR1'!$F33="","",#REF!) | E33: =IF('Formulario PPGR1'!$F33="","",#REF!) | L33: Cobertura de seropositivos que han sido diagnósticados con Tb y han comenzado el tratamiento de tuberculosis | M33: Porcentaje | O33: >90% | Q33: Gestión Clínica
B34: =IF('Formulario PPGR1'!$F34="","",CONCATENATE('Formulario PPGR1'!$C34,".",'Formulario PPGR1'!$D34,".",'Formulario PPGR1'!$E34,".",#REF!)) -> #REF! | C34: =IF('Formulario PPGR1'!$F34="","",#REF!) -> #REF! | D34: =IF('Formulario PPGR1'!$F34="","",#REF!) -> #REF! | E34: =IF('Formulario PPGR1'!$F34="","",#REF!) -> #REF! | F34: LE.1 - Calidad en la prestación de los servicios de salud | G34: =IFERROR(VLOOKUP($F34,Obj!$B$57:$C$76,2,FALSE),"") -> LE.1 | H34: Obj1.1 - Mejorar la provisión de los servicios de salud con enfoque en la promoción de la salud, prevención de la enfermedad y control de las enfermedades. | I34: =IFERROR(VLOOKUP($H34,Obj!$D$118:$E$124,2,FALSE),"") -> Obj1.1 | J34: Incrementada la capacidad de respuesta que favorezca a disminuir la morbi-mortalidad resultantes de las emergencias y desastres, mediante la detección, preparación y mitigación de los eventos que suponen riesgos y amenazas, bajo un enfoque multisectorial que contribuya a la salud y seguridad de las personas | K34: 1.1.5.1 Fortalecimiento de los Servicios de Emergencias Médicas Hospitalarias para la asistencia eficiente, humanizada y de calidad. | L34: % CEAS que aplican triaje | M34: Porcentaje | O34: 0.95 | Q34: Centros Hospitalarios
B35: =IF('Formulario PPGR1'!$F35="","",CONCATENATE('Formulario PPGR1'!$C35,".",'Formulario PPGR1'!$D35,".",'Formulario PPGR1'!$E35,".",#REF!)) -> #REF! | C35: =IF('Formulario PPGR1'!$F35="","",#REF!) -> #REF! | D35: =IF('Formulario PPGR1'!$F35="","",#REF!) -> #REF! | E35: =IF('Formulario PPGR1'!$F35="","",#REF!) -> #REF! | F35: LE.1 - Calidad en la prestación de los servicios de salud | G35: =IFERROR(VLOOKUP($F35,Obj!$B$57:$C$76,2,FALSE),"") -> LE.1 | H35: Obj1.1 - Mejorar la provisión de los servicios de salud con enfoque en la promoción de la salud, prevención de la enfermedad y control de las enfermedades. | I35: =IFERROR(VLOOKUP($H35,Obj!$D$118:$E$124,2,FALSE),"") -> Obj1.1 | J35: Incrementada la capacidad de respuesta que favorezca a disminuir la morbi-mortalidad resultantes de las emergencias y desastres, mediante la detección, preparación y mitigación de los eventos que suponen riesgos y amenazas, bajo un enfoque multisectorial que contribuya a la salud y seguridad de las personas | K35: 1.1.5.2 Redes de Servicios de Salud Resilientes a Emergencias de Salud Pública y Desastres Naturales mediante la Preparación y Respuesta de los Establecimientos. | L35: Porcentaje de establecimientos que cuenta con el Plan Hospitalario ante Emergencias de Salud Publica y Desastres Naturales. | M35: Porcentaje | N35: 0.45 | O35: >65% | Q35: Centros Hospitalarios
B36: =IF('Formulario PPGR1'!$F36="","",CONCATENATE('Formulario PPGR1'!$C36,".",'Formulario PPGR1'!$D36,".",'Formulario PPGR1'!$E36,".",#REF!)) -> #REF! | C36: =IF('Formulario PPGR1'!$F36="","",#REF!) -> #REF! | D36: =IF('Formulario PPGR1'!$F36="","",#REF!) -> #REF! | E36: =IF('Formulario PPGR1'!$F36="","",#REF!) -> #REF! | F36: LE.1 - Calidad en la prestación de los servicios de salud | G36: =IFERROR(VLOOKUP($F36,Obj!$B$57:$C$76,2,FALSE),"") -> LE.1 | H36: Obj1.2 - Asegurar la calidad de la atención y seguridad del paciente en el marco de los derechos de las personas, que se traduzca en un incremento de la confianza y satisfacción de los usuarios de los servicios de salud | I36: =IFERROR(VLOOKUP($H36,Obj!$D$118:$E$124,2,FALSE),"") -> Obj1.2 | J36: Desarrollo y mantenimiento de un modelo de evaluación de la entrega de servicios sanitarios con carácter igualitario y libre de discriminación, que promueva mediante la continua retroalimentación, la generación de mejores resultados en materia de salud lo que se traduzca en el aumento de la satisfacción de las personas con respecto a los servicios públicos de salud | K36: 1.2.1.1 Monitoreo del cumplimiento de los indicadores de calidad del programa de hemodiálisis y diálisis peritoneal | L36: % cumplimiento controles de calidad del programa de diálisis | M36: Porcentaje | O36: 0.95 | Q36: Centros Hospitalarios
B37: =IF('Formulario PPGR1'!$F37="","",CONCATENATE('Formulario PPGR1'!$C37,".",'Formulario PPGR1'!$D37,".",'Formulario PPGR1'!$E37,".",#REF!)) | C37: =IF('Formulario PPGR1'!$F37="","",#REF!) | D37: =IF('Formulario PPGR1'!$F37="","",#REF!) | E37: =IF('Formulario PPGR1'!$F37="","",#REF!) | G37: =IFERROR(VLOOKUP($F37,Obj!$B$57:$C$76,2,FALSE),"") | I37: =IFERROR(VLOOKUP($H37,Obj!$D$118:$E$124,2,FALSE),"") | K37: 1.2.1.2 Despliegue del Plan de Gestión Listas de Espera Quirúrgica en hospitales priorizados | L37: % disminución lista de espera quirúrgica | M37: Porcentaje | O37: 0.35 | Q37: Centros Hospitalarios
B38: =IF('Formulario PPGR1'!$F38="","",CONCATENATE('Formulario PPGR1'!$C38,".",'Formulario PPGR1'!$D38,".",'Formulario PPGR1'!$E38,".",#REF!)) | C38: =IF('Formulario PPGR1'!$F38="","",#REF!) | D38: =IF('Formulario PPGR1'!$F38="","",#REF!) | E38: =IF('Formulario PPGR1'!$F38="","",#REF!) | G38: =IFERROR(VLOOKUP($F38,Obj!$B$57:$C$76,2,FALSE),"") | I38: =IFERROR(VLOOKUP($H38,Obj!$D$118:$E$124,2,FALSE),"") | K38: 1.2.1.3 Despliegue de la Cartera de Servicios de Salud en la Red SNS | L38: % adecuación cartera de servicios por tipo de establecimiento | M38: Porcentaje | O38: 0.9 | Q38: Gestión Clínica
B39: =IF('Formulario PPGR1'!$F39="","",CONCATENATE('Formulario PPGR1'!$C39,".",'Formulario PPGR1'!$D39,".",'Formulario PPGR1'!$E39,".",#REF!)) | C39: =IF('Formulario PPGR1'!$F39="","",#REF!) | D39: =IF('Formulario PPGR1'!$F39="","",#REF!) | E39: =IF('Formulario PPGR1'!$F39="","",#REF!) | G39: =IFERROR(VLOOKUP($F39,Obj!$B$57:$C$76,2,FALSE),"") | I39: =IFERROR(VLOOKUP($H39,Obj!$D$118:$E$124,2,FALSE),"") | K39: 1.2.1.4 Gestión de usuarios para adhesión a una cultura institucional de servicio | L39: Promedio satisfacción de usuarios de la red | M39: Porcentaje | O39: 0.9 | Q39: Atención a los Usuarios
B40: =IF('Formulario PPGR1'!$F40="","",CONCATENATE('Formulario PPGR1'!$C40,".",'Formulario PPGR1'!$D40,".",'Formulario PPGR1'!$E40,".",#REF!)) | C40: =IF('Formulario PPGR1'!$F40="","",#REF!) | D40: =IF('Formulario PPGR1'!$F40="","",#REF!) | E40: =IF('Formulario PPGR1'!$F40="","",#REF!) | G40: =IFERROR(VLOOKUP($F40,Obj!$B$57:$C$76,2,FALSE),"") | I40: =IFERROR(VLOOKUP($H40,Obj!$D$118:$E$124,2,FALSE),"") | K40: 1.2.1.5 Monitoreo de la calidad de los servicios de salud ofertados | L40: Promedio de cumplimiento de los criterios establecidos en los documentos normativos durante la atención en la consulta prenatal | M40: Porcentaje | O40: 0.95 | Q40: Calidad de los Servicios de Salud
B41: =IF('Formulario PPGR1'!$F41="","",CONCATENATE('Formulario PPGR1'!$C41,".",'Formulario PPGR1'!$D41,".",'Formulario PPGR1'!$E41,".",#REF!)) | C41: =IF('Formulario PPGR1'!$F41="","",#REF!) | D41: =IF('Formulario PPGR1'!$F41="","",#REF!) | E41: =IF('Formulario PPGR1'!$F41="","",#REF!) | L41: Promedio de cumplimiento de los criterios establecidos en los documentos normativos durante la atención al recién nacido | M41: Porcentaje | O41: 0.95 | Q41: Calidad de los Servicios de Salud
B42: =IF('Formulario PPGR1'!$F42="","",CONCATENATE('Formulario PPGR1'!$C42,".",'Formulario PPGR1'!$D42,".",'Formulario PPGR1'!$E42,".",#REF!)) | C42: =IF('Formulario PPGR1'!$F42="","",#REF!) | D42: =IF('Formulario PPGR1'!$F42="","",#REF!) | E42: =IF('Formulario PPGR1'!$F42="","",#REF!) | L42: Promedio de cumplimiento de los criterios establecidos en los documentos normativos durante la atención en preparto | M42: Porcentaje | O42: 0.95 | Q42: Calidad de los Servicios de Salud
B43: =IF('Formulario PPGR1'!$F43="","",CONCATENATE('Formulario PPGR1'!$C43,".",'Formulario PPGR1'!$D43,".",'Formulario PPGR1'!$E43,".",#REF!)) | C43: =IF('Formulario PPGR1'!$F43="","",#REF!) | D43: =IF('Formulario PPGR1'!$F43="","",#REF!) | E43: =IF('Formulario PPGR1'!$F43="","",#REF!) | L43: Promedio de cumplimiento de los criterios establecidos en los documentos normativos durante la atención en el parto | M43: Porcentaje | O43: 0.95 | Q43: Calidad de los Servicios de Salud
B44: =IF('Formulario PPGR1'!$F44="","",CONCATENATE('Formulario PPGR1'!$C44,".",'Formulario PPGR1'!$D44,".",'Formulario PPGR1'!$E44,".",#REF!)) -> #REF! | C44: =IF('Formulario PPGR1'!$F44="","",#REF!) -> #REF! | D44: =IF('Formulario PPGR1'!$F44="","",#REF!) -> #REF! | E44: =IF('Formulario PPGR1'!$F44="","",#REF!) -> #REF! | F44: LE.1 - Calidad en la prestación de los servicios de salud | G44: =IFERROR(VLOOKUP($F44,Obj!$B$57:$C$76,2,FALSE),"") -> LE.1 | H44: Obj1.2 - Asegurar la calidad de la atención y seguridad del paciente en el marco de los derechos de las personas, que se traduzca en un incremento de la confianza y satisfacción de los usuarios de los servicios de salud | I44: =IFERROR(VLOOKUP($H44,Obj!$D$118:$E$124,2,FALSE),"") -> Obj1.2 | J44: Fortalecida la calidad de la atención en salud como resultado del seguimiento a los aspectos técnicos y no técnicos de la atención, que disminuya el riesgo de la seguridad del paciente y de los resultados esperados de salud | K44: 1.2.2.1 Aplicación de los 7 estándares de calidad de los cuidados de enfermería | L44: % personal ENF de los EES que cumplen con los estándares de enfermería | M44: Porcentaje | O44: 0.9 | Q44: Enfermería
B45: =IF('Formulario PPGR1'!$F45="","",CONCATENATE('Formulario PPGR1'!$C45,".",'Formulario PPGR1'!$D45,".",'Formulario PPGR1'!$E45,".",#REF!)) | C45: =IF('Formulario PPGR1'!$F45="","",#REF!) | D45: =IF('Formulario PPGR1'!$F45="","",#REF!) | E45: =IF('Formulario PPGR1'!$F45="","",#REF!) | G45: =IFERROR(VLOOKUP($F45,Obj!$B$57:$C$76,2,FALSE),"") | I45: =IFERROR(VLOOKUP($H45,Obj!$D$118:$E$124,2,FALSE),"") | K45: 1.2.2.2 Fortalecimiento de la calidad de atención de las unidades de nutrición clínica y dieto terapia | L45: %cumplimiento del plan de mejora de las evaluaciones de la calidad de los servicios de nutrición | M45: Porcentaje | O45: 0.95 | Q45: Centros Hospitalarios
B46: =IF('Formulario PPGR1'!$F46="","",CONCATENATE('Formulario PPGR1'!$C46,".",'Formulario PPGR1'!$D46,".",'Formulario PPGR1'!$E46,".",#REF!)) | C46: =IF('Formulario PPGR1'!$F46="","",#REF!) | D46: =IF('Formulario PPGR1'!$F46="","",#REF!) | E46: =IF('Formulario PPGR1'!$F46="","",#REF!) | G46: =IFERROR(VLOOKUP($F46,Obj!$B$57:$C$76,2,FALSE),"") | I46: =IFERROR(VLOOKUP($H46,Obj!$D$118:$E$124,2,FALSE),"") | K46: 1.2.2.3 Implementación del Programa de Bioseguridad Y Vigilancia Epidemiológica en los EES | L46: % de oportunidad de reporte de vigilancia epidemiológica | M46: Porcentaje | O46: 0.95 | Q46: Calidad de los Servicios de Salud
B47: =IF('Formulario PPGR1'!$F47="","",CONCATENATE('Formulario PPGR1'!$C47,".",'Formulario PPGR1'!$D47,".",'Formulario PPGR1'!$E47,".",#REF!)) | C47: =IF('Formulario PPGR1'!$F47="","",#REF!) | D47: =IF('Formulario PPGR1'!$F47="","",#REF!) | E47: =IF('Formulario PPGR1'!$F47="","",#REF!) | G47: =IFERROR(VLOOKUP($F47,Obj!$B$57:$C$76,2,FALSE),"") | I47: =IFERROR(VLOOKUP($H47,Obj!$D$118:$E$124,2,FALSE),"") | K47: 1.2.2.4 Mejora de los servicios de hostelería hospitalaria | L47: % implementación del plan de mejora de la hostelería hospitalaria | M47: Porcentaje | O47: 0.95 | Q47: Centros Hospitalarios
B48: =IF('Formulario PPGR1'!$F48="","",CONCATENATE('Formulario PPGR1'!$C48,".",'Formulario PPGR1'!$D48,".",'Formulario PPGR1'!$E48,".",#REF!)) | C48: =IF('Formulario PPGR1'!$F48="","",#REF!) | D48: =IF('Formulario PPGR1'!$F48="","",#REF!) | E48: =IF('Formulario PPGR1'!$F48="","",#REF!) | G48: =IFERROR(VLOOKUP($F48,Obj!$B$57:$C$76,2,FALSE),"") | I48: =IFERROR(VLOOKUP($H48,Obj!$D$118:$E$124,2,FALSE),"") | K48: 1.2.2.5 Programa de Gestión de Citas | L48: % efectividad de la cita programada | M48: Porcentaje | O48: 0.85 | Q48: Atención a los Usuarios
B49: =IF('Formulario PPGR1'!$F49="","",CONCATENATE('Formulario PPGR1'!$C49,".",'Formulario PPGR1'!$D49,".",'Formulario PPGR1'!$E49,".",#REF!)) -> #REF! | C49: =IF('Formulario PPGR1'!$F49="","",#REF!) -> #REF! | D49: =IF('Formulario PPGR1'!$F49="","",#REF!) -> #REF! | E49: =IF('Formulario PPGR1'!$F49="","",#REF!) -> #REF! | F49: LE.2 - Desarrollo de las redes integradas de servicios de salud fundamentada en el Modelo de Atención | G49: =IFERROR(VLOOKUP($F49,Obj!$B$57:$C$76,2,FALSE),"") -> LE.2 | H49: Obj2.1 - Fortalecer el Primer Nivel de Atención incrementando su capacidad de resolución para satisfacer las necesidades de salud de la población | I49: =IFERROR(VLOOKUP($H49,Obj!$D$118:$E$124,2,FALSE),"") -> Obj2.1 | J49: Primer Nivel de Atención fortalecido y con alta resolución para garantizar la prestación de servicios integrales de promoción de la salud, prevención de la enfermedad, diagnóstico, tratamiento, rehabilitación y cuidados paliativos; condicionada a la necesidades de salud y características de la población | K49: 2.1.1.1 Mejorada la atención en los servicios de salud de primer nivel de atención con énfasis en población priorizada | L49: %incremento atenciones PNA | M49: Porcentaje | O49: 0.6 | Q49: Primer Nivel
B50: =IF('Formulario PPGR1'!$F50="","",CONCATENATE('Formulario PPGR1'!$C50,".",'Formulario PPGR1'!$D50,".",'Formulario PPGR1'!$E50,".",#REF!)) | C50: =IF('Formulario PPGR1'!$F50="","",#REF!) | D50: =IF('Formulario PPGR1'!$F50="","",#REF!) | E50: =IF('Formulario PPGR1'!$F50="","",#REF!) | G50: =IFERROR(VLOOKUP($F50,Obj!$B$57:$C$76,2,FALSE),"") | I50: =IFERROR(VLOOKUP($H50,Obj!$D$118:$E$124,2,FALSE),"") | K50: 2.1.1.2 Ampliación de la cobertura y acceso a una atención de salud mental, integral y de calidad en la Red SNS | L50: Proporción de servicios destinados a la salud mental | M50: Porcentaje | O50: >7% | Q50: Salud Mental
B51: =IF('Formulario PPGR1'!$F51="","",CONCATENATE('Formulario PPGR1'!$C51,".",'Formulario PPGR1'!$D51,".",'Formulario PPGR1'!$E51,".",#REF!)) | C51: =IF('Formulario PPGR1'!$F51="","",#REF!) | D51: =IF('Formulario PPGR1'!$F51="","",#REF!) | E51: =IF('Formulario PPGR1'!$F51="","",#REF!) | G51: =IFERROR(VLOOKUP($F51,Obj!$B$57:$C$76,2,FALSE),"") | I51: =IFERROR(VLOOKUP($H51,Obj!$D$118:$E$124,2,FALSE),"") | K51: 2.1.1.3 Despliegue del Programa Salud Escolar | L51: % ejecución del programa salud escolar | M51: Porcentaje | O51: 0.85 | Q51: Primer Nivel
B52: =IF('Formulario PPGR1'!$F52="","",CONCATENATE('Formulario PPGR1'!$C52,".",'Formulario PPGR1'!$D52,".",'Formulario PPGR1'!$E52,".",#REF!)) | C52: =IF('Formulario PPGR1'!$F52="","",#REF!) | D52: =IF('Formulario PPGR1'!$F52="","",#REF!) | E52: =IF('Formulario PPGR1'!$F52="","",#REF!) | G52: =IFERROR(VLOOKUP($F52,Obj!$B$57:$C$76,2,FALSE),"") | I52: =IFERROR(VLOOKUP($H52,Obj!$D$118:$E$124,2,FALSE),"") | K52: 2.1.1.4 Mejorada en la calidad de los servicios de salud en el primer nivel a través de infraestructura tecnológica y la readecuación de física y equipamiento | L52: % de CPN con levantamiento concluido | M52: Porcentaje | O52: 1 | Q52: Primer Nivel
B53: =IF('Formulario PPGR1'!$F53="","",CONCATENATE('Formulario PPGR1'!$C53,".",'Formulario PPGR1'!$D53,".",'Formulario PPGR1'!$E53,".",#REF!)) -> #REF! | C53: =IF('Formulario PPGR1'!$F53="","",#REF!) -> #REF! | D53: =IF('Formulario PPGR1'!$F53="","",#REF!) -> #REF! | E53: =IF('Formulario PPGR1'!$F53="","",#REF!) -> #REF! | F53: LE.2 - Desarrollo de las redes integradas de servicios de salud fundamentada en el Modelo de Atención | G53: =IFERROR(VLOOKUP($F53,Obj!$B$57:$C$76,2,FALSE),"") -> LE.2 | H53: Obj2.1 - Fortalecer el Primer Nivel de Atención incrementando su capacidad de resolución para satisfacer las necesidades de salud de la población | I53: =IFERROR(VLOOKUP($H53,Obj!$D$118:$E$124,2,FALSE),"") -> Obj2.1 | J53: Garantizado el cierre de brecha según cartera de servicios y Modelo de Atención en términos de recursos, a través del adecuado financiamiento del PN con las metas de la Red Pública | K53: 2.1.2.1 Implementación del plan de desarrollo e inversión de la Red | L53: %implementación del plan de inversión de al Red | M53: Porcentaje | O53: 0.75 | Q53: Primer Nivel
B54: =IF('Formulario PPGR1'!$F54="","",CONCATENATE('Formulario PPGR1'!$C54,".",'Formulario PPGR1'!$D54,".",'Formulario PPGR1'!$E54,".",#REF!)) -> #REF! | C54: =IF('Formulario PPGR1'!$F54="","",#REF!) -> #REF! | D54: =IF('Formulario PPGR1'!$F54="","",#REF!) -> #REF! | E54: =IF('Formulario PPGR1'!$F54="","",#REF!) -> #REF! | F54: LE.2 - Desarrollo de las redes integradas de servicios de salud fundamentada en el Modelo de Atención | G54: =IFERROR(VLOOKUP($F54,Obj!$B$57:$C$76,2,FALSE),"") -> LE.2 | H54: Obj2.2 - Avanzar en la integración de las redes de servicios, asegurando la integralidad de la atención de acuerdo a las necesidades territoriales de la población | I54: =IFERROR(VLOOKUP($H54,Obj!$D$118:$E$124,2,FALSE),"") -> Obj2.2 | J54: Garantizada la atención integral con calidad y oportunidad, mediante la coordinación clínica y asistencial de los servicios de salud | K54: 2.2.1.1 Articulación integral de la Red SNS | L54: % referencias válidas | M54: Porcentaje | O54: 0.8 | Q54: Gestión Clínica
B55: =IF('Formulario PPGR1'!$F55="","",CONCATENATE('Formulario PPGR1'!$C55,".",'Formulario PPGR1'!$D55,".",'Formulario PPGR1'!$E55,".",#REF!)) | C55: =IF('Formulario PPGR1'!$F55="","",#REF!) | D55: =IF('Formulario PPGR1'!$F55="","",#REF!) | E55: =IF('Formulario PPGR1'!$F55="","",#REF!) | L55: % contrareferencias efectivas | M55: Porcentaje | O55: 0.55 | Q55: Gestión Clínica
B56: =IF('Formulario PPGR1'!$F56="","",CONCATENATE('Formulario PPGR1'!$C56,".",'Formulario PPGR1'!$D56,".",'Formulario PPGR1'!$E56,".",#REF!)) -> #REF! | C56: =IF('Formulario PPGR1'!$F56="","",#REF!) -> #REF! | D56: =IF('Formulario PPGR1'!$F56="","",#REF!) -> #REF! | E56: =IF('Formulario PPGR1'!$F56="","",#REF!) -> #REF! | F56: LE.2 - Desarrollo de las redes integradas de servicios de salud fundamentada en el Modelo de Atención | G56: =IFERROR(VLOOKUP($F56,Obj!$B$57:$C$76,2,FALSE),"") -> LE.2 | H56: Obj2.2 - Avanzar en la integración de las redes de servicios, asegurando la integralidad de la atención de acuerdo a las necesidades territoriales de la población | I56: =IFERROR(VLOOKUP($H56,Obj!$D$118:$E$124,2,FALSE),"") -> Obj2.2 | J56: Gestión integrada y articulada de las redes públicas de servicios de salud, con actores involucrados en la organización, gestión y atención de servicios de salud con enfoque y participación intra e intersectorial y participación social fortalecida, que promueva un ambiente favorable para la cobertura y acceso a los servicios de salud | K56: 2.2.2.1 Conformación de los Comités de Salud (Primer Nivel) y Hospitalarios (priorizados según Reglamento Hospitalario 434-07) | L56: % comités primer niel conformados | M56: Porcentaje | O56: 0.95 | Q56: Primer Nivel
B57: =IF('Formulario PPGR1'!$F57="","",CONCATENATE('Formulario PPGR1'!$C57,".",'Formulario PPGR1'!$D57,".",'Formulario PPGR1'!$E57,".",#REF!)) | C57: =IF('Formulario PPGR1'!$F57="","",#REF!) | D57: =IF('Formulario PPGR1'!$F57="","",#REF!) | E57: =IF('Formulario PPGR1'!$F57="","",#REF!) | L57: % CEAS que cuentan con los comités prioritarios según reglamento 434-07 | M57: Porcentaje | O57: 0.9 | Q57: Centros Hospitalarios
B58: =IF('Formulario PPGR1'!$F58="","",CONCATENATE('Formulario PPGR1'!$C58,".",'Formulario PPGR1'!$D58,".",'Formulario PPGR1'!$E58,".",#REF!)) | C58: =IF('Formulario PPGR1'!$F58="","",#REF!) | D58: =IF('Formulario PPGR1'!$F58="","",#REF!) | E58: =IF('Formulario PPGR1'!$F58="","",#REF!) | G58: =IFERROR(VLOOKUP($F58,Obj!$B$57:$C$76,2,FALSE),"") | I58: =IFERROR(VLOOKUP($H58,Obj!$D$118:$E$124,2,FALSE),"") | K58: 2.2.2.2 Desarrollo de la Intersectorialidad para el desarrollo de acciones en los territorios | L58: % efectividad procesos de intersectorialidad en curso | M58: Porcentaje | O58: 0.75 | Q58: Primer Nivel
B59: =IF('Formulario PPGR1'!$F59="","",CONCATENATE('Formulario PPGR1'!$C59,".",'Formulario PPGR1'!$D59,".",'Formulario PPGR1'!$E59,".",#REF!)) -> #REF! | C59: =IF('Formulario PPGR1'!$F59="","",#REF!) -> #REF! | D59: =IF('Formulario PPGR1'!$F59="","",#REF!) -> #REF! | E59: =IF('Formulario PPGR1'!$F59="","",#REF!) -> #REF! | F59: LE.2 - Desarrollo de las redes integradas de servicios de salud fundamentada en el Modelo de Atención | G59: =IFERROR(VLOOKUP($F59,Obj!$B$57:$C$76,2,FALSE),"") -> LE.2 | H59: Obj2.2 - Avanzar en la integración de las redes de servicios, asegurando la integralidad de la atención de acuerdo a las necesidades territoriales de la población | I59: =IFERROR(VLOOKUP($H59,Obj!$D$118:$E$124,2,FALSE),"") -> Obj2.2 | J59: Aumentada la eficacia, eficiencia y equidad de la prestación de los servicios de salud a través de la reorganización y transformación de las estructuras de redes de servicios | K59: 2.2.4.1 Gestión de la habilitación de los Establecimientos de la red SNS | L59: % EESsometidos para habilitación PN y NE | M59: Porcentaje | O59: 0.85 | Q59: Calidad de los Servicios de Salud
B60: =IF('Formulario PPGR1'!$F60="","",CONCATENATE('Formulario PPGR1'!$C60,".",'Formulario PPGR1'!$D60,".",'Formulario PPGR1'!$E60,".",#REF!)) -> #REF! | C60: =IF('Formulario PPGR1'!$F60="","",#REF!) -> #REF! | D60: =IF('Formulario PPGR1'!$F60="","",#REF!) -> #REF! | E60: =IF('Formulario PPGR1'!$F60="","",#REF!) -> #REF! | F60: LE.3 - Fortalecimiento de la gestión y desarrollo de los recursos humanos | G60: =IFERROR(VLOOKUP($F60,Obj!$B$57:$C$76,2,FALSE),"") -> LE.3 | H60: Obj3.1 - Fortalecer las capacidades de planificación estratégica de la fuerza laboral, incluyendo el análisis de la movilidad profesional con el fin de proyectar y responder a las necesidades del personal de salud a mediano y largo plazo | I60: =IFERROR(VLOOKUP($H60,Obj!$D$118:$E$124,2,FALSE),"") -> Obj3.1 | J60: Reducida las disparidades en la disponibilidad de personal médico especializado y personal licenciado en enfermería que existen los diferentes niveles | K60: 3.1.1.1 Fortalecimiento del Subsistema de Reclutamiento y Selección | L60: % implementación del subsistema de reclutamiento y selección | M60: Porcentaje | O60: 0.9 | Q60: Recursos Humanos
B61: =IF('Formulario PPGR1'!$F61="","",CONCATENATE('Formulario PPGR1'!$C61,".",'Formulario PPGR1'!$D61,".",'Formulario PPGR1'!$E61,".",#REF!)) -> #REF! | C61: =IF('Formulario PPGR1'!$F61="","",#REF!) -> #REF! | D61: =IF('Formulario PPGR1'!$F61="","",#REF!) -> #REF! | E61: =IF('Formulario PPGR1'!$F61="","",#REF!) -> #REF! | F61: LE.3 - Fortalecimiento de la gestión y desarrollo de los recursos humanos | G61: =IFERROR(VLOOKUP($F61,Obj!$B$57:$C$76,2,FALSE),"") -> LE.3 | H61: Obj3.2 - Desarrollar condiciones y capacidades en los colaboradores del SNS para mejorar el desempeño institucional, ampliar el acceso y cobertura a los servicios integrales de salud | I61: =IFERROR(VLOOKUP($H61,Obj!$D$118:$E$124,2,FALSE),"") -> Obj3.2 | J61: Incrementada las competencias y resolutividad de los colaboradores, de acuerdo a la complejidad de sus funciones, las necesidades de salud de la población y los compromisos del sector | K61: 3.2.1.1 Programa de capacitación del SRS | L61: % Implementación del plan de capacitación | M61: Porcentaje | O61: 1 | Q61: Recursos Humanos
B62: =IF('Formulario PPGR1'!$F62="","",CONCATENATE('Formulario PPGR1'!$C62,".",'Formulario PPGR1'!$D62,".",'Formulario PPGR1'!$E62,".",#REF!)) | C62: =IF('Formulario PPGR1'!$F62="","",#REF!) | D62: =IF('Formulario PPGR1'!$F62="","",#REF!) | E62: =IF('Formulario PPGR1'!$F62="","",#REF!) | G62: =IFERROR(VLOOKUP($F62,Obj!$B$57:$C$76,2,FALSE),"") | I62: =IFERROR(VLOOKUP($H62,Obj!$D$118:$E$124,2,FALSE),"") | K62: 3.2.1.2 Componente de Evaluación del Desempeño | L62: % cobertura de la evaluación desempeño | M62: Porcentaje | O62: 0.9 | Q62: Recursos Humanos | V62: Automatización Tecnológica
B63: =IF('Formulario PPGR1'!$F63="","",CONCATENATE('Formulario PPGR1'!$C63,".",'Formulario PPGR1'!$D63,".",'Formulario PPGR1'!$E63,".",#REF!)) | C63: =IF('Formulario PPGR1'!$F63="","",#REF!) | D63: =IF('Formulario PPGR1'!$F63="","",#REF!) | E63: =IF('Formulario PPGR1'!$F63="","",#REF!) | G63: =IFERROR(VLOOKUP($F63,Obj!$B$57:$C$76,2,FALSE),"") | I63: =IFERROR(VLOOKUP($H63,Obj!$D$118:$E$124,2,FALSE),"") | K63: 3.2.1.3 Ejecución del Plan de Seguridad y Salud ocupacional | L63: % implementación del plan de seguridad y salud ocupacional | M63: Porcentaje | O63: 0.85 | Q63: Recursos Humanos | V63: Cultura de Servicios y Gestión de Usuarios
B64: =IF('Formulario PPGR1'!$F64="","",CONCATENATE('Formulario PPGR1'!$C64,".",'Formulario PPGR1'!$D64,".",'Formulario PPGR1'!$E64,".",#REF!)) | C64: =IF('Formulario PPGR1'!$F64="","",#REF!) | D64: =IF('Formulario PPGR1'!$F64="","",#REF!) | E64: =IF('Formulario PPGR1'!$F64="","",#REF!) | G64: =IFERROR(VLOOKUP($F64,Obj!$B$57:$C$76,2,FALSE),"") | I64: =IFERROR(VLOOKUP($H64,Obj!$D$118:$E$124,2,FALSE),"") | K64: 3.2.1.4 Evaluación de la Metodología de Gestión Productiva | L64: Promedio evaluación de la metodología de la getsión productiva | M64: Porcentaje | O64: 0.65 | Q64: Centros Hospitalarios
B65: =IF('Formulario PPGR1'!$F65="","",CONCATENATE('Formulario PPGR1'!$C65,".",'Formulario PPGR1'!$D65,".",'Formulario PPGR1'!$E65,".",#REF!)) -> #REF! | C65: =IF('Formulario PPGR1'!$F65="","",#REF!) -> #REF! | D65: =IF('Formulario PPGR1'!$F65="","",#REF!) -> #REF! | E65: =IF('Formulario PPGR1'!$F65="","",#REF!) -> #REF! | F65: LE.4 - Fortalecimiento Institucional | G65: =IFERROR(VLOOKUP($F65,Obj!$B$57:$C$76,2,FALSE),"") -> LE.4 | H65: Obj4.1 - Asegurar la calidad y efectividad de la gestión institucional del SNS a través de la implementación de un conjunto de intervenciones de gestión del cambio | I65: =IFERROR(VLOOKUP($H65,Obj!$D$118:$E$124,2,FALSE),"") -> Obj4.1 | J65: Fortalecida la capacidad institucional mediante la optimización de los procesos, empoderamiento del talento humano, articulación interna, tecnologías de la información y la comunicación, la infraestructura física con el fin de mejorar la oferta institucional a la población en términos de calidad y eficiencia | K65: 4.1.1.1 Despliegue del Sistema de gestión documental Red SNS | L65: % implementación del sistema gestión documental | M65: Porcentaje | O65: 0.45 | Q65: Administrativo
B66: =IF('Formulario PPGR1'!$F66="","",CONCATENATE('Formulario PPGR1'!$C66,".",'Formulario PPGR1'!$D66,".",'Formulario PPGR1'!$E66,".",#REF!)) | C66: =IF('Formulario PPGR1'!$F66="","",#REF!) | D66: =IF('Formulario PPGR1'!$F66="","",#REF!) | E66: =IF('Formulario PPGR1'!$F66="","",#REF!) | G66: =IFERROR(VLOOKUP($F66,Obj!$B$57:$C$76,2,FALSE),"") | I66: =IFERROR(VLOOKUP($H66,Obj!$D$118:$E$124,2,FALSE),"") | K66: 4.1.1.2 Implementación del Sistema de Administración de Bienes | L66: % registro de activos fijos en el SIAB | M66: Porcentaje | O66: 0.55 | Q66: Administrativo
B67: =IF('Formulario PPGR1'!$F67="","",CONCATENATE('Formulario PPGR1'!$C67,".",'Formulario PPGR1'!$D67,".",'Formulario PPGR1'!$E67,".",#REF!)) | C67: =IF('Formulario PPGR1'!$F67="","",#REF!) | D67: =IF('Formulario PPGR1'!$F67="","",#REF!) | E67: =IF('Formulario PPGR1'!$F67="","",#REF!) | G67: =IFERROR(VLOOKUP($F67,Obj!$B$57:$C$76,2,FALSE),"") | I67: =IFERROR(VLOOKUP($H67,Obj!$D$118:$E$124,2,FALSE),"") | K67: 4.1.1.3 Mejora de la infraestructura tecnológica de la Red SNS | L67: % cumplimiento ITICGE | M67: Porcentaje | O67: 0.65 | Q67: Tecnología
B68: =IF('Formulario PPGR1'!$F68="","",CONCATENATE('Formulario PPGR1'!$C68,".",'Formulario PPGR1'!$D68,".",'Formulario PPGR1'!$E68,".",#REF!)) | C68: =IF('Formulario PPGR1'!$F68="","",#REF!) | D68: =IF('Formulario PPGR1'!$F68="","",#REF!) | E68: =IF('Formulario PPGR1'!$F68="","",#REF!) | G68: =IFERROR(VLOOKUP($F68,Obj!$B$57:$C$76,2,FALSE),"") | I68: =IFERROR(VLOOKUP($H68,Obj!$D$118:$E$124,2,FALSE),"") | K68: 4.1.1.4 Implementación del plan mantenimiento preventivo de equipos, vehículos e infraestructura | L68: % ejecución del plan de mantenimiento de la Red SNS | M68: Porcentaje | O68: 0.7 | Q68: Infraestructura
B69: =IF('Formulario PPGR1'!$F69="","",CONCATENATE('Formulario PPGR1'!$C69,".",'Formulario PPGR1'!$D69,".",'Formulario PPGR1'!$E69,".",#REF!)) | C69: =IF('Formulario PPGR1'!$F69="","",#REF!) | D69: =IF('Formulario PPGR1'!$F69="","",#REF!) | E69: =IF('Formulario PPGR1'!$F69="","",#REF!) | L69: % de ejecución del plan de mantenimiento de la flotilla vehicular | M69: Porcentaje | O69: 0.9 | Q69: Administrativo
B70: =IF('Formulario PPGR1'!$F70="","",CONCATENATE('Formulario PPGR1'!$C70,".",'Formulario PPGR1'!$D70,".",'Formulario PPGR1'!$E70,".",#REF!)) | C70: =IF('Formulario PPGR1'!$F70="","",#REF!) | D70: =IF('Formulario PPGR1'!$F70="","",#REF!) | E70: =IF('Formulario PPGR1'!$F70="","",#REF!) | G70: =IFERROR(VLOOKUP($F70,Obj!$B$57:$C$76,2,FALSE),"") | I70: =IFERROR(VLOOKUP($H70,Obj!$D$118:$E$124,2,FALSE),"") | K70: 4.1.1.5 Implementación del programa de readecuación de infraestructura y dotación de equipos a la Red SNS | L70: % cumplimiento del programa de intervenciones de infraestructura y dotación de equipos | M70: Porcentaje | O70: 0.6 | Q70: Infraestructura
B71: =IF('Formulario PPGR1'!$F71="","",CONCATENATE('Formulario PPGR1'!$C71,".",'Formulario PPGR1'!$D71,".",'Formulario PPGR1'!$E71,".",#REF!)) | C71: =IF('Formulario PPGR1'!$F71="","",#REF!) | D71: =IF('Formulario PPGR1'!$F71="","",#REF!) | E71: =IF('Formulario PPGR1'!$F71="","",#REF!) | G71: =IFERROR(VLOOKUP($F71,Obj!$B$57:$C$76,2,FALSE),"") | I71: =IFERROR(VLOOKUP($H71,Obj!$D$118:$E$124,2,FALSE),"") | K71: 4.1.1.6 Actualización y despliegue nueva estructura organizativa de la Red SNS por nivel de complejidad | L71: % EES con estructura definidas | M71: Porcentaje | O71: 0.85 | Q71: Planificacion y Desarrollo
B72: =IF('Formulario PPGR1'!$F72="","",CONCATENATE('Formulario PPGR1'!$C72,".",'Formulario PPGR1'!$D72,".",'Formulario PPGR1'!$E72,".",#REF!)) | C72: =IF('Formulario PPGR1'!$F72="","",#REF!) | D72: =IF('Formulario PPGR1'!$F72="","",#REF!) | E72: =IF('Formulario PPGR1'!$F72="","",#REF!) | G72: =IFERROR(VLOOKUP($F72,Obj!$B$57:$C$76,2,FALSE),"") | I72: =IFERROR(VLOOKUP($H72,Obj!$D$118:$E$124,2,FALSE),"") | K72: 4.1.1.7 Fortalecimiento del modelo de gestión y monitoreo de la calidad institucional | L72: % EES que cuenta con CCC | M72: Porcentaje | O72: 0.7 | Q72: Calidad en la Gestion
B73: =IF('Formulario PPGR1'!$F73="","",CONCATENATE('Formulario PPGR1'!$C73,".",'Formulario PPGR1'!$D73,".",'Formulario PPGR1'!$E73,".",#REF!)) | C73: =IF('Formulario PPGR1'!$F73="","",#REF!) | D73: =IF('Formulario PPGR1'!$F73="","",#REF!) | E73: =IF('Formulario PPGR1'!$F73="","",#REF!) | G73: =IFERROR(VLOOKUP($F73,Obj!$B$57:$C$76,2,FALSE),"") | I73: =IFERROR(VLOOKUP($H73,Obj!$D$118:$E$124,2,FALSE),"") | K73: 4.1.1.8 Implementación de los programas Desempeño SNS y SISMAP Salud | L73: Promedio resultados SISMAP Salud | M73: Porcentaje | O73: 0.8 | Q73: Calidad en la Gestion
B74: =IF('Formulario PPGR1'!$F74="","",CONCATENATE('Formulario PPGR1'!$C74,".",'Formulario PPGR1'!$D74,".",'Formulario PPGR1'!$E74,".",#REF!)) | C74: =IF('Formulario PPGR1'!$F74="","",#REF!) | D74: =IF('Formulario PPGR1'!$F74="","",#REF!) | E74: =IF('Formulario PPGR1'!$F74="","",#REF!) | L74: Promedio resultados Programa Desempeño SNS | M74: Porcentaje | O74: 0.8 | Q74: Planificacion y Desarrollo
B75: =IF('Formulario PPGR1'!$F75="","",CONCATENATE('Formulario PPGR1'!$C75,".",'Formulario PPGR1'!$D75,".",'Formulario PPGR1'!$E75,".",#REF!)) | C75: =IF('Formulario PPGR1'!$F75="","",#REF!) | D75: =IF('Formulario PPGR1'!$F75="","",#REF!) | E75: =IF('Formulario PPGR1'!$F75="","",#REF!) | G75: =IFERROR(VLOOKUP($F75,Obj!$B$57:$C$76,2,FALSE),"") | I75: =IFERROR(VLOOKUP($H75,Obj!$D$118:$E$124,2,FALSE),"") | K75: 4.1.1.9 Ejecución y seguimiento de los Planes de Riesgos Institucionales | L75: % ejecución de los planes de riegsos | M75: Porcentaje | O75: 0.9 | Q75: Calidad en la Gestion
B76: =IF('Formulario PPGR1'!$F76="","",CONCATENATE('Formulario PPGR1'!$C76,".",'Formulario PPGR1'!$D76,".",'Formulario PPGR1'!$E76,".",#REF!)) | C76: =IF('Formulario PPGR1'!$F76="","",#REF!) | D76: =IF('Formulario PPGR1'!$F76="","",#REF!) | E76: =IF('Formulario PPGR1'!$F76="","",#REF!) | G76: =IFERROR(VLOOKUP($F76,Obj!$B$57:$C$76,2,FALSE),"") | I76: =IFERROR(VLOOKUP($H76,Obj!$D$118:$E$124,2,FALSE),"") | K76: 4.1.1.10 Fortalecimiento del Sistema Institucional de Planificación, Monitoreo y Evaluación PPP | L76: Promedio de resultados POA SRS | M76: Porcentaje | O76: 0.85 | Q76: Planificacion y Desarrollo
B77: =IF('Formulario PPGR1'!$F77="","",CONCATENATE('Formulario PPGR1'!$C77,".",'Formulario PPGR1'!$D77,".",'Formulario PPGR1'!$E77,".",#REF!)) | C77: =IF('Formulario PPGR1'!$F77="","",#REF!) | D77: =IF('Formulario PPGR1'!$F77="","",#REF!) | E77: =IF('Formulario PPGR1'!$F77="","",#REF!) | G77: =IFERROR(VLOOKUP($F77,Obj!$B$57:$C$76,2,FALSE),"") | I77: =IFERROR(VLOOKUP($H77,Obj!$D$118:$E$124,2,FALSE),"") | K77: 4.1.1.11 Implementación Normas Básicas de Control Interno en la Red SNS | L77: % completitud del autodiagnóstico NOBACI | M77: Porcentaje | O77: 0.9 | Q77: Calidad en la Gestion
B78: =IF('Formulario PPGR1'!$F78="","",CONCATENATE('Formulario PPGR1'!$C78,".",'Formulario PPGR1'!$D78,".",'Formulario PPGR1'!$E78,".",#REF!)) | C78: =IF('Formulario PPGR1'!$F78="","",#REF!) | D78: =IF('Formulario PPGR1'!$F78="","",#REF!) | E78: =IF('Formulario PPGR1'!$F78="","",#REF!) | G78: =IFERROR(VLOOKUP($F78,Obj!$B$57:$C$76,2,FALSE),"") | I78: =IFERROR(VLOOKUP($H78,Obj!$D$118:$E$124,2,FALSE),"") | K78: 4.1.1.12 Fortalecimiento de la gestión de los sistemas de información de la Red SNS | L78: % cobertura y oportunidad de registros | M78: Porcentaje | O78: 1 | Q78: Gestión de la Información
B79: =IF('Formulario PPGR1'!$F79="","",CONCATENATE('Formulario PPGR1'!$C79,".",'Formulario PPGR1'!$D79,".",'Formulario PPGR1'!$E79,".",#REF!)) | C79: =IF('Formulario PPGR1'!$F79="","",#REF!) | D79: =IF('Formulario PPGR1'!$F79="","",#REF!) | E79: =IF('Formulario PPGR1'!$F79="","",#REF!) | G79: =IFERROR(VLOOKUP($F79,Obj!$B$57:$C$76,2,FALSE),"") | I79: =IFERROR(VLOOKUP($H79,Obj!$D$118:$E$124,2,FALSE),"") | K79: 4.1.1.13 Simplificación y estandarización de Procesos del Sistema de Gestión de Calidad Red SNS | L79: % adiestramientos completados | M79: Porcentaje | O79: 1 | Q79: Calidad en la Gestion
B80: =IF('Formulario PPGR1'!$F80="","",CONCATENATE('Formulario PPGR1'!$C80,".",'Formulario PPGR1'!$D80,".",'Formulario PPGR1'!$E80,".",#REF!)) | C80: =IF('Formulario PPGR1'!$F80="","",#REF!) | D80: =IF('Formulario PPGR1'!$F80="","",#REF!) | E80: =IF('Formulario PPGR1'!$F80="","",#REF!) | K80: 4.1.1.14 Ejecución del plan de innovación institucional para promoción de la mejora continua | L80: % ejecución del plan de innovación | M80: Porcentaje | N80: 0.8 | O80: 1 | Q80: Planificacion y Desarrollo
B81: =IF('Formulario PPGR1'!$F81="","",CONCATENATE('Formulario PPGR1'!$C81,".",'Formulario PPGR1'!$D81,".",'Formulario PPGR1'!$E81,".",#REF!)) | C81: =IF('Formulario PPGR1'!$F81="","",#REF!) | D81: =IF('Formulario PPGR1'!$F81="","",#REF!) | E81: =IF('Formulario PPGR1'!$F81="","",#REF!) | K81: 4.1.1.5 Ejecución del plan de innovación institucional para promoción de la mejora continua | M81: Porcentaje | O81: 0.85 | Q81: Juridica
B82: =IF('Formulario PPGR1'!$F82="","",CONCATENATE('Formulario PPGR1'!$C82,".",'Formulario PPGR1'!$D82,".",'Formulario PPGR1'!$E82,".",#REF!)) -> #REF! | C82: =IF('Formulario PPGR1'!$F82="","",#REF!) -> #REF! | D82: =IF('Formulario PPGR1'!$F82="","",#REF!) -> #REF! | E82: =IF('Formulario PPGR1'!$F82="","",#REF!) -> #REF! | F82: LE.4 - Fortalecimiento Institucional | G82: =IFERROR(VLOOKUP($F82,Obj!$B$57:$C$76,2,FALSE),"") -> LE.4 | H82: Obj4.1 - Asegurar la calidad y efectividad de la gestión institucional del SNS a través de la implementación de un conjunto de intervenciones de gestión del cambio | I82: =IFERROR(VLOOKUP($H82,Obj!$D$118:$E$124,2,FALSE),"") -> Obj4.1 | J82: Mejorada la sostenibilidad financiera de la Red SNS mediante el control de gastos, saneamiento de las deudas e incremento de las distintas fuentes de financiamiento con el fin de garantizar la prestación de servicios en salud con oportunidad y eficiencia | K82: 4.1.2.1 Ejecución de los procesos de compra en tiempo oportuno | L82: %cumplimiento SISCOMPRA | M82: Porcentaje | O82: 0.85 | Q82: Administrativo
B83: =IF('Formulario PPGR1'!$F83="","",CONCATENATE('Formulario PPGR1'!$C83,".",'Formulario PPGR1'!$D83,".",'Formulario PPGR1'!$E83,".",#REF!)) | C83: =IF('Formulario PPGR1'!$F83="","",#REF!) | D83: =IF('Formulario PPGR1'!$F83="","",#REF!) | E83: =IF('Formulario PPGR1'!$F83="","",#REF!) | G83: =IFERROR(VLOOKUP($F83,Obj!$B$57:$C$76,2,FALSE),"") | I83: =IFERROR(VLOOKUP($H83,Obj!$D$118:$E$124,2,FALSE),"") | K83: 4.1.2.2 Despliegue del Sistema de manejo y Control Interno en la Red SNS | L83: % Cumplimiento del sistema de control interno | M83: Porcentaje | O83: 0.9 | Q83: Fiscalización
B84: =IF('Formulario PPGR1'!$F84="","",CONCATENATE('Formulario PPGR1'!$C84,".",'Formulario PPGR1'!$D84,".",'Formulario PPGR1'!$E84,".",#REF!)) | C84: =IF('Formulario PPGR1'!$F84="","",#REF!) | D84: =IF('Formulario PPGR1'!$F84="","",#REF!) | E84: =IF('Formulario PPGR1'!$F84="","",#REF!) | G84: =IFERROR(VLOOKUP($F84,Obj!$B$57:$C$76,2,FALSE),"") | I84: =IFERROR(VLOOKUP($H84,Obj!$D$118:$E$124,2,FALSE),"") | K84: 4.1.2.3 Fortalecimiento de la Gestión Financiera de la Red | L84: % estados financieros emitidos por la ORS y CEAS | M84: Porcentaje | O84: 0.95 | Q84: Financiero
B85: =IF('Formulario PPGR1'!$F85="","",CONCATENATE('Formulario PPGR1'!$C85,".",'Formulario PPGR1'!$D85,".",'Formulario PPGR1'!$E85,".",#REF!)) | C85: =IF('Formulario PPGR1'!$F85="","",#REF!) | D85: =IF('Formulario PPGR1'!$F85="","",#REF!) | E85: =IF('Formulario PPGR1'!$F85="","",#REF!) | G85: =IFERROR(VLOOKUP($F85,Obj!$B$57:$C$76,2,FALSE),"") | I85: =IFERROR(VLOOKUP($H85,Obj!$D$118:$E$124,2,FALSE),"") | K85: 4.1.2.4 Fortalecimiento de los procesos de facturación de la Red SNS | L85: % incremento facturación de la Red SNS | M85: Porcentaje | O85: 0.25 | Q85: Centros Hospitalarios
B86: =IF('Formulario PPGR1'!$F86="","",CONCATENATE('Formulario PPGR1'!$C86,".",'Formulario PPGR1'!$D86,".",'Formulario PPGR1'!$E86,".",#REF!)) | C86: =IF('Formulario PPGR1'!$F86="","",#REF!) | D86: =IF('Formulario PPGR1'!$F86="","",#REF!) | E86: =IF('Formulario PPGR1'!$F86="","",#REF!) | L86: % glosas de los hospitales | M86: Porcentaje | O86: 0.05 | Q86: Centros Hospitalarios
B87: =IF('Formulario PPGR1'!$F87="","",CONCATENATE('Formulario PPGR1'!$C87,".",'Formulario PPGR1'!$D87,".",'Formulario PPGR1'!$E87,".",#REF!)) | C87: =IF('Formulario PPGR1'!$F87="","",#REF!) | D87: =IF('Formulario PPGR1'!$F87="","",#REF!) | E87: =IF('Formulario PPGR1'!$F87="","",#REF!) | G87: =IFERROR(VLOOKUP($F87,Obj!$B$57:$C$76,2,FALSE),"") | I87: =IFERROR(VLOOKUP($H87,Obj!$D$118:$E$124,2,FALSE),"") | K87: 4.1.2.5 Acuerdo Marco SNS-SeNaSa | L87: % cumplimiento indicadores acuerdo | M87: Porcentaje
B88: =IF('Formulario PPGR1'!$F88="","",CONCATENATE('Formulario PPGR1'!$C88,".",'Formulario PPGR1'!$D88,".",'Formulario PPGR1'!$E88,".",#REF!)) -> #REF! | C88: =IF('Formulario PPGR1'!$F88="","",#REF!) -> #REF! | D88: =IF('Formulario PPGR1'!$F88="","",#REF!) -> #REF! | E88: =IF('Formulario PPGR1'!$F88="","",#REF!) -> #REF! | F88: LE.4 - Fortalecimiento Institucional | G88: =IFERROR(VLOOKUP($F88,Obj!$B$57:$C$76,2,FALSE),"") -> LE.4 | H88: Obj4.1 - Asegurar la calidad y efectividad de la gestión institucional del SNS a través de la implementación de un conjunto de intervenciones de gestión del cambio | I88: =IFERROR(VLOOKUP($H88,Obj!$D$118:$E$124,2,FALSE),"") -> Obj4.1 | J88: Aumentar la conexión del SNS con los medios informativos y la población, manteniendo con ellos una comunicación ágil, fluida y de calidad; que nos permita satisfacer con rapidez las peticiones y necesidades de información sobre la institución y los servicios ofrecidos | K88: 4.1.3.1 Implementación del Manual de Señalética e Identidad de la Red SNS | L88: % implementación Manual señalética | M88: porcentaje | O88: 0.7 | Q88: Comunicaciones
B89: =IF('Formulario PPGR1'!$F89="","",CONCATENATE('Formulario PPGR1'!$C89,".",'Formulario PPGR1'!$D89,".",'Formulario PPGR1'!$E89,".",#REF!)) | C89: =IF('Formulario PPGR1'!$F89="","",#REF!) | D89: =IF('Formulario PPGR1'!$F89="","",#REF!) | E89: =IF('Formulario PPGR1'!$F89="","",#REF!) | G89: =IFERROR(VLOOKUP($F89,Obj!$B$57:$C$76,2,FALSE),"") | I89: =IFERROR(VLOOKUP($H89,Obj!$D$118:$E$124,2,FALSE),"") | K89: 4.1.3.2 Fortalecimiento de la Transparencia Institucional | L89: % implementación del plan de comunicaciones | M89: porcentaje | O89: 0.85 | Q89: Oficina Acceso a la Información
B90: =IF('Formulario PPGR1'!$F90="","",CONCATENATE('Formulario PPGR1'!$C90,".",'Formulario PPGR1'!$D90,".",'Formulario PPGR1'!$E90,".",#REF!)) | C90: =IF('Formulario PPGR1'!$F90="","",#REF!) | D90: =IF('Formulario PPGR1'!$F90="","",#REF!) | E90: =IF('Formulario PPGR1'!$F90="","",#REF!) | G90: =IFERROR(VLOOKUP($F90,Obj!$B$57:$C$76,2,FALSE),"") | I90: =IFERROR(VLOOKUP($H90,Obj!$D$118:$E$124,2,FALSE),"") | K90: 4.1.3.3 Despliegue plan interconexión Red Pública de Servicios de Salud | L90: % implementación del plan de interconexión | M90: porcentaje | O90: 0.25 | Q90: Comunicaciones
B91: =IF('Formulario PPGR1'!$F91="","",CONCATENATE('Formulario PPGR1'!$C91,".",'Formulario PPGR1'!$D91,".",'Formulario PPGR1'!$E91,".",#REF!)) | C91: =IF('Formulario PPGR1'!$F91="","",#REF!) | D91: =IF('Formulario PPGR1'!$F91="","",#REF!) | E91: =IF('Formulario PPGR1'!$F91="","",#REF!) | G91: =IFERROR(VLOOKUP($F91,Obj!$B$57:$C$76,2,FALSE),"") | I91: =IFERROR(VLOOKUP($H91,Obj!$D$118:$E$124,2,FALSE),"") | K91: 4.1.3.4 Despliegue Plan de Responsabilidad Social Institucional SNS | L91: % del plan de responsabilidad social | M91: porcentaje | O91: 0.9 | Q91: Comunicaciones
B92: =IF('Formulario PPGR1'!$F92="","",CONCATENATE('Formulario PPGR1'!$C92,".",'Formulario PPGR1'!$D92,".",'Formulario PPGR1'!$E92,".",#REF!)) | C92: =IF('Formulario PPGR1'!$F92="","",#REF!) | D92: =IF('Formulario PPGR1'!$F92="","",#REF!) | E92: =IF('Formulario PPGR1'!$F92="","",#REF!) | G92: =IFERROR(VLOOKUP($F92,Obj!$B$57:$C$76,2,FALSE),"") | I92: =IFERROR(VLOOKUP($H92,Obj!$D$118:$E$124,2,FALSE),"")
B93: =IF('Formulario PPGR1'!$F93="","",CONCATENATE('Formulario PPGR1'!$C93,".",'Formulario PPGR1'!$D93,".",'Formulario PPGR1'!$E93,".",#REF!)) | C93: =IF('Formulario PPGR1'!$F93="","",#REF!) | D93: =IF('Formulario PPGR1'!$F93="","",#REF!) | E93: =IF('Formulario PPGR1'!$F93="","",#REF!) | G93: =IFERROR(VLOOKUP(#REF!,[2]Obj!$B$57:$C$90,2,FALSE),"")

Sheet Formulario PPGR2
H2: ='Formulario PPGR1'!G2 -> Servicio Nacional de Salud
H3: ='Formulario PPGR1'!G3 -> Dirección de Planificación y Desarrollo | Z3: =IF('Formulario PPGR1'!$M$3="SNS - Dirección Central","ls_Departamento","Ls_DepartamentosSRS") -> Ls_DepartamentosSRS
H4: =+'Formulario PPGR1'!G4 -> Plan Operativo Anual
H5: Identificación de actividades
B8: ID_Dependendencia | C8: POA | D8: SRS | E8: AREA | F8: TIPO | G8: Productos | H8: Código | I8: Actividades Programables Presupuestables | J8: Ene | K8: Feb | L8: Mar | M8: Abr | N8: May | O8: Jun | P8: Jul | Q8: Ago | R8: Sep | S8: Oct | T8: Nov | U8: Dic | V8: Total de Acciones | W8: Medio de Verificación 1 | X8: Medio de Verificación 2 | Y8: Medio de Verificación 3 | Z8: Responsable | AA8: Observaciones
B9: =IF('Formulario PPGR2'!$G9="","",CONCATENATE('Formulario PPGR2'!$C9,".",'Formulario PPGR2'!$D9,".",'Formulario PPGR2'!$E9,".",'Formulario PPGR2'!$F9)) -> #REF! | C9: =IF('Formulario PPGR2'!$G9="","",'Formulario PPGR1'!#REF!) -> #REF! | D9: =IF('Formulario PPGR2'!$G9="","",'Formulario PPGR1'!#REF!) -> #REF! | E9: =IF('Formulario PPGR2'!$G9="","",'Formulario PPGR1'!#REF!) -> #REF! | F9: =IF('Formulario PPGR2'!$G9="","",'Formulario PPGR1'!#REF!) -> #REF! | G9: 1.1.1.1 Implementación del Programa Salud Bucodental (PPI 16) | H9: SRSEV 1.1.1.1.01 | I9: Implementación del plan de capacitación del personal de los servicios odontológicos | O9: 1 | U9: 1 | V9: =SUM('Formulario PPGR2'!$J9:$U9) -> 2 | W9: Listado de participación | X9: Informe | Z9: Odontología
B10: =IF('Formulario PPGR2'!$G10="","",CONCATENATE('Formulario PPGR2'!$C10,".",'Formulario PPGR2'!$D10,".",'Formulario PPGR2'!$E10,".",'Formulario PPGR2'!$F10)) | C10: =IF('Formulario PPGR2'!$G10="","",'Formulario PPGR1'!#REF!) | D10: =IF('Formulario PPGR2'!$G10="","",'Formulario PPGR1'!#REF!) | E10: =IF('Formulario PPGR2'!$G10="","",'Formulario PPGR1'!#REF!) | F10: =IF('Formulario PPGR2'!$G10="","",'Formulario PPGR1'!#REF!) | H10: SRSEV 1.1.1.1.02 | I10: Monitoreo y evaluacion de los servicios odontológicos | J10: 1 | M10: 1 | P10: 1 | S10: 1 | V10: =SUM('Formulario PPGR2'!$J10:$U10) -> 4 | W10: Informe | Z10: Odontología
B11: =IF('Formulario PPGR2'!$G11="","",CONCATENATE('Formulario PPGR2'!$C11,".",'Formulario PPGR2'!$D11,".",'Formulario PPGR2'!$E11,".",'Formulario PPGR2'!$F11)) | C11: =IF('Formulario PPGR2'!$G11="","",'Formulario PPGR1'!#REF!) | D11: =IF('Formulario PPGR2'!$G11="","",'Formulario PPGR1'!#REF!) | E11: =IF('Formulario PPGR2'!$G11="","",'Formulario PPGR1'!#REF!) | F11: =IF('Formulario PPGR2'!$G11="","",'Formulario PPGR1'!#REF!) | H11: SRSEV 1.1.1.1.03 | I11: Levantamiento de los servicios Odontologicos | J11: 1 | P11: 1 | V11: =SUM('Formulario PPGR2'!$J11:$U11) -> 2 | W11: Informe | Z11: Odontología
B12: =IF('Formulario PPGR2'!$G12="","",CONCATENATE('Formulario PPGR2'!$C12,".",'Formulario PPGR2'!$D12,".",'Formulario PPGR2'!$E12,".",'Formulario PPGR2'!$F12)) | C12: =IF('Formulario PPGR2'!$G12="","",'Formulario PPGR1'!#REF!) | D12: =IF('Formulario PPGR2'!$G12="","",'Formulario PPGR1'!#REF!) | E12: =IF('Formulario PPGR2'!$G12="","",'Formulario PPGR1'!#REF!) | F12: =IF('Formulario PPGR2'!$G12="","",'Formulario PPGR1'!#REF!) | H12: SRSEV 1.1.1.1.04 | I12: Seguimiento a las intervenciones del programa Comunidad Libre de Caries | Q12: 1 | U12: 1 | V12: =SUM('Formulario PPGR2'!$J12:$U12) -> 2 | W12: Informe | Z12: Odontología
H13: SRSEV 1.1.1.1.05 | I13: Reuniones de seguimiento, evaluación y control con equipo tecnico de las diferentes áreas de odontologia | J13: 1 | N13: 1 | Q13: 1 | U13: 1 | V13: 4 | W13: Listado de participación | Z13: Odontología
B14: =IF('Formulario PPGR2'!$G14="","",CONCATENATE('Formulario PPGR2'!$C14,".",'Formulario PPGR2'!$D14,".",'Formulario PPGR2'!$E14,".",'Formulario PPGR2'!$F14)) | C14: =IF('Formulario PPGR2'!$G14="","",'Formulario PPGR1'!#REF!) | D14: =IF('Formulario PPGR2'!$G14="","",'Formulario PPGR1'!#REF!) | E14: =IF('Formulario PPGR2'!$G14="","",'Formulario PPGR1'!#REF!) | F14: =IF('Formulario PPGR2'!$G14="","",'Formulario PPGR1'!#REF!) | H14: SRSEV 1.1.1.1.06 | I14: Desarrollo de plan de acciones para el acondicionamiento de infraestructura, mantenimiento de equipos y equipamiento de las áreas de odontología EES | L14: 1 | O14: 1 | R14: 1 | T14: 1 | V14: =SUM('Formulario PPGR2'!$J14:$U14) -> 4 | W14: Plan | Z14: Odontología
B15: =IF('Formulario PPGR2'!$G15="","",CONCATENATE('Formulario PPGR2'!$C15,".",'Formulario PPGR2'!$D15,".",'Formulario PPGR2'!$E15,".",'Formulario PPGR2'!$F15)) -> #REF! | C15: =IF('Formulario PPGR2'!$G15="","",'Formulario PPGR1'!#REF!) -> #REF! | D15: =IF('Formulario PPGR2'!$G15="","",'Formulario PPGR1'!#REF!) -> #REF! | E15: =IF('Formulario PPGR2'!$G15="","",'Formulario PPGR1'!#REF!) -> #REF! | F15: =IF('Formulario PPGR2'!$G15="","",'Formulario PPGR1'!#REF!) -> #REF! | G15: 1.1.1.2 Mejora del suministro y abastecimiento de medicamentos | H15: SRSEV 1.1.1.2.01 | I15: Elaboración y difusión del Boletín Regional de Información Estratégica del SUGEMI | J15: 1 | M15: 1 | P15: 1 | S15: 1 | V15: =SUM('Formulario PPGR2'!$J15:$U15) -> 4 | W15: Otros | Y15: Boletin Digital | Z15: Medicamentos
B16: =IF('Formulario PPGR2'!$G16="","",CONCATENATE('Formulario PPGR2'!$C16,".",'Formulario PPGR2'!$D16,".",'Formulario PPGR2'!$E16,".",'Formulario PPGR2'!$F16)) | C16: =IF('Formulario PPGR2'!$G16="","",'Formulario PPGR1'!#REF!) | D16: =IF('Formulario PPGR2'!$G16="","",'Formulario PPGR1'!#REF!) | E16: =IF('Formulario PPGR2'!$G16="","",'Formulario PPGR1'!#REF!) | F16: =IF('Formulario PPGR2'!$G16="","",'Formulario PPGR1'!#REF!) | H16: SRSEV 1.1.1.2.02 | I16: Taller de capacitación para la estimación y programación de medicamentos e insumos de uso general del SRS y sus CEAS, 2025 | K16: 1 | L16: 1 | V16: =SUM('Formulario PPGR2'!$J16:$U16) -> 2 | W16: Listado de participación | X16: Agenda | Z16: Medicamentos | AA16: 1 taller por SRS con sus CEAS (SRS 1,2,3 y 5 en febrero y para marzo los SRS 4,6,7,8 y 0).
B17: =IF('Formulario PPGR2'!$G17="","",CONCATENATE('Formulario PPGR2'!$C17,".",'Formulario PPGR2'!$D17,".",'Formulario PPGR2'!$E17,".",'Formulario PPGR2'!$F17)) | C17: =IF('Formulario PPGR2'!$G17="","",'Formulario PPGR1'!#REF!) | D17: =IF('Formulario PPGR2'!$G17="","",'Formulario PPGR1'!#REF!) | E17: =IF('Formulario PPGR2'!$G17="","",'Formulario PPGR1'!#REF!) | F17: =IF('Formulario PPGR2'!$G17="","",'Formulario PPGR1'!#REF!) | H17: SRSEV 1.1.1.2.03 | I17: Taller para la consolidación de la programación de medicamentos e insumos de uso general de los CEAS, 2025 | M17: 1 | N17: 1 | V17: =SUM('Formulario PPGR2'!$J17:$U17) -> 2 | W17: Listado de participación | X17: Agenda | Z17: Medicamentos | AA17: 1 taller por SRS con sus CEAS (SRS 1,2,3 y 5 abril y para mayo SRS 4,6,7,8 y 0).
B18: =IF('Formulario PPGR2'!$G18="","",CONCATENATE('Formulario PPGR2'!$C18,".",'Formulario PPGR2'!$D18,".",'Formulario PPGR2'!$E18,".",'Formulario PPGR2'!$F18)) | C18: =IF('Formulario PPGR2'!$G18="","",'Formulario PPGR1'!#REF!) | D18: =IF('Formulario PPGR2'!$G18="","",'Formulario PPGR1'!#REF!) | E18: =IF('Formulario PPGR2'!$G18="","",'Formulario PPGR1'!#REF!) | F18: =IF('Formulario PPGR2'!$G18="","",'Formulario PPGR1'!#REF!) | H18: SRSEV 1.1.1.2.04 | I18: Remisión mensual a la DMI del formulario SUGEMI-2 de los CEAS y SRS con despacho de PROMESE/CAL | J18: 1 | K18: 1 | L18: 1 | M18: 1 | N18: 1 | O18: 1 | P18: 1 | Q18: 1 | R18: 1 | S18: 1 | T18: 1 | U18: 1 | V18: =SUM('Formulario PPGR2'!$J18:$U18) -> 12 | W18: Otros | Y18: Correo a DMI con formulario | Z18: Medicamentos | AA18: Cada SRS enviará a la DMI correo con el adjunto del SUGEMI-2 de los CEAS y SRS
B19: =IF('Formulario PPGR2'!$G19="","",CONCATENATE('Formulario PPGR2'!$C19,".",'Formulario PPGR2'!$D19,".",'Formulario PPGR2'!$E19,".",'Formulario PPGR2'!$F19)) | C19: =IF('Formulario PPGR2'!$G19="","",'Formulario PPGR1'!#REF!) | D19: =IF('Formulario PPGR2'!$G19="","",'Formulario PPGR1'!#REF!) | E19: =IF('Formulario PPGR2'!$G19="","",'Formulario PPGR1'!#REF!) | F19: =IF('Formulario PPGR2'!$G19="","",'Formulario PPGR1'!#REF!) | H19: SRSEV 1.1.1.2.05 | I19: Supervisión de la gestión de suministro de los medicamentos de programas VIH, TB y PF en los EES priorizados | L19: 1 | O19: 1 | R19: 1 | T19: 1 | V19: =SUM('Formulario PPGR2'!$J19:$U19) -> 4 | W19: Listado de participación | X19: Informe | Z19: Medicamentos | AA19: Cada SRS reportará un informe con el consolidado de las supervisiones realizadas a los EES
B20: =IF('Formulario PPGR2'!$G20="","",CONCATENATE('Formulario PPGR2'!$C20,".",'Formulario PPGR2'!$D20,".",'Formulario PPGR2'!$E20,".",'Formulario PPGR2'!$F20)) | C20: =IF('Formulario PPGR2'!$G20="","",'Formulario PPGR1'!#REF!) | D20: =IF('Formulario PPGR2'!$G20="","",'Formulario PPGR1'!#REF!) | E20: =IF('Formulario PPGR2'!$G20="","",'Formulario PPGR1'!#REF!) | F20: =IF('Formulario PPGR2'!$G20="","",'Formulario PPGR1'!#REF!) | H20: SRSEV 1.1.1.2.06 | I20: Supervisión del cumplimiento de los procedimientos operativos del SUGEMI en los Hospitales y CPN | L20: 1 | O20: 1 | R20: 1 | T20: 1 | V20: =SUM('Formulario PPGR2'!$J20:$U20) -> 4 | W20: Listado de participación | X20: Informe | Z20: Medicamentos | AA20: Cada SRS reportará un informe con el consolidado de las supervisiones realizadas a los EES
B21: =IF('Formulario PPGR2'!$G21="","",CONCATENATE('Formulario PPGR2'!$C21,".",'Formulario PPGR2'!$D21,".",'Formulario PPGR2'!$E21,".",'Formulario PPGR2'!$F21)) | C21: =IF('Formulario PPGR2'!$G21="","",'Formulario PPGR1'!#REF!) | D21: =IF('Formulario PPGR2'!$G21="","",'Formulario PPGR1'!#REF!) | E21: =IF('Formulario PPGR2'!$G21="","",'Formulario PPGR1'!#REF!) | F21: =IF('Formulario PPGR2'!$G21="","",'Formulario PPGR1'!#REF!) | H21: SRSEV 1.1.1.2.07 | I21: Taller de capacitación para EES sobre la importancia de la calidad del dato en la cadena de suministro del SUGEMI | J21: 1 | P21: 1 | T21: 1 | V21: =SUM('Formulario PPGR2'!$J21:$U21) -> 3 | W21: Listado de participación | X21: Agenda | Z21: Medicamentos | AA21: Cada SRS realizará talleres de capacitación a los EES seleccionados.
B22: =IF('Formulario PPGR2'!$G22="","",CONCATENATE('Formulario PPGR2'!$C22,".",'Formulario PPGR2'!$D22,".",'Formulario PPGR2'!$E22,".",'Formulario PPGR2'!$F22)) | C22: =IF('Formulario PPGR2'!$G22="","",'Formulario PPGR1'!#REF!) | D22: =IF('Formulario PPGR2'!$G22="","",'Formulario PPGR1'!#REF!) | E22: =IF('Formulario PPGR2'!$G22="","",'Formulario PPGR1'!#REF!) | F22: =IF('Formulario PPGR2'!$G22="","",'Formulario PPGR1'!#REF!) | H22: SRSEV 1.1.1.2.08 | I22: Seguimiento a la funcionalidad de los Comité Farmaco Terapéutico (CFT) de los hospitales | O22: 1 | U22: 1 | V22: =SUM('Formulario PPGR2'!$J22:$U22) -> 2 | W22: Informe | Z22: Medicamentos | AA22: Informe consolidado de las minutas reportadas por cada Hospital.
B23: =IF('Formulario PPGR2'!$G23="","",CONCATENATE('Formulario PPGR2'!$C23,".",'Formulario PPGR2'!$D23,".",'Formulario PPGR2'!$E23,".",'Formulario PPGR2'!$F23)) | C23: =IF('Formulario PPGR2'!$G23="","",'Formulario PPGR1'!#REF!) | D23: =IF('Formulario PPGR2'!$G23="","",'Formulario PPGR1'!#REF!) | E23: =IF('Formulario PPGR2'!$G23="","",'Formulario PPGR1'!#REF!) | F23: =IF('Formulario PPGR2'!$G23="","",'Formulario PPGR1'!#REF!) | H23: SRSEV 1.1.1.2.09 | I23: Reunión del Comité Farmaco Terapéutico Regional | K23: 1 | P23: 1 | T23: 1 | V23: =SUM('Formulario PPGR2'!$J23:$U23) -> 3 | W23: Listado de participación | X23: Minuta | Z23: Medicamentos | AA23: Cada CFT regional discutirá los temas de Cadena de Suministro de Medicamentos e Insumos y promoción del uso racional de los medicamentos
B24: =IF('Formulario PPGR2'!$G24="","",CONCATENATE('Formulario PPGR2'!$C24,".",'Formulario PPGR2'!$D24,".",'Formulario PPGR2'!$E24,".",'Formulario PPGR2'!$F24)) -> #REF! | C24: =IF('Formulario PPGR2'!$G24="","",'Formulario PPGR1'!#REF!) -> #REF! | D24: =IF('Formulario PPGR2'!$G24="","",'Formulario PPGR1'!#REF!) -> #REF! | E24: =IF('Formulario PPGR2'!$G24="","",'Formulario PPGR1'!#REF!) -> #REF! | F24: =IF('Formulario PPGR2'!$G24="","",'Formulario PPGR1'!#REF!) -> #REF! | G24: 1.1.1.3 Ampliación y mejora de la provisión de servicios de apoyo diagnóstico y laboratorio | H24: SRSEV 1.1.1.3.01 | I24: Supervisión de la gestión de la provisión de insumos y reactivos en los servicios de laboratorio (incluyendo reactivos e insumos de CD4 y Carga Viral) e imágenes | L24: 1 | O24: 1 | R24: 1 | U24: 1 | V24: =SUM('Formulario PPGR2'!$J24:$U24) -> 4 | W24: Listado de participación | X24: Informe | Z24: Laboratorios e Imágenes
B25: =IF('Formulario PPGR2'!$G25="","",CONCATENATE('Formulario PPGR2'!$C25,".",'Formulario PPGR2'!$D25,".",'Formulario PPGR2'!$E25,".",'Formulario PPGR2'!$F25)) | C25: =IF('Formulario PPGR2'!$G25="","",'Formulario PPGR1'!#REF!) | D25: =IF('Formulario PPGR2'!$G25="","",'Formulario PPGR1'!#REF!) | E25: =IF('Formulario PPGR2'!$G25="","",'Formulario PPGR1'!#REF!) | F25: =IF('Formulario PPGR2'!$G25="","",'Formulario PPGR1'!#REF!) | H25: SRSEV 1.1.1.3.02 | I25: Supervisión a los EES para el seguimiento a la implementación de las herramientas asociadas al Procedimiento de Gestión de los servicios diagnósticos de laboratorio e imágenes | N25: 1 | T25: 1 | V25: =SUM('Formulario PPGR2'!$J25:$U25) -> 2 | W25: Listado de participación | X25: Otros | Y25: Formulario de Supervision y captura de informe enviado DLI | Z25: Laboratorios e Imágenes
B26: =IF('Formulario PPGR2'!$G26="","",CONCATENATE('Formulario PPGR2'!$C26,".",'Formulario PPGR2'!$D26,".",'Formulario PPGR2'!$E26,".",'Formulario PPGR2'!$F26)) | C26: =IF('Formulario PPGR2'!$G26="","",'Formulario PPGR1'!#REF!) | D26: =IF('Formulario PPGR2'!$G26="","",'Formulario PPGR1'!#REF!) | E26: =IF('Formulario PPGR2'!$G26="","",'Formulario PPGR1'!#REF!) | F26: =IF('Formulario PPGR2'!$G26="","",'Formulario PPGR1'!#REF!) | H26: SRSEV 1.1.1.3.03 | I26: Conformación y/o actualización de clubes de donantes de sangre en EES | M26: 1 | Q26: 1 | T26: 1 | V26: =SUM('Formulario PPGR2'!$J26:$U26) -> 3 | W26: Reporte | X26: Otros | Y26: Acta de formacion por EES. Captura de envío a DLI | Z26: Laboratorios e Imágenes | AA26: Ajustar a conformación o actualización según aplique
B27: =IF('Formulario PPGR2'!$G27="","",CONCATENATE('Formulario PPGR2'!$C27,".",'Formulario PPGR2'!$D27,".",'Formulario PPGR2'!$E27,".",'Formulario PPGR2'!$F27)) | C27: =IF('Formulario PPGR2'!$G27="","",'Formulario PPGR1'!#REF!) | D27: =IF('Formulario PPGR2'!$G27="","",'Formulario PPGR1'!#REF!) | E27: =IF('Formulario PPGR2'!$G27="","",'Formulario PPGR1'!#REF!) | F27: =IF('Formulario PPGR2'!$G27="","",'Formulario PPGR1'!#REF!) | H27: SRSEV 1.1.1.3.04 | I27: Supervisión a la realización de la prueba de HPV en los laboratorios procesadores | M27: 1 | P27: 1 | S27: 1 | V27: =SUM('Formulario PPGR2'!$J27:$U27) -> 3 | W27: Listado de participación | X27: Informe | Z27: Laboratorios e Imágenes | AA27: Aplica para las Regiones 0,2,3,5,6,8
B28: =IF('Formulario PPGR2'!$G28="","",CONCATENATE('Formulario PPGR2'!$C28,".",'Formulario PPGR2'!$D28,".",'Formulario PPGR2'!$E28,".",'Formulario PPGR2'!$F28)) | C28: =IF('Formulario PPGR2'!$G28="","",'Formulario PPGR1'!#REF!) | D28: =IF('Formulario PPGR2'!$G28="","",'Formulario PPGR1'!#REF!) | E28: =IF('Formulario PPGR2'!$G28="","",'Formulario PPGR1'!#REF!) | F28: =IF('Formulario PPGR2'!$G28="","",'Formulario PPGR1'!#REF!) | H28: SRSEV 1.1.1.3.05 | I28: Supervisión a los EES en la implementación de los procedimientos del SUTMER | N28: 1 | T28: 1 | V28: =SUM('Formulario PPGR2'!$J28:$U28) -> 2 | W28: Listado de participación | X28: Otros | Y28: Formulario de Supervision. Captura de envío | Z28: Laboratorios e Imágenes
B29: =IF('Formulario PPGR2'!$G29="","",CONCATENATE('Formulario PPGR2'!$C29,".",'Formulario PPGR2'!$D29,".",'Formulario PPGR2'!$E29,".",'Formulario PPGR2'!$F29)) | C29: =IF('Formulario PPGR2'!$G29="","",'Formulario PPGR1'!#REF!) | D29: =IF('Formulario PPGR2'!$G29="","",'Formulario PPGR1'!#REF!) | E29: =IF('Formulario PPGR2'!$G29="","",'Formulario PPGR1'!#REF!) | F29: =IF('Formulario PPGR2'!$G29="","",'Formulario PPGR1'!#REF!) | H29: SRSEV 1.1.1.3.06 | I29: Supervisión para la ampliación de la cartera de servicios a los EES y Centros Diagnósticos | O29: 1 | T29: 1 | V29: =SUM('Formulario PPGR2'!$J29:$U29) -> 2 | W29: Informe | X29: Listado de participación | Y29: captura de envío a DLI | Z29: Laboratorios e Imágenes
B30: =IF('Formulario PPGR2'!$G30="","",CONCATENATE('Formulario PPGR2'!$C30,".",'Formulario PPGR2'!$D30,".",'Formulario PPGR2'!$E30,".",'Formulario PPGR2'!$F30)) | C30: =IF('Formulario PPGR2'!$G30="","",'Formulario PPGR1'!#REF!) | D30: =IF('Formulario PPGR2'!$G30="","",'Formulario PPGR1'!#REF!) | E30: =IF('Formulario PPGR2'!$G30="","",'Formulario PPGR1'!#REF!) | F30: =IF('Formulario PPGR2'!$G30="","",'Formulario PPGR1'!#REF!) | H30: SRSEV 1.1.1.3.07 | I30: Seguimiento a EES que cuentan con laboratorios con pruebas moleculares para el diagnóstico de TB (GeneXpert) y verifiación de la certificación de las cabinas de bioseguridad | L30: 1 | P30: 1 | S30: 1 | V30: =SUM('Formulario PPGR2'!$J30:$U30) -> 3 | W30: Informe | X30: Listado de participación | Y30: captura de envío a DLI | Z30: Laboratorios e Imágenes
B31: =IF('Formulario PPGR2'!$G31="","",CONCATENATE('Formulario PPGR2'!$C31,".",'Formulario PPGR2'!$D31,".",'Formulario PPGR2'!$E31,".",'Formulario PPGR2'!$F31)) | C31: =IF('Formulario PPGR2'!$G31="","",'Formulario PPGR1'!#REF!) | D31: =IF('Formulario PPGR2'!$G31="","",'Formulario PPGR1'!#REF!) | E31: =IF('Formulario PPGR2'!$G31="","",'Formulario PPGR1'!#REF!) | F31: =IF('Formulario PPGR2'!$G31="","",'Formulario PPGR1'!#REF!) | H31: SRSEV 1.1.1.3.08 | I31: Supervisión de los servicios de laboratorio e imágenes para disminuir la mortalidad materno infantil en los EES | K31: 1 | M31: 1 | O31: 1 | Q31: 1 | S31: 1 | V31: =SUM('Formulario PPGR2'!$J31:$U31) -> 5 | W31: Informe | X31: Listado de participación | Y31: captura de envío a DLI | Z31: Laboratorios e Imágenes
B32: =IF('Formulario PPGR2'!$G32="","",CONCATENATE('Formulario PPGR2'!$C32,".",'Formulario PPGR2'!$D32,".",'Formulario PPGR2'!$E32,".",'Formulario PPGR2'!$F32)) | C32: =IF('Formulario PPGR2'!$G32="","",'Formulario PPGR1'!#REF!) | D32: =IF('Formulario PPGR2'!$G32="","",'Formulario PPGR1'!#REF!) | E32: =IF('Formulario PPGR2'!$G32="","",'Formulario PPGR1'!#REF!) | F32: =IF('Formulario PPGR2'!$G32="","",'Formulario PPGR1'!#REF!) | H32: SRSEV 1.1.1.3.09 | I32: Supervisión de los laboratorios de microbiologia en los EES materno infantil para verificar la certificación de cabinas de bioseguridad | K32: 1 | M32: 1 | O32: 1 | Q32: 1 | S32: 1 | V32: =SUM('Formulario PPGR2'!$J32:$U32) -> 5 | W32: Listado de participación | X32: Otros | Y32: Formulario de Seguimiento. Captura de envío | Z32: Laboratorios e Imágenes
B33: =IF('Formulario PPGR2'!$G33="","",CONCATENATE('Formulario PPGR2'!$C33,".",'Formulario PPGR2'!$D33,".",'Formulario PPGR2'!$E33,".",'Formulario PPGR2'!$F33)) | C33: =IF('Formulario PPGR2'!$G33="","",'Formulario PPGR1'!#REF!) | D33: =IF('Formulario PPGR2'!$G33="","",'Formulario PPGR1'!#REF!) | E33: =IF('Formulario PPGR2'!$G33="","",'Formulario PPGR1'!#REF!) | F33: =IF('Formulario PPGR2'!$G33="","",'Formulario PPGR1'!#REF!) | H33: SRSEV 1.1.1.3.10 | I33: Visita de supervisión a los EES para verificar el cumplimiento de las acciones para el diagnóstico de malaria | M33: 1 | Q33: 1 | V33: =SUM('Formulario PPGR2'!$J33:$U33) -> 2 | W33: Informe | X33: Listado de participación | Y33: captura de envío a DLI | Z33: Laboratorios e Imágenes
B34: =IF('Formulario PPGR2'!$G34="","",CONCATENATE('Formulario PPGR2'!$C34,".",'Formulario PPGR2'!$D34,".",'Formulario PPGR2'!$E34,".",'Formulario PPGR2'!$F34)) | C34: =IF('Formulario PPGR2'!$G34="","",'Formulario PPGR1'!#REF!) | D34: =IF('Formulario PPGR2'!$G34="","",'Formulario PPGR1'!#REF!) | E34: =IF('Formulario PPGR2'!$G34="","",'Formulario PPGR1'!#REF!) | F34: =IF('Formulario PPGR2'!$G34="","",'Formulario PPGR1'!#REF!) | H34: SRSEV 1.1.1.3.11 | I34: Implementar el plan de capacitación al personal de laboratorios clínicos, imágenes y los servicios transfuncionales en EES | L34: 1 | N34: 1 | P34: 1 | R34: 1 | V34: =SUM('Formulario PPGR2'!$J34:$U34) -> 4 | W34: Agenda | X34: Listado de participación | Y34: captura de envío a DLI | Z34: Laboratorios e Imágenes
B35: =IF('Formulario PPGR2'!$G35="","",CONCATENATE('Formulario PPGR2'!$C35,".",'Formulario PPGR2'!$D35,".",'Formulario PPGR2'!$E35,".",'Formulario PPGR2'!$F35)) | C35: =IF('Formulario PPGR2'!$G35="","",'Formulario PPGR1'!#REF!) | D35: =IF('Formulario PPGR2'!$G35="","",'Formulario PPGR1'!#REF!) | E35: =IF('Formulario PPGR2'!$G35="","",'Formulario PPGR1'!#REF!) | F35: =IF('Formulario PPGR2'!$G35="","",'Formulario PPGR1'!#REF!) | H35: SRSEV 1.1.1.3.12 | I35: Seguimiento al reporte mensual del INFOLAB en los EES | J35: 1 | K35: 1 | L35: 1 | M35: 1 | N35: 1 | O35: 1 | P35: 1 | Q35: 1 | R35: 1 | S35: 1 | T35: 1 | U35: 1 | V35: =SUM('Formulario PPGR2'!$J35:$U35) -> 12 | W35: Reporte | X35: Otros | Y35: captura de envío | Z35: Laboratorios e Imágenes | AA35: Reporte EES a los SRS Reporte a los SRS a DLI
H36: SRSEV 1.1.1.3.13 | I36: Taller de proteccion radiologica para el personal de Rayos X | K36: 1 | V36: 1 | W36: Listado de participación | X36: Agenda | Z36: Laboratorios e Imágenes
H37: SRSEV 1.1.1.3.14 | I37: Taller de Flebotomia para el personal de Banco de Sangre | L37: 1 | W37: Listado de participación | X37: Agenda | Z37: Laboratorios e Imágenes
B38: =IF('Formulario PPGR2'!$G38="","",CONCATENATE('Formulario PPGR2'!$C38,".",'Formulario PPGR2'!$D38,".",'Formulario PPGR2'!$E38,".",'Formulario PPGR2'!$F38)) | C38: =IF('Formulario PPGR2'!$G38="","",'Formulario PPGR1'!#REF!) | D38: =IF('Formulario PPGR2'!$G38="","",'Formulario PPGR1'!#REF!) | E38: =IF('Formulario PPGR2'!$G38="","",'Formulario PPGR1'!#REF!) | F38: =IF('Formulario PPGR2'!$G38="","",'Formulario PPGR1'!#REF!) | H38: SRSEV 1.1.1.3.15 | I38: Supervision a EESS para verificar las acciones de bioseguridad y radioproteccion en los servicios de laboratorios clinicos e imágenes | L38: 2 | M38: 2 | N38: 2 | P38: 2 | Q38: 2 | R38: 2 | V38: =SUM('Formulario PPGR2'!$J38:$U38) -> 12 | W38: Listado de participación | X38: Informe | Z38: Laboratorios e Imágenes
B39: =IF('Formulario PPGR2'!$G39="","",CONCATENATE('Formulario PPGR2'!$C39,".",'Formulario PPGR2'!$D39,".",'Formulario PPGR2'!$E39,".",'Formulario PPGR2'!$F39)) -> #REF! | C39: =IF('Formulario PPGR2'!$G39="","",'Formulario PPGR1'!#REF!) -> #REF! | D39: =IF('Formulario PPGR2'!$G39="","",'Formulario PPGR1'!#REF!) -> #REF! | E39: =IF('Formulario PPGR2'!$G39="","",'Formulario PPGR1'!#REF!) -> #REF! | F39: =IF('Formulario PPGR2'!$G39="","",'Formulario PPGR1'!#REF!) -> #REF! | G39: 1.1.2.1 Aumento de la provisión de servicios de salud sexual y reproductiva en la Red SNS | H39: SRSEV 1.1.2.1.01 | I39: Seguimiento Planificacion Post Evento Obstétrico en los hospitales priorizados | J39: 1 | K39: 1 | L39: 1 | M39: 1 | N39: 1 | O39: 1 | P39: 1 | Q39: 1 | R39: 1 | S39: 1 | T39: 1 | U39: 1 | V39: =SUM('Formulario PPGR2'!$J39:$U39) -> 12 | W39: Informe | Z39: Materno, Infantil y Adolescentes
B40: =IF('Formulario PPGR2'!$G40="","",CONCATENATE('Formulario PPGR2'!$C40,".",'Formulario PPGR2'!$D40,".",'Formulario PPGR2'!$E40,".",'Formulario PPGR2'!$F40)) | C40: =IF('Formulario PPGR2'!$G40="","",'Formulario PPGR1'!#REF!) | D40: =IF('Formulario PPGR2'!$G40="","",'Formulario PPGR1'!#REF!) | E40: =IF('Formulario PPGR2'!$G40="","",'Formulario PPGR1'!#REF!) | F40: =IF('Formulario PPGR2'!$G40="","",'Formulario PPGR1'!#REF!) | H40: SRSEV 1.1.2.1.02 | I40: Seguimiento a la planificación en las personas adolescentes en los CEAS | J40: 1 | K40: 1 | L40: 1 | M40: 1 | N40: 1 | O40: 1 | P40: 1 | Q40: 1 | R40: 1 | S40: 1 | T40: 1 | U40: 1 | V40: =SUM('Formulario PPGR2'!$J40:$U40) -> 12 | W40: Reporte | Y40: Un reporte del trimestre | Z40: Materno, Infantil y Adolescentes
B41: =IF('Formulario PPGR2'!$G41="","",CONCATENATE('Formulario PPGR2'!$C41,".",'Formulario PPGR2'!$D41,".",'Formulario PPGR2'!$E41,".",'Formulario PPGR2'!$F41)) | C41: =IF('Formulario PPGR2'!$G41="","",'Formulario PPGR1'!#REF!) | D41: =IF('Formulario PPGR2'!$G41="","",'Formulario PPGR1'!#REF!) | E41: =IF('Formulario PPGR2'!$G41="","",'Formulario PPGR1'!#REF!) | F41: =IF('Formulario PPGR2'!$G41="","",'Formulario PPGR1'!#REF!) | H41: SRSEV 1.1.2.1.03 | I41: Capacitación sobre métodos anticonceptivos al personal de la Unidades de Atención Integral y de consultas diferenciadas para adolescentes | K41: 1 | O41: 1 | T41: 1 | V41: =SUM('Formulario PPGR2'!$J41:$U41) -> 3 | W41: Minuta | X41: Listado de participación | Z41: Materno, Infantil y Adolescentes
B42: =IF('Formulario PPGR2'!$G42="","",CONCATENATE('Formulario PPGR2'!$C42,".",'Formulario PPGR2'!$D42,".",'Formulario PPGR2'!$E42,".",'Formulario PPGR2'!$F42)) -> #REF! | C42: =IF('Formulario PPGR2'!$G42="","",'Formulario PPGR1'!#REF!) -> #REF! | D42: =IF('Formulario PPGR2'!$G42="","",'Formulario PPGR1'!#REF!) -> #REF! | E42: =IF('Formulario PPGR2'!$G42="","",'Formulario PPGR1'!#REF!) -> #REF! | F42: =IF('Formulario PPGR2'!$G42="","",'Formulario PPGR1'!#REF!) -> #REF! | G42: 1.1.2.2 Provisión de servicios de Salud Materno, Infantil y Adolescentes de Calidad | H42: SRSEV 1.1.2.2.01 | I42: Adecuación de los planes de mejora de la metodología de Observación de la Práctica Clínica (OPC) según resultados del monitoreo de calidad de los servicios en CEAS priorizados | M42: 1 | R42: 1 | V42: =SUM('Formulario PPGR2'!$J42:$U42) -> 2 | W42: Plan | Z42: Materno, Infantil y Adolescentes
B43: =IF('Formulario PPGR2'!$G43="","",CONCATENATE('Formulario PPGR2'!$C43,".",'Formulario PPGR2'!$D43,".",'Formulario PPGR2'!$E43,".",'Formulario PPGR2'!$F43)) | C43: =IF('Formulario PPGR2'!$G43="","",'Formulario PPGR1'!#REF!) | D43: =IF('Formulario PPGR2'!$G43="","",'Formulario PPGR1'!#REF!) | E43: =IF('Formulario PPGR2'!$G43="","",'Formulario PPGR1'!#REF!) | F43: =IF('Formulario PPGR2'!$G43="","",'Formulario PPGR1'!#REF!) | H43: SRSEV 1.1.2.2.02 | I43: Análisis de los indicadores maternos-neonatales de la Sala Situacional de los CEAS | L43: 1 | O43: 1 | R43: 1 | U43: 1 | V43: =SUM('Formulario PPGR2'!$J43:$U43) -> 4 | W43: Informe | Z43: Materno, Infantil y Adolescentes
B44: =IF('Formulario PPGR2'!$G44="","",CONCATENATE('Formulario PPGR2'!$C44,".",'Formulario PPGR2'!$D44,".",'Formulario PPGR2'!$E44,".",'Formulario PPGR2'!$F44)) | C44: =IF('Formulario PPGR2'!$G44="","",'Formulario PPGR1'!#REF!) | D44: =IF('Formulario PPGR2'!$G44="","",'Formulario PPGR1'!#REF!) | E44: =IF('Formulario PPGR2'!$G44="","",'Formulario PPGR1'!#REF!) | F44: =IF('Formulario PPGR2'!$G44="","",'Formulario PPGR1'!#REF!) | H44: SRSEV 1.1.2.2.03 | I44: Seguimiento a la implementación de la Estrategia Código Rojo en los CEAS priorizados. | M44: 1 | P44: 1 | S44: 1 | V44: =SUM('Formulario PPGR2'!$J44:$U44) -> 3 | W44: Informe | Z44: Materno, Infantil y Adolescentes
B45: =IF('Formulario PPGR2'!$G45="","",CONCATENATE('Formulario PPGR2'!$C45,".",'Formulario PPGR2'!$D45,".",'Formulario PPGR2'!$E45,".",'Formulario PPGR2'!$F45)) | C45: =IF('Formulario PPGR2'!$G45="","",'Formulario PPGR1'!#REF!) | D45: =IF('Formulario PPGR2'!$G45="","",'Formulario PPGR1'!#REF!) | E45: =IF('Formulario PPGR2'!$G45="","",'Formulario PPGR1'!#REF!) | F45: =IF('Formulario PPGR2'!$G45="","",'Formulario PPGR1'!#REF!) | H45: SRSEV 1.1.2.2.04 | I45: Monitoreo al apego a protocolo de atención en consulta prenatal en los CEAS priorizados. | L45: 1 | O45: 1 | S45: 1 | V45: =SUM('Formulario PPGR2'!$J45:$U45) -> 3 | W45: Informe | Z45: Materno, Infantil y Adolescentes
B46: =IF('Formulario PPGR2'!$G46="","",CONCATENATE('Formulario PPGR2'!$C46,".",'Formulario PPGR2'!$D46,".",'Formulario PPGR2'!$E46,".",'Formulario PPGR2'!$F46)) | C46: =IF('Formulario PPGR2'!$G46="","",'Formulario PPGR1'!#REF!) | D46: =IF('Formulario PPGR2'!$G46="","",'Formulario PPGR1'!#REF!) | E46: =IF('Formulario PPGR2'!$G46="","",'Formulario PPGR1'!#REF!) | F46: =IF('Formulario PPGR2'!$G46="","",'Formulario PPGR1'!#REF!) | H46: SRSEV 1.1.2.2.05 | I46: Seguimiento a la implementación de la ruta de embarazadas con Sífilis y/o HIV en los principales CEAS | L46: 1 | O46: 1 | R46: 1 | T46: 1 | V46: =SUM('Formulario PPGR2'!$J46:$U46) -> 4 | W46: Informe | Z46: Materno, Infantil y Adolescentes
B47: =IF('Formulario PPGR2'!$G47="","",CONCATENATE('Formulario PPGR2'!$C47,".",'Formulario PPGR2'!$D47,".",'Formulario PPGR2'!$E47,".",'Formulario PPGR2'!$F47)) | C47: =IF('Formulario PPGR2'!$G47="","",'Formulario PPGR1'!#REF!) | D47: =IF('Formulario PPGR2'!$G47="","",'Formulario PPGR1'!#REF!) | E47: =IF('Formulario PPGR2'!$G47="","",'Formulario PPGR1'!#REF!) | F47: =IF('Formulario PPGR2'!$G47="","",'Formulario PPGR1'!#REF!) | H47: SRSEV 1.1.2.2.06 | I47: Capacitación sobre prevención de trastornos hipertensivos en el embarazo en CEAS (2 nivel) | K47: 1 | N47: 1 | Q47: 1 | V47: =SUM('Formulario PPGR2'!$J47:$U47) -> 3 | W47: Agenda | X47: Listado de participación | Z47: Materno, Infantil y Adolescentes
B48: =IF('Formulario PPGR2'!$G48="","",CONCATENATE('Formulario PPGR2'!$C48,".",'Formulario PPGR2'!$D48,".",'Formulario PPGR2'!$E48,".",'Formulario PPGR2'!$F48)) | C48: =IF('Formulario PPGR2'!$G48="","",'Formulario PPGR1'!#REF!) | D48: =IF('Formulario PPGR2'!$G48="","",'Formulario PPGR1'!#REF!) | E48: =IF('Formulario PPGR2'!$G48="","",'Formulario PPGR1'!#REF!) | F48: =IF('Formulario PPGR2'!$G48="","",'Formulario PPGR1'!#REF!) | H48: SRSEV 1.1.2.2.07 | I48: Seguimiento al uso y correcto llenado de la historia clínica prenatal | L48: 1 | P48: 1 | R48: 1 | V48: =SUM('Formulario PPGR2'!$J48:$U48) -> 3 | W48: Informe | X48: Listado de participación | Z48: Materno, Infantil y Adolescentes
B49: =IF('Formulario PPGR2'!$G49="","",CONCATENATE('Formulario PPGR2'!$C49,".",'Formulario PPGR2'!$D49,".",'Formulario PPGR2'!$E49,".",'Formulario PPGR2'!$F49)) | C49: =IF('Formulario PPGR2'!$G49="","",'Formulario PPGR1'!#REF!) | D49: =IF('Formulario PPGR2'!$G49="","",'Formulario PPGR1'!#REF!) | E49: =IF('Formulario PPGR2'!$G49="","",'Formulario PPGR1'!#REF!) | F49: =IF('Formulario PPGR2'!$G49="","",'Formulario PPGR1'!#REF!) | H49: SRSEV 1.1.2.2.08 | I49: Seguimiento al apego de los protocolos de trastornos hipertensivos en el embarazo a los CEAS priorizados | M49: 1 | Q49: 1 | U49: 1 | V49: =SUM('Formulario PPGR2'!$J49:$U49) -> 3 | W49: Informe | X49: Listado de participación | Z49: Materno, Infantil y Adolescentes
B50: =IF('Formulario PPGR2'!$G50="","",CONCATENATE('Formulario PPGR2'!$C50,".",'Formulario PPGR2'!$D50,".",'Formulario PPGR2'!$E50,".",'Formulario PPGR2'!$F50)) | C50: =IF('Formulario PPGR2'!$G50="","",'Formulario PPGR1'!#REF!) | D50: =IF('Formulario PPGR2'!$G50="","",'Formulario PPGR1'!#REF!) | E50: =IF('Formulario PPGR2'!$G50="","",'Formulario PPGR1'!#REF!) | F50: =IF('Formulario PPGR2'!$G50="","",'Formulario PPGR1'!#REF!) | H50: SRSEV 1.1.2.2.09 | I50: Talleres de prevención de infecciones asociadas a la atención en salud. | L50: 1 | N50: 1 | Q50: 1 | S50: 1 | V50: =SUM('Formulario PPGR2'!$J50:$U50) -> 4 | W50: Listado de participación | X50: Agenda | Z50: Materno, Infantil y Adolescentes
B51: =IF('Formulario PPGR2'!$G51="","",CONCATENATE('Formulario PPGR2'!$C51,".",'Formulario PPGR2'!$D51,".",'Formulario PPGR2'!$E51,".",'Formulario PPGR2'!$F51)) | C51: =IF('Formulario PPGR2'!$G51="","",'Formulario PPGR1'!#REF!) | D51: =IF('Formulario PPGR2'!$G51="","",'Formulario PPGR1'!#REF!) | E51: =IF('Formulario PPGR2'!$G51="","",'Formulario PPGR1'!#REF!) | F51: =IF('Formulario PPGR2'!$G51="","",'Formulario PPGR1'!#REF!) | H51: SRSEV 1.1.2.2.10 | I51: Vigilancia de la funcionalidad de los equipos de UCIN | K51: 1 | N51: 1 | Q51: 1 | V51: =SUM('Formulario PPGR2'!$J51:$U51) -> 3 | W51: Informe | Z51: Materno, Infantil y Adolescentes
B52: =IF('Formulario PPGR2'!$G52="","",CONCATENATE('Formulario PPGR2'!$C52,".",'Formulario PPGR2'!$D52,".",'Formulario PPGR2'!$E52,".",'Formulario PPGR2'!$F52)) | C52: =IF('Formulario PPGR2'!$G52="","",'Formulario PPGR1'!#REF!) | D52: =IF('Formulario PPGR2'!$G52="","",'Formulario PPGR1'!#REF!) | E52: =IF('Formulario PPGR2'!$G52="","",'Formulario PPGR1'!#REF!) | F52: =IF('Formulario PPGR2'!$G52="","",'Formulario PPGR1'!#REF!) | H52: SRSEV 1.1.2.2.11 | I52: Vigilancia sanitaria del agua potable de las UCIN. | K52: 1 | O52: 1 | S52: 1 | V52: =SUM('Formulario PPGR2'!$J52:$U52) -> 3 | W52: Informe | Y52: Reporte muestras de cultivo | Z52: Materno, Infantil y Adolescentes
B53: =IF('Formulario PPGR2'!$G53="","",CONCATENATE('Formulario PPGR2'!$C53,".",'Formulario PPGR2'!$D53,".",'Formulario PPGR2'!$E53,".",'Formulario PPGR2'!$F53)) | C53: =IF('Formulario PPGR2'!$G53="","",'Formulario PPGR1'!#REF!) | D53: =IF('Formulario PPGR2'!$G53="","",'Formulario PPGR1'!#REF!) | E53: =IF('Formulario PPGR2'!$G53="","",'Formulario PPGR1'!#REF!) | F53: =IF('Formulario PPGR2'!$G53="","",'Formulario PPGR1'!#REF!) | H53: SRSEV 1.1.2.2.12 | I53: Capacitación centros de segundo nivel en atención inmediata al RN | L53: 1 | O53: 1 | R53: 1 | V53: =SUM('Formulario PPGR2'!$J53:$U53) -> 3 | W53: Listado de participación | X53: Agenda | Z53: Materno, Infantil y Adolescentes
B54: =IF('Formulario PPGR2'!$G54="","",CONCATENATE('Formulario PPGR2'!$C54,".",'Formulario PPGR2'!$D54,".",'Formulario PPGR2'!$E54,".",'Formulario PPGR2'!$F54)) | C54: =IF('Formulario PPGR2'!$G54="","",'Formulario PPGR1'!#REF!) | D54: =IF('Formulario PPGR2'!$G54="","",'Formulario PPGR1'!#REF!) | E54: =IF('Formulario PPGR2'!$G54="","",'Formulario PPGR1'!#REF!) | F54: =IF('Formulario PPGR2'!$G54="","",'Formulario PPGR1'!#REF!) | H54: SRSEV 1.1.2.2.13 | I54: Discusión de casos evitables de Mortalidad Neonatal | L54: 1 | N54: 1 | P54: 1 | R54: 1 | T54: 1 | V54: =SUM('Formulario PPGR2'!$J54:$U54) -> 5 | W54: Listado de participación | X54: Informe | Z54: Materno, Infantil y Adolescentes
B55: =IF('Formulario PPGR2'!$G55="","",CONCATENATE('Formulario PPGR2'!$C55,".",'Formulario PPGR2'!$D55,".",'Formulario PPGR2'!$E55,".",'Formulario PPGR2'!$F55)) | C55: =IF('Formulario PPGR2'!$G55="","",'Formulario PPGR1'!#REF!) | D55: =IF('Formulario PPGR2'!$G55="","",'Formulario PPGR1'!#REF!) | E55: =IF('Formulario PPGR2'!$G55="","",'Formulario PPGR1'!#REF!) | F55: =IF('Formulario PPGR2'!$G55="","",'Formulario PPGR1'!#REF!) | H55: SRSEV 1.1.2.2.14 | I55: Vigilancia en el avance en prevención de las IAAS en las 10 UCIN Priorizadas | K55: 1 | N55: 1 | Q55: 1 | T55: 1 | V55: =SUM('Formulario PPGR2'!$J55:$U55) -> 4 | W55: Informe | Z55: Materno, Infantil y Adolescentes | AA55: Materno Infantil San Lorenzo de los Mina, Universitario Nuestra Señora de La Altagracia y Reynaldo Almanzar de Sto. Dgo., Renée Klang de Guzmán en Santiago, Jaime Mota de Barahona; Alejandro Cabral de San Juan de la Maguana; Morillo King, de La Vega; Juan Pablo Pina de San Cristobal; Ricardo Limardo de Puerto Plata y La Altagracia de Higuey.
B56: =IF('Formulario PPGR2'!$G56="","",CONCATENATE('Formulario PPGR2'!$C56,".",'Formulario PPGR2'!$D56,".",'Formulario PPGR2'!$E56,".",'Formulario PPGR2'!$F56)) | C56: =IF('Formulario PPGR2'!$G56="","",'Formulario PPGR1'!#REF!) | D56: =IF('Formulario PPGR2'!$G56="","",'Formulario PPGR1'!#REF!) | E56: =IF('Formulario PPGR2'!$G56="","",'Formulario PPGR1'!#REF!) | F56: =IF('Formulario PPGR2'!$G56="","",'Formulario PPGR1'!#REF!) | H56: SRSEV 1.1.2.2.15 | I56: Seguimiento a la aplicación de vacunas en niños menores de 5 años | J56: 1 | K56: 1 | L56: 1 | M56: 1 | N56: 1 | O56: 1 | P56: 1 | Q56: 1 | R56: 1 | S56: 1 | T56: 1 | U56: 1 | V56: =SUM('Formulario PPGR2'!$J56:$U56) -> 12 | W56: Reporte | Y56: Consolidado SRS/ Reporte CEAS | Z56: Materno, Infantil y Adolescentes
B57: =IF('Formulario PPGR2'!$G57="","",CONCATENATE('Formulario PPGR2'!$C57,".",'Formulario PPGR2'!$D57,".",'Formulario PPGR2'!$E57,".",'Formulario PPGR2'!$F57)) | C57: =IF('Formulario PPGR2'!$G57="","",'Formulario PPGR1'!#REF!) | D57: =IF('Formulario PPGR2'!$G57="","",'Formulario PPGR1'!#REF!) | E57: =IF('Formulario PPGR2'!$G57="","",'Formulario PPGR1'!#REF!) | F57: =IF('Formulario PPGR2'!$G57="","",'Formulario PPGR1'!#REF!) | H57: SRSEV 1.1.2.2.16 | I57: Seguimiento al uso y correcto llenado de la Cédula de Salud del niño/niña en los CEAS | J57: 1 | K57: 1 | L57: 1 | M57: 1 | N57: 1 | O57: 1 | P57: 1 | Q57: 1 | R57: 1 | S57: 1 | T57: 1 | U57: 1 | V57: =SUM('Formulario PPGR2'!$J57:$U57) -> 12 | W57: Reporte | Y57: Reporte trimestral | Z57: Materno, Infantil y Adolescentes
B58: =IF('Formulario PPGR2'!$G58="","",CONCATENATE('Formulario PPGR2'!$C58,".",'Formulario PPGR2'!$D58,".",'Formulario PPGR2'!$E58,".",'Formulario PPGR2'!$F58)) | C58: =IF('Formulario PPGR2'!$G58="","",'Formulario PPGR1'!#REF!) | D58: =IF('Formulario PPGR2'!$G58="","",'Formulario PPGR1'!#REF!) | E58: =IF('Formulario PPGR2'!$G58="","",'Formulario PPGR1'!#REF!) | F58: =IF('Formulario PPGR2'!$G58="","",'Formulario PPGR1'!#REF!) | H58: SRSEV 1.1.2.2.17 | I58: Seguimiento a los Programas Madre Canguro | L58: 1 | O58: 1 | R58: 1 | U58: 1 | V58: =SUM('Formulario PPGR2'!$J58:$U58) -> 4 | W58: Informe | X58: Otros | Y58: Planes de mejora CEAS | Z58: Materno, Infantil y Adolescentes | AA58: Maternidad Nuestra Señora de la Altagracia, Infantil Dr. Robert Reid Cabral, Materno Infantil San Lorenzo de Los Mina, Materno Dr. Reynaldo Almánzar, Maternidad Dra. Evangelina Rodríguez, Dr. Angel Contreras, Dr. Vinicio Calventi, Dr. Rodolfo de la Cruz Lora, Juan Pablo Pina, Infantil Dr. Arturo Grullón, Maternidad Presidente Estrella Ureña, Ricardo Limardo y Dr. Toribio Bencosme, San Vicente de Paul, Jaime Mota, San Bartolomé, Dr. Antonio Musa, Materno Infantil Nuestra Señora de la Altagracia, Taiwán 19 de marzo, Dr. Alejandro Cabral, Materno Infantil Dr. Jose Fco. Peña Gomez, Dr. Luis M. Morillo King
B59: =IF('Formulario PPGR2'!$G59="","",CONCATENATE('Formulario PPGR2'!$C59,".",'Formulario PPGR2'!$D59,".",'Formulario PPGR2'!$E59,".",'Formulario PPGR2'!$F59)) | C59: =IF('Formulario PPGR2'!$G59="","",'Formulario PPGR1'!#REF!) | D59: =IF('Formulario PPGR2'!$G59="","",'Formulario PPGR1'!#REF!) | E59: =IF('Formulario PPGR2'!$G59="","",'Formulario PPGR1'!#REF!) | F59: =IF('Formulario PPGR2'!$G59="","",'Formulario PPGR1'!#REF!) | H59: SRSEV 1.1.2.2.18 | I59: Evaluación de 2 CEAS para la expansión del Programa Madre Canguro | L59: 1 | O59: 1 | V59: =SUM('Formulario PPGR2'!$J59:$U59) -> 2 | W59: Otros | Y59: Formulario de Evaluación | Z59: Materno, Infantil y Adolescentes
B60: =IF('Formulario PPGR2'!$G60="","",CONCATENATE('Formulario PPGR2'!$C60,".",'Formulario PPGR2'!$D60,".",'Formulario PPGR2'!$E60,".",'Formulario PPGR2'!$F60)) | C60: =IF('Formulario PPGR2'!$G60="","",'Formulario PPGR1'!#REF!) | D60: =IF('Formulario PPGR2'!$G60="","",'Formulario PPGR1'!#REF!) | E60: =IF('Formulario PPGR2'!$G60="","",'Formulario PPGR1'!#REF!) | F60: =IF('Formulario PPGR2'!$G60="","",'Formulario PPGR1'!#REF!) | H60: SRSEV 1.1.2.2.19 | I60: Implementación del Programas Madre Canguro en 1 CEAS | S60: 1 | V60: =SUM('Formulario PPGR2'!$J60:$U60) -> 1 | W60: Informe | Z60: Materno, Infantil y Adolescentes
B61: =IF('Formulario PPGR2'!$G61="","",CONCATENATE('Formulario PPGR2'!$C61,".",'Formulario PPGR2'!$D61,".",'Formulario PPGR2'!$E61,".",'Formulario PPGR2'!$F61)) | C61: =IF('Formulario PPGR2'!$G61="","",'Formulario PPGR1'!#REF!) | D61: =IF('Formulario PPGR2'!$G61="","",'Formulario PPGR1'!#REF!) | E61: =IF('Formulario PPGR2'!$G61="","",'Formulario PPGR1'!#REF!) | F61: =IF('Formulario PPGR2'!$G61="","",'Formulario PPGR1'!#REF!) | H61: SRSEV 1.1.2.2.20 | I61: Evaluación de 2 CEAS para la Implementación de Salas de Estimulación Temprana | L61: 1 | O61: 1 | V61: =SUM('Formulario PPGR2'!$J61:$U61) -> 2 | W61: Informe | Z61: Materno, Infantil y Adolescentes
B62: =IF('Formulario PPGR2'!$G62="","",CONCATENATE('Formulario PPGR2'!$C62,".",'Formulario PPGR2'!$D62,".",'Formulario PPGR2'!$E62,".",'Formulario PPGR2'!$F62)) | C62: =IF('Formulario PPGR2'!$G62="","",'Formulario PPGR1'!#REF!) | D62: =IF('Formulario PPGR2'!$G62="","",'Formulario PPGR1'!#REF!) | E62: =IF('Formulario PPGR2'!$G62="","",'Formulario PPGR1'!#REF!) | F62: =IF('Formulario PPGR2'!$G62="","",'Formulario PPGR1'!#REF!) | H62: SRSEV 1.1.2.2.21 | I62: Implementación de Salas de Estimulación Temprana en 1 CEAS | T62: 1 | V62: =SUM('Formulario PPGR2'!$J62:$U62) -> 1 | W62: Informe | Z62: Materno, Infantil y Adolescentes
B63: =IF('Formulario PPGR2'!$G63="","",CONCATENATE('Formulario PPGR2'!$C63,".",'Formulario PPGR2'!$D63,".",'Formulario PPGR2'!$E63,".",'Formulario PPGR2'!$F63)) | C63: =IF('Formulario PPGR2'!$G63="","",'Formulario PPGR1'!#REF!) | D63: =IF('Formulario PPGR2'!$G63="","",'Formulario PPGR1'!#REF!) | E63: =IF('Formulario PPGR2'!$G63="","",'Formulario PPGR1'!#REF!) | F63: =IF('Formulario PPGR2'!$G63="","",'Formulario PPGR1'!#REF!) | H63: SRSEV 1.1.2.2.22 | I63: Elaboración y seguimiento de los Planes de Mejora SRS para la Reducción de la Mortalidad en la Primera Infancia | L63: 1 | O63: 1 | R63: 1 | U63: 1 | V63: =SUM('Formulario PPGR2'!$J63:$U63) -> 4 | W63: Otros | X63: Informe | Y63: Plan de mejora | Z63: Materno, Infantil y Adolescentes
B64: =IF('Formulario PPGR2'!$G64="","",CONCATENATE('Formulario PPGR2'!$C64,".",'Formulario PPGR2'!$D64,".",'Formulario PPGR2'!$E64,".",'Formulario PPGR2'!$F64)) | C64: =IF('Formulario PPGR2'!$G64="","",'Formulario PPGR1'!#REF!) | D64: =IF('Formulario PPGR2'!$G64="","",'Formulario PPGR1'!#REF!) | E64: =IF('Formulario PPGR2'!$G64="","",'Formulario PPGR1'!#REF!) | F64: =IF('Formulario PPGR2'!$G64="","",'Formulario PPGR1'!#REF!) | H64: SRSEV 1.1.2.2.23 | I64: Seguimiento a los equipos de la UNAP para la captación, seguimiento al crecimiento y desarrollo, vigilancia del estado nutricional, esquema de vacunación en menores de 5 años con controles de salud de acuerdo con el protocolo | L64: 1 | O64: 1 | R64: 1 | U64: 1 | V64: =SUM('Formulario PPGR2'!$J64:$U64) -> 4 | W64: Informe | Y64: Informe por zona de salud | Z64: Primer nivel
B65: =IF('Formulario PPGR2'!$G65="","",CONCATENATE('Formulario PPGR2'!$C65,".",'Formulario PPGR2'!$D65,".",'Formulario PPGR2'!$E65,".",'Formulario PPGR2'!$F65)) | C65: =IF('Formulario PPGR2'!$G65="","",'Formulario PPGR1'!#REF!) | D65: =IF('Formulario PPGR2'!$G65="","",'Formulario PPGR1'!#REF!) | E65: =IF('Formulario PPGR2'!$G65="","",'Formulario PPGR1'!#REF!) | F65: =IF('Formulario PPGR2'!$G65="","",'Formulario PPGR1'!#REF!) | H65: SRSEV 1.1.2.2.24 | I65: Seguimiento al programa de planificación familiar en el primer nivel de atención. | K65: 1 | N65: 1 | Q65: 1 | T65: 1 | V65: =SUM('Formulario PPGR2'!$J65:$U65) -> 4 | W65: Informe | Y65: Informe por zona de salud | Z65: Primer nivel
B66: =IF('Formulario PPGR2'!$G66="","",CONCATENATE('Formulario PPGR2'!$C66,".",'Formulario PPGR2'!$D66,".",'Formulario PPGR2'!$E66,".",'Formulario PPGR2'!$F66)) | C66: =IF('Formulario PPGR2'!$G66="","",'Formulario PPGR1'!#REF!) | D66: =IF('Formulario PPGR2'!$G66="","",'Formulario PPGR1'!#REF!) | E66: =IF('Formulario PPGR2'!$G66="","",'Formulario PPGR1'!#REF!) | F66: =IF('Formulario PPGR2'!$G66="","",'Formulario PPGR1'!#REF!) | H66: SRSEV 1.1.2.2.25 | I66: Seguimiento a la atención de las Embarazadas y puérperas según guías y protocolos. | K66: 1 | N66: 1 | Q66: 1 | T66: 1 | V66: =SUM('Formulario PPGR2'!$J66:$U66) -> 4 | W66: Informe | Y66: Informe por zona de salud | Z66: Primer nivel
B67: =IF('Formulario PPGR2'!$G67="","",CONCATENATE('Formulario PPGR2'!$C67,".",'Formulario PPGR2'!$D67,".",'Formulario PPGR2'!$E67,".",'Formulario PPGR2'!$F67)) | C67: =IF('Formulario PPGR2'!$G67="","",'Formulario PPGR1'!#REF!) | D67: =IF('Formulario PPGR2'!$G67="","",'Formulario PPGR1'!#REF!) | E67: =IF('Formulario PPGR2'!$G67="","",'Formulario PPGR1'!#REF!) | F67: =IF('Formulario PPGR2'!$G67="","",'Formulario PPGR1'!#REF!) | H67: SRSEV 1.1.2.2.26 | I67: Seguimiento a los equipos de las UNAP en la realización a las mujeres entre 19 y 65 años a las que se les realizó el Papanicolau al menos una vez en el último año. | L67: 1 | O67: 1 | R67: 1 | U67: 1 | V67: =SUM('Formulario PPGR2'!$J67:$U67) -> 4 | W67: Informe | Y67: Informe por zona de salud | Z67: Primer nivel
B68: =IF('Formulario PPGR2'!$G68="","",CONCATENATE('Formulario PPGR2'!$C68,".",'Formulario PPGR2'!$D68,".",'Formulario PPGR2'!$E68,".",'Formulario PPGR2'!$F68)) -> #REF! | C68: =IF('Formulario PPGR2'!$G68="","",'Formulario PPGR1'!#REF!) -> #REF! | D68: =IF('Formulario PPGR2'!$G68="","",'Formulario PPGR1'!#REF!) -> #REF! | E68: =IF('Formulario PPGR2'!$G68="","",'Formulario PPGR1'!#REF!) -> #REF! | F68: =IF('Formulario PPGR2'!$G68="","",'Formulario PPGR1'!#REF!) -> #REF! | G68: 1.1.2.3 Incremento cobertura registro oportuno de nacidos vivos | H68: SRSEV 1.1.2.3.01 | I68: Supervisión del Registro en línea y entrega de los Certificados de Nacidos Vivos en CEAS | L68: 1 | O68: 1 | R68: 1 | U68: 1 | V68: =SUM('Formulario PPGR2'!$J68:$U68) -> 4 | W68: Informe | X68: Otros | Y68: Captura correo enviado | Z68: Materno, Infantil y Adolescentes
B69: =IF('Formulario PPGR2'!$G69="","",CONCATENATE('Formulario PPGR2'!$C69,".",'Formulario PPGR2'!$D69,".",'Formulario PPGR2'!$E69,".",'Formulario PPGR2'!$F69)) | C69: =IF('Formulario PPGR2'!$G69="","",'Formulario PPGR1'!#REF!) | D69: =IF('Formulario PPGR2'!$G69="","",'Formulario PPGR1'!#REF!) | E69: =IF('Formulario PPGR2'!$G69="","",'Formulario PPGR1'!#REF!) | F69: =IF('Formulario PPGR2'!$G69="","",'Formulario PPGR1'!#REF!) | H69: SRSEV 1.1.2.3.02 | I69: Análisis de la cobertura de registro en línea de los CEAS priorizados para la Estrategia de Registro Oportuno de nacimiento por SRS | L69: 1 | O69: 1 | R69: 1 | U69: 1 | V69: =SUM('Formulario PPGR2'!$J69:$U69) -> 4 | W69: Informe | X69: Otros | Y69: Captura correo enviado | Z69: Materno, Infantil y Adolescentes
B70: =IF('Formulario PPGR2'!$G70="","",CONCATENATE('Formulario PPGR2'!$C70,".",'Formulario PPGR2'!$D70,".",'Formulario PPGR2'!$E70,".",'Formulario PPGR2'!$F70)) -> #REF! | C70: =IF('Formulario PPGR2'!$G70="","",'Formulario PPGR1'!#REF!) -> #REF! | D70: =IF('Formulario PPGR2'!$G70="","",'Formulario PPGR1'!#REF!) -> #REF! | E70: =IF('Formulario PPGR2'!$G70="","",'Formulario PPGR1'!#REF!) -> #REF! | F70: =IF('Formulario PPGR2'!$G70="","",'Formulario PPGR1'!#REF!) -> #REF! | G70: 1.1.2.4 Despliegue del Plan de Acción para disminución de los embarazos en adolescentes | H70: SRSEV 1.1.2.4.01 | I70: Elaboración y seguimiento de los Planes de Mejora SRS para la Reducción de la Mortalidad en Adolescentes | L70: 1 | O70: 1 | R70: 1 | U70: 1 | V70: =SUM('Formulario PPGR2'!$J70:$U70) -> 4 | W70: Otros | X70: Informe | Y70: Plan de mejora | Z70: Materno, Infantil y Adolescentes
B71: =IF('Formulario PPGR2'!$G71="","",CONCATENATE('Formulario PPGR2'!$C71,".",'Formulario PPGR2'!$D71,".",'Formulario PPGR2'!$E71,".",'Formulario PPGR2'!$F71)) | C71: =IF('Formulario PPGR2'!$G71="","",'Formulario PPGR1'!#REF!) | D71: =IF('Formulario PPGR2'!$G71="","",'Formulario PPGR1'!#REF!) | E71: =IF('Formulario PPGR2'!$G71="","",'Formulario PPGR1'!#REF!) | F71: =IF('Formulario PPGR2'!$G71="","",'Formulario PPGR1'!#REF!) | H71: SRSEV 1.1.2.4.02 | I71: Reunión de coordinación con Primer Nivel para el abordaje de las personas adolescentes | L71: 1 | V71: =SUM('Formulario PPGR2'!$J71:$U71) -> 1 | W71: Listado de participación | X71: Minuta | Z71: Materno, Infantil y Adolescentes
B72: =IF('Formulario PPGR2'!$G72="","",CONCATENATE('Formulario PPGR2'!$C72,".",'Formulario PPGR2'!$D72,".",'Formulario PPGR2'!$E72,".",'Formulario PPGR2'!$F72)) | C72: =IF('Formulario PPGR2'!$G72="","",'Formulario PPGR1'!#REF!) | D72: =IF('Formulario PPGR2'!$G72="","",'Formulario PPGR1'!#REF!) | E72: =IF('Formulario PPGR2'!$G72="","",'Formulario PPGR1'!#REF!) | F72: =IF('Formulario PPGR2'!$G72="","",'Formulario PPGR1'!#REF!) | H72: SRSEV 1.1.2.4.03 | I72: Evaluación de 2 CEAS para la Implementación de Unidades de Atención en Salud para personas Adolescentes por SRS | M72: 1 | O72: 1 | V72: =SUM('Formulario PPGR2'!$J72:$U72) -> 2 | W72: Informe | Z72: Materno, Infantil y Adolescentes
B73: =IF('Formulario PPGR2'!$G73="","",CONCATENATE('Formulario PPGR2'!$C73,".",'Formulario PPGR2'!$D73,".",'Formulario PPGR2'!$E73,".",'Formulario PPGR2'!$F73)) | C73: =IF('Formulario PPGR2'!$G73="","",'Formulario PPGR1'!#REF!) | D73: =IF('Formulario PPGR2'!$G73="","",'Formulario PPGR1'!#REF!) | E73: =IF('Formulario PPGR2'!$G73="","",'Formulario PPGR1'!#REF!) | F73: =IF('Formulario PPGR2'!$G73="","",'Formulario PPGR1'!#REF!) | H73: SRSEV 1.1.2.4.04 | I73: Implementación de (1) Unidad de Atención en Salud para personas Adolescentes por SRS | R73: 1 | V73: =SUM('Formulario PPGR2'!$J73:$U73) -> 1 | W73: Informe | Z73: Materno, Infantil y Adolescentes
B74: =IF('Formulario PPGR2'!$G74="","",CONCATENATE('Formulario PPGR2'!$C74,".",'Formulario PPGR2'!$D74,".",'Formulario PPGR2'!$E74,".",'Formulario PPGR2'!$F74)) | C74: =IF('Formulario PPGR2'!$G74="","",'Formulario PPGR1'!#REF!) | D74: =IF('Formulario PPGR2'!$G74="","",'Formulario PPGR1'!#REF!) | E74: =IF('Formulario PPGR2'!$G74="","",'Formulario PPGR1'!#REF!) | F74: =IF('Formulario PPGR2'!$G74="","",'Formulario PPGR1'!#REF!) | H74: SRSEV 1.1.2.4.05 | I74: Socialización de las Guías Nacionales de Atención Integral a la Salud de Adolescentes con los CEAS y el Sistema Informático de adolescentes(SIA) | M74: 1 | Q74: 1 | U74: 1 | V74: =SUM('Formulario PPGR2'!$J74:$U74) -> 3 | W74: Reporte | Z74: Materno, Infantil y Adolescentes
B75: =IF('Formulario PPGR2'!$G75="","",CONCATENATE('Formulario PPGR2'!$C75,".",'Formulario PPGR2'!$D75,".",'Formulario PPGR2'!$E75,".",'Formulario PPGR2'!$F75)) | C75: =IF('Formulario PPGR2'!$G75="","",'Formulario PPGR1'!#REF!) | D75: =IF('Formulario PPGR2'!$G75="","",'Formulario PPGR1'!#REF!) | E75: =IF('Formulario PPGR2'!$G75="","",'Formulario PPGR1'!#REF!) | F75: =IF('Formulario PPGR2'!$G75="","",'Formulario PPGR1'!#REF!) | H75: SRSEV 1.1.2.4.06 | I75: Supervisión de las condiciones esenciales de los servicios a personas adolescentes en CEAS | M75: 1 | Q75: 1 | V75: =SUM('Formulario PPGR2'!$J75:$U75) -> 2 | W75: Informe | Z75: Materno, Infantil y Adolescentes
B76: =IF('Formulario PPGR2'!$G76="","",CONCATENATE('Formulario PPGR2'!$C76,".",'Formulario PPGR2'!$D76,".",'Formulario PPGR2'!$E76,".",'Formulario PPGR2'!$F76)) | C76: =IF('Formulario PPGR2'!$G76="","",'Formulario PPGR1'!#REF!) | D76: =IF('Formulario PPGR2'!$G76="","",'Formulario PPGR1'!#REF!) | E76: =IF('Formulario PPGR2'!$G76="","",'Formulario PPGR1'!#REF!) | F76: =IF('Formulario PPGR2'!$G76="","",'Formulario PPGR1'!#REF!) | H76: SRSEV 1.1.2.4.07 | I76: Elaboración y seguimiento del Plan de acción para la disminución del Embarazo en adolescentes | M76: 1 | P76: 1 | S76: 1 | V76: =SUM('Formulario PPGR2'!$J76:$U76) -> 3 | W76: Plan | X76: Informe | Z76: Materno, Infantil y Adolescentes
B77: =IF('Formulario PPGR2'!$G77="","",CONCATENATE('Formulario PPGR2'!$C77,".",'Formulario PPGR2'!$D77,".",'Formulario PPGR2'!$E77,".",'Formulario PPGR2'!$F77)) | C77: =IF('Formulario PPGR2'!$G77="","",'Formulario PPGR1'!#REF!) | D77: =IF('Formulario PPGR2'!$G77="","",'Formulario PPGR1'!#REF!) | E77: =IF('Formulario PPGR2'!$G77="","",'Formulario PPGR1'!#REF!) | F77: =IF('Formulario PPGR2'!$G77="","",'Formulario PPGR1'!#REF!) | H77: SRSEV 1.1.2.4.08 | I77: Seguimiento a los registros en las Unidades de Atención Integral y Consultas diferenciadas | J77: 1 | K77: 1 | L77: 1 | M77: 1 | N77: 1 | O77: 1 | P77: 1 | Q77: 1 | R77: 1 | S77: 1 | T77: 1 | U77: 1 | V77: =SUM('Formulario PPGR2'!$J77:$U77) -> 12 | W77: Reporte | Y77: Reporte trimestral para los SRS | Z77: Materno, Infantil y Adolescentes
B78: =IF('Formulario PPGR2'!$G78="","",CONCATENATE('Formulario PPGR2'!$C78,".",'Formulario PPGR2'!$D78,".",'Formulario PPGR2'!$E78,".",'Formulario PPGR2'!$F78)) -> #REF! | C78: =IF('Formulario PPGR2'!$G78="","",'Formulario PPGR1'!#REF!) -> #REF! | D78: =IF('Formulario PPGR2'!$G78="","",'Formulario PPGR1'!#REF!) -> #REF! | E78: =IF('Formulario PPGR2'!$G78="","",'Formulario PPGR1'!#REF!) -> #REF! | F78: =IF('Formulario PPGR2'!$G78="","",'Formulario PPGR1'!#REF!) -> #REF! | G78: 1.1.2.5 Fortalecimiento de los servicios pediátricos hospitales priorizados | H78: SRSEV 1.1.2.5.01 | I78: Seguimiento de los servicios pediátricos en hospitales priorizados | J78: 1 | K78: 1 | L78: 1 | M78: 1 | N78: 1 | O78: 1 | P78: 1 | Q78: 1 | R78: 1 | S78: 1 | T78: 1 | U78: 1 | V78: =SUM('Formulario PPGR2'!$J78:$U78) -> 12 | W78: Reporte | Y78: Informe trimestral para los SRS | Z78: Materno, Infantil y Adolescentes
B79: =IF('Formulario PPGR2'!$G79="","",CONCATENATE('Formulario PPGR2'!$C79,".",'Formulario PPGR2'!$D79,".",'Formulario PPGR2'!$E79,".",'Formulario PPGR2'!$F79)) | C79: =IF('Formulario PPGR2'!$G79="","",'Formulario PPGR1'!#REF!) | D79: =IF('Formulario PPGR2'!$G79="","",'Formulario PPGR1'!#REF!) | E79: =IF('Formulario PPGR2'!$G79="","",'Formulario PPGR1'!#REF!) | F79: =IF('Formulario PPGR2'!$G79="","",'Formulario PPGR1'!#REF!) | H79: SRSEV 1.1.2.5.02 | I79: Seguimiento al fortalecimiento de las emergencias pediátricas priorizadas | M79: 1 | P79: 1 | S79: 1 | V79: =SUM('Formulario PPGR2'!$J79:$U79) -> 3 | W79: Informe | Z79: Materno, Infantil y Adolescentes | AA79: Hospital Infantil Dr. Robert Reid Cabral, Hospital Regional Juan Pablo Pina, Hospital Regional Infantil Dr. Arturo Grullón, Hospital Regional San Vicente de Paul, Hospital Regional Jaime Mota, Hospital Materno Infantil Nuestra Señora de La Altagracia, Hospital Regional Taiwán 19 de marzo, Hospital Regional Materno Infantil Dr. José Francisco Peña Gómez, Hospital Regional Dr. Luis Morillo King.
B80: =IF('Formulario PPGR2'!$G80="","",CONCATENATE('Formulario PPGR2'!$C80,".",'Formulario PPGR2'!$D80,".",'Formulario PPGR2'!$E80,".",'Formulario PPGR2'!$F80)) -> #REF! | C80: =IF('Formulario PPGR2'!$G80="","",'Formulario PPGR1'!#REF!) -> #REF! | D80: =IF('Formulario PPGR2'!$G80="","",'Formulario PPGR1'!#REF!) -> #REF! | E80: =IF('Formulario PPGR2'!$G80="","",'Formulario PPGR1'!#REF!) -> #REF! | F80: =IF('Formulario PPGR2'!$G80="","",'Formulario PPGR1'!#REF!) -> #REF! | G80: 1.1.3.1 Fortalecida la Estrategia para la Prevención de las Enfermedades Crónicas No Transmisibles | H80: SRSEV 1.1.3.1.01 | I80: Capacitación al personal de salud en los módulos de la Estrategia HEARTS | M80: 1 | S80: 1 | V80: =SUM('Formulario PPGR2'!$J80:$U80) -> 2 | W80: Listado de participación | X80: Agenda | Z80: Primer nivel
B81: =IF('Formulario PPGR2'!$G81="","",CONCATENATE('Formulario PPGR2'!$C81,".",'Formulario PPGR2'!$D81,".",'Formulario PPGR2'!$E81,".",'Formulario PPGR2'!$F81)) | C81: =IF('Formulario PPGR2'!$G81="","",'Formulario PPGR1'!#REF!) | D81: =IF('Formulario PPGR2'!$G81="","",'Formulario PPGR1'!#REF!) | E81: =IF('Formulario PPGR2'!$G81="","",'Formulario PPGR1'!#REF!) | F81: =IF('Formulario PPGR2'!$G81="","",'Formulario PPGR1'!#REF!) | H81: SRSEV 1.1.3.1.02 | I81: Despliegue de la Estrategia Hearts en el 50% de las Unidades de Atención Primaria del SRS. | N81: 1 | T81: 1 | V81: =SUM('Formulario PPGR2'!$J81:$U81) -> 2 | W81: Informe | Z81: Primer nivel
B82: =IF('Formulario PPGR2'!$G82="","",CONCATENATE('Formulario PPGR2'!$C82,".",'Formulario PPGR2'!$D82,".",'Formulario PPGR2'!$E82,".",'Formulario PPGR2'!$F82)) | C82: =IF('Formulario PPGR2'!$G82="","",'Formulario PPGR1'!#REF!) | D82: =IF('Formulario PPGR2'!$G82="","",'Formulario PPGR1'!#REF!) | E82: =IF('Formulario PPGR2'!$G82="","",'Formulario PPGR1'!#REF!) | F82: =IF('Formulario PPGR2'!$G82="","",'Formulario PPGR1'!#REF!) | H82: SRSEV 1.1.3.1.03 | I82: Seguimiento a la implementación de la Estrategia HEARTS en el 50% de las Unidades de Atención Primaria del SRS. | O82: 1 | U82: 1 | V82: =SUM('Formulario PPGR2'!$J82:$U82) -> 2 | W82: Informe | Z82: Primer nivel
B83: =IF('Formulario PPGR2'!$G83="","",CONCATENATE('Formulario PPGR2'!$C83,".",'Formulario PPGR2'!$D83,".",'Formulario PPGR2'!$E83,".",'Formulario PPGR2'!$F83)) | C83: =IF('Formulario PPGR2'!$G83="","",'Formulario PPGR1'!#REF!) | D83: =IF('Formulario PPGR2'!$G83="","",'Formulario PPGR1'!#REF!) | E83: =IF('Formulario PPGR2'!$G83="","",'Formulario PPGR1'!#REF!) | F83: =IF('Formulario PPGR2'!$G83="","",'Formulario PPGR1'!#REF!) | H83: SRSEV 1.1.3.1.04 | I83: Seguimiento a las iniciativas de prevención de otras enfermedades crónicas no trasmisibles. | L83: 1 | Q83: 1 | V83: =SUM('Formulario PPGR2'!$J83:$U83) -> 2 | W83: Reporte | Z83: Primer nivel
B84: =IF('Formulario PPGR2'!$G84="","",CONCATENATE('Formulario PPGR2'!$C84,".",'Formulario PPGR2'!$D84,".",'Formulario PPGR2'!$E84,".",'Formulario PPGR2'!$F84)) -> #REF! | C84: =IF('Formulario PPGR2'!$G84="","",'Formulario PPGR1'!#REF!) -> #REF! | D84: =IF('Formulario PPGR2'!$G84="","",'Formulario PPGR1'!#REF!) -> #REF! | E84: =IF('Formulario PPGR2'!$G84="","",'Formulario PPGR1'!#REF!) -> #REF! | F84: =IF('Formulario PPGR2'!$G84="","",'Formulario PPGR1'!#REF!) -> #REF! | G84: 1.1.3.2 Programa para la Detección Oportuna y Atención por tipo de cáncer | H84: SRSEV 1.1.3.2.01 | I84: Seguimiento a la Detección Oportuna de Cáncer Infantil | J84: 1 | K84: 1 | L84: 1 | M84: 1 | N84: 1 | O84: 1 | P84: 1 | Q84: 1 | R84: 1 | S84: 1 | T84: 1 | U84: 1 | V84: =SUM('Formulario PPGR2'!$J84:$U84) -> 12 | W84: Reporte | Y84: Informe trimestral para los SRS | Z84: Materno, Infantil y Adolescentes | AA84: Materno Infantil San Lorenzo de los Mina, Juan Pablo Pina, San Vicente de Paul, Jaime Mota, Materno Infantil Nuestra Señora de la Altagracia, Taiwán 19 de marzo, Materno Infantil Dr. José Francisco Peña Gómez, Pedro Emilio Marchena,
B85: =IF('Formulario PPGR2'!$G85="","",CONCATENATE('Formulario PPGR2'!$C85,".",'Formulario PPGR2'!$D85,".",'Formulario PPGR2'!$E85,".",'Formulario PPGR2'!$F85)) -> #REF! | C85: =IF('Formulario PPGR2'!$G85="","",'Formulario PPGR1'!#REF!) -> #REF! | D85: =IF('Formulario PPGR2'!$G85="","",'Formulario PPGR1'!#REF!) -> #REF! | E85: =IF('Formulario PPGR2'!$G85="","",'Formulario PPGR1'!#REF!) -> #REF! | F85: =IF('Formulario PPGR2'!$G85="","",'Formulario PPGR1'!#REF!) -> #REF! | G85: 1.1.3.3 Implementación del plan de abordaje efectivo de las victimas de violencia de género que asisten a los EES | H85: SRSEV 1.1.3.3.01 | I85: Talleres con Psicólogos/as de los EES sobre la detección, registro y reporte de casos de violencia de género | K85: 1 | L85: 1 | M85: 1 | N85: 1 | O85: 1 | P85: 1 | Q85: 1 | R85: 1 | S85: 1 | T85: 1 | U85: 1 | V85: =SUM('Formulario PPGR2'!$J85:$U85) -> 11 | W85: Listado de participación | X85: Agenda | Y85: Fotos | Z85: Género
B86: =IF('Formulario PPGR2'!$G86="","",CONCATENATE('Formulario PPGR2'!$C86,".",'Formulario PPGR2'!$D86,".",'Formulario PPGR2'!$E86,".",'Formulario PPGR2'!$F86)) | C86: =IF('Formulario PPGR2'!$G86="","",'Formulario PPGR1'!#REF!) | D86: =IF('Formulario PPGR2'!$G86="","",'Formulario PPGR1'!#REF!) | E86: =IF('Formulario PPGR2'!$G86="","",'Formulario PPGR1'!#REF!) | F86: =IF('Formulario PPGR2'!$G86="","",'Formulario PPGR1'!#REF!) | H86: SRSEV 1.1.3.3.02 | I86: Taller de Masculinidad Positiva | L86: 1 | O86: 1 | R86: 1 | V86: =SUM('Formulario PPGR2'!$J86:$U86) -> 3 | W86: Listado de participación | X86: Agenda | Y86: Fotos | Z86: Género
B87: =IF('Formulario PPGR2'!$G87="","",CONCATENATE('Formulario PPGR2'!$C87,".",'Formulario PPGR2'!$D87,".",'Formulario PPGR2'!$E87,".",'Formulario PPGR2'!$F87)) | C87: =IF('Formulario PPGR2'!$G87="","",'Formulario PPGR1'!#REF!) | D87: =IF('Formulario PPGR2'!$G87="","",'Formulario PPGR1'!#REF!) | E87: =IF('Formulario PPGR2'!$G87="","",'Formulario PPGR1'!#REF!) | F87: =IF('Formulario PPGR2'!$G87="","",'Formulario PPGR1'!#REF!) | H87: SRSEV 1.1.3.3.03 | I87: Visitas de supervisión y seguimiento a las unidades de Género para seguimiento al protocolo y correcto abordaje a los pacientes victimas de violencia | K87: 1 | L87: 1 | M87: 1 | N87: 1 | O87: 1 | P87: 1 | Q87: 1 | R87: 1 | S87: 1 | V87: =SUM('Formulario PPGR2'!$J87:$U87) -> 9 | W87: Listado de participación | X87: Reporte | Z87: Género | AA87: Depende de la apertura de unidades de genero en los CEAS de la region
B88: =IF('Formulario PPGR2'!$G88="","",CONCATENATE('Formulario PPGR2'!$C88,".",'Formulario PPGR2'!$D88,".",'Formulario PPGR2'!$E88,".",'Formulario PPGR2'!$F88)) | C88: =IF('Formulario PPGR2'!$G88="","",'Formulario PPGR1'!#REF!) | D88: =IF('Formulario PPGR2'!$G88="","",'Formulario PPGR1'!#REF!) | E88: =IF('Formulario PPGR2'!$G88="","",'Formulario PPGR1'!#REF!) | F88: =IF('Formulario PPGR2'!$G88="","",'Formulario PPGR1'!#REF!) | H88: SRSEV 1.1.3.3.04 | I88: Habilitación Unidades de Género en Salud | N88: 1 | R88: 1 | V88: =SUM('Formulario PPGR2'!$J88:$U88) -> 2 | W88: Informe | Z88: Género | AA88: Aplica 2 Unidades para SRS Metropolitano, Norcentral, Este, Cibao Central (Valdesia, Nordeste, Enriquillo, El Valle, Cibao Occidental solo aplica la habilitación de una unidad).
B89: =IF('Formulario PPGR2'!$G89="","",CONCATENATE('Formulario PPGR2'!$C89,".",'Formulario PPGR2'!$D89,".",'Formulario PPGR2'!$E89,".",'Formulario PPGR2'!$F89)) | C89: =IF('Formulario PPGR2'!$G89="","",'Formulario PPGR1'!#REF!) | D89: =IF('Formulario PPGR2'!$G89="","",'Formulario PPGR1'!#REF!) | E89: =IF('Formulario PPGR2'!$G89="","",'Formulario PPGR1'!#REF!) | F89: =IF('Formulario PPGR2'!$G89="","",'Formulario PPGR1'!#REF!) | H89: SRSEV 1.1.3.3.05 | I89: Talleres de capacitación al personal de los EES para la identificación y seguimiento a victimas de violencia intrafamiliar | M89: 1 | R89: 1 | V89: =SUM('Formulario PPGR2'!$J89:$U89) -> 2 | W89: Listado de participación | X89: Agenda | Y89: Fotos | Z89: Género
B90: =IF('Formulario PPGR2'!$G90="","",CONCATENATE('Formulario PPGR2'!$C90,".",'Formulario PPGR2'!$D90,".",'Formulario PPGR2'!$E90,".",'Formulario PPGR2'!$F90)) -> #REF! | C90: =IF('Formulario PPGR2'!$G90="","",'Formulario PPGR1'!#REF!) -> #REF! | D90: =IF('Formulario PPGR2'!$G90="","",'Formulario PPGR1'!#REF!) -> #REF! | E90: =IF('Formulario PPGR2'!$G90="","",'Formulario PPGR1'!#REF!) -> #REF! | F90: =IF('Formulario PPGR2'!$G90="","",'Formulario PPGR1'!#REF!) -> #REF! | G90: 1.1.4.1 Provisión de servicios de salud para la atención a la malaria en la red de establecimientos | H90: SRSEV 1.1.4.1.01 | I90: Seguimiento a la implementación del DTIR (Detección, tratamiento, investigación y Respuesta) en centros de salud | K90: 1 | L90: 1 | M90: 1 | N90: 1 | O90: 1 | P90: 1 | Q90: 1 | R90: 1 | S90: 1 | T90: 1 | U90: 1 | V90: =SUM('Formulario PPGR2'!$J90:$U90) -> 11 | W90: Listado de participación | X90: Informe | Z90: Gestión Clínica | AA90: Aplica a los 9 SRS con o si focos activos de malaria.
B91: =IF('Formulario PPGR2'!$G91="","",CONCATENATE('Formulario PPGR2'!$C91,".",'Formulario PPGR2'!$D91,".",'Formulario PPGR2'!$E91,".",'Formulario PPGR2'!$F91)) -> #REF! | C91: =IF('Formulario PPGR2'!$G91="","",'Formulario PPGR1'!#REF!) -> #REF! | D91: =IF('Formulario PPGR2'!$G91="","",'Formulario PPGR1'!#REF!) -> #REF! | E91: =IF('Formulario PPGR2'!$G91="","",'Formulario PPGR1'!#REF!) -> #REF! | F91: =IF('Formulario PPGR2'!$G91="","",'Formulario PPGR1'!#REF!) -> #REF! | G91: 1.1.4.2 Fortalecimiento de la gestión de los Servicios de Atención Integral (SAIs) para el VIH-SIDA en todos sus componentes | H91: SRSEV 1.1.4.2.01 | I91: Visitas de seguimiento al fortalecimiento del Sistema de Registro Nominal de Atención Integral (SIRNAI) en SAI | K91: 1 | M91: 1 | O91: 1 | Q91: 1 | S91: 1 | U91: 1 | V91: =SUM('Formulario PPGR2'!$J91:$U91) -> 6 | W91: Listado de participación | X91: Informe | Z91: Gestión Clínica
B92: =IF('Formulario PPGR2'!$G92="","",CONCATENATE('Formulario PPGR2'!$C92,".",'Formulario PPGR2'!$D92,".",'Formulario PPGR2'!$E92,".",'Formulario PPGR2'!$F92)) | C92: =IF('Formulario PPGR2'!$G92="","",'Formulario PPGR1'!#REF!) | D92: =IF('Formulario PPGR2'!$G92="","",'Formulario PPGR1'!#REF!) | E92: =IF('Formulario PPGR2'!$G92="","",'Formulario PPGR1'!#REF!) | F92: =IF('Formulario PPGR2'!$G92="","",'Formulario PPGR1'!#REF!) | H92: SRSEV 1.1.4.2.02 | I92: Visita a los EES en el levantamiento para la implementación del Sistema de Registro Nominal de VIH (SIRENP-VIH) | L92: 1 | O92: 1 | R92: 1 | U92: 1 | V92: =SUM('Formulario PPGR2'!$J92:$U92) -> 4 | W92: Listado de participación | X92: Informe | Y92: captura de envío a DLI | Z92: Laboratorios e Imágenes
B93: =IF('Formulario PPGR2'!$G93="","",CONCATENATE('Formulario PPGR2'!$C93,".",'Formulario PPGR2'!$D93,".",'Formulario PPGR2'!$E93,".",'Formulario PPGR2'!$F93)) | C93: =IF('Formulario PPGR2'!$G93="","",'Formulario PPGR1'!#REF!) | D93: =IF('Formulario PPGR2'!$G93="","",'Formulario PPGR1'!#REF!) | E93: =IF('Formulario PPGR2'!$G93="","",'Formulario PPGR1'!#REF!) | F93: =IF('Formulario PPGR2'!$G93="","",'Formulario PPGR1'!#REF!) | H93: SRSEV 1.1.4.2.03 | I93: Visitas de supervisión Áreas de Consejería para pruebas VIH de EES priorizados para verificar entrega y registro oportuno de pre y post consejería en el SIRENP | L93: 1 | N93: 1 | P93: 1 | R93: 1 | T93: 1 | V93: =SUM('Formulario PPGR2'!$J93:$U93) -> 5 | W93: Listado de participación | X93: Informe | Z93: Gestión Clínica
B94: =IF('Formulario PPGR2'!$G94="","",CONCATENATE('Formulario PPGR2'!$C94,".",'Formulario PPGR2'!$D94,".",'Formulario PPGR2'!$E94,".",'Formulario PPGR2'!$F94)) | C94: =IF('Formulario PPGR2'!$G94="","",'Formulario PPGR1'!#REF!) | D94: =IF('Formulario PPGR2'!$G94="","",'Formulario PPGR1'!#REF!) | E94: =IF('Formulario PPGR2'!$G94="","",'Formulario PPGR1'!#REF!) | F94: =IF('Formulario PPGR2'!$G94="","",'Formulario PPGR1'!#REF!) | H94: SRSEV 1.1.4.2.04 | I94: Reuniones de seguimiento al cumplimiento de indicadores del PoR 42 en las regiones priorizadas (SRS) | J94: 1 | M94: 1 | P94: 1 | S94: 1 | V94: =SUM('Formulario PPGR2'!$J94:$U94) -> 4 | W94: Listado de participación | X94: Minuta | Z94: Gestión Clínica
B95: =IF('Formulario PPGR2'!$G95="","",CONCATENATE('Formulario PPGR2'!$C95,".",'Formulario PPGR2'!$D95,".",'Formulario PPGR2'!$E95,".",'Formulario PPGR2'!$F95)) -> #REF! | C95: =IF('Formulario PPGR2'!$G95="","",'Formulario PPGR1'!#REF!) -> #REF! | D95: =IF('Formulario PPGR2'!$G95="","",'Formulario PPGR1'!#REF!) -> #REF! | E95: =IF('Formulario PPGR2'!$G95="","",'Formulario PPGR1'!#REF!) -> #REF! | F95: =IF('Formulario PPGR2'!$G95="","",'Formulario PPGR1'!#REF!) -> #REF! | G95: 1.1.4.3 Fortalecimiento de la provisión de los Servicios a pacientes con Enfermedades Transmitidas por Vectores | H95: SRSEV 1.1.4.3.01 | I95: Seguimiento a los programas de enfermedades transmisibles por vectores en primer nivel de atención | N95: 1 | S95: 1 | V95: =SUM('Formulario PPGR2'!$J95:$U95) -> 2 | W95: Informe | Z95: Primer nivel
B96: =IF('Formulario PPGR2'!$G96="","",CONCATENATE('Formulario PPGR2'!$C96,".",'Formulario PPGR2'!$D96,".",'Formulario PPGR2'!$E96,".",'Formulario PPGR2'!$F96)) | C96: =IF('Formulario PPGR2'!$G96="","",'Formulario PPGR1'!#REF!) | D96: =IF('Formulario PPGR2'!$G96="","",'Formulario PPGR1'!#REF!) | E96: =IF('Formulario PPGR2'!$G96="","",'Formulario PPGR1'!#REF!) | F96: =IF('Formulario PPGR2'!$G96="","",'Formulario PPGR1'!#REF!) | H96: SRSEV 1.1.4.3.02 | I96: Visitas de seguimiento a la calidad de la atención de los pacientes con mordeduras | M96: 1 | Q96: 1 | T96: 1 | V96: =SUM('Formulario PPGR2'!$J96:$U96) -> 3 | W96: Listado de participación | X96: Informe | Z96: Gestión Clínica | AA96: 9 SRS
B97: =IF('Formulario PPGR2'!$G97="","",CONCATENATE('Formulario PPGR2'!$C97,".",'Formulario PPGR2'!$D97,".",'Formulario PPGR2'!$E97,".",'Formulario PPGR2'!$F97)) | C97: =IF('Formulario PPGR2'!$G97="","",'Formulario PPGR1'!#REF!) | D97: =IF('Formulario PPGR2'!$G97="","",'Formulario PPGR1'!#REF!) | E97: =IF('Formulario PPGR2'!$G97="","",'Formulario PPGR1'!#REF!) | F97: =IF('Formulario PPGR2'!$G97="","",'Formulario PPGR1'!#REF!) | H97: SRSEV 1.1.4.3.03 | I97: Capacitación y actualización en Arbovirosis a los centros de salud | P97: 1 | V97: =SUM('Formulario PPGR2'!$J97:$U97) -> 1 | W97: Listado de participación | X97: Agenda | Z97: Gestión Clínica | AA97: 9 SRS
B98: =IF('Formulario PPGR2'!$G98="","",CONCATENATE('Formulario PPGR2'!$C98,".",'Formulario PPGR2'!$D98,".",'Formulario PPGR2'!$E98,".",'Formulario PPGR2'!$F98)) -> #REF! | C98: =IF('Formulario PPGR2'!$G98="","",'Formulario PPGR1'!#REF!) -> #REF! | D98: =IF('Formulario PPGR2'!$G98="","",'Formulario PPGR1'!#REF!) -> #REF! | E98: =IF('Formulario PPGR2'!$G98="","",'Formulario PPGR1'!#REF!) -> #REF! | F98: =IF('Formulario PPGR2'!$G98="","",'Formulario PPGR1'!#REF!) -> #REF! | G98: 1.1.4.5 Fortalecimiento a la atención en los servicios ante la Tb (TB, TB-DR, TB/VIH) enfocado al cumplimiento de las metas para la Detección, Diagnostico y Tratamiento (DDT) | H98: SRSEV 1.1.4.5.01 | I98: Capacitación y actualización (Algoritmo, TB-DR, TB/VIH) al personal de salud de los EES para el fortalecimiento del programa de Tuberculosis. | M98: 1 | P98: 1 | S98: 1 | V98: =SUM('Formulario PPGR2'!$J98:$U98) -> 3 | W98: Listado de participación | X98: Informe | Z98: Gestión Clínica
B99: =IF('Formulario PPGR2'!$G99="","",CONCATENATE('Formulario PPGR2'!$C99,".",'Formulario PPGR2'!$D99,".",'Formulario PPGR2'!$E99,".",'Formulario PPGR2'!$F99)) | C99: =IF('Formulario PPGR2'!$G99="","",'Formulario PPGR1'!#REF!) | D99: =IF('Formulario PPGR2'!$G99="","",'Formulario PPGR1'!#REF!) | E99: =IF('Formulario PPGR2'!$G99="","",'Formulario PPGR1'!#REF!) | F99: =IF('Formulario PPGR2'!$G99="","",'Formulario PPGR1'!#REF!) | H99: SRSEV 1.1.4.5.02 | I99: Visitas de auditoria al Sistema de Información Operacional y Epidemiológico de TB (SIOE) en los EES para fortalecimiento de la calidad del dato. | L99: 5 | M99: 5 | N99: 5 | O99: 5 | P99: 5 | Q99: 5 | R99: 5 | S99: 5 | T99: 5 | U99: 5 | V99: =SUM('Formulario PPGR2'!$J99:$U99) -> 50 | W99: Listado de participación | X99: Informe | Z99: Gestión Clínica
B100: =IF('Formulario PPGR2'!$G100="","",CONCATENATE('Formulario PPGR2'!$C100,".",'Formulario PPGR2'!$D100,".",'Formulario PPGR2'!$E100,".",'Formulario PPGR2'!$F100)) | C100: =IF('Formulario PPGR2'!$G100="","",'Formulario PPGR1'!#REF!) | D100: =IF('Formulario PPGR2'!$G100="","",'Formulario PPGR1'!#REF!) | E100: =IF('Formulario PPGR2'!$G100="","",'Formulario PPGR1'!#REF!) | F100: =IF('Formulario PPGR2'!$G100="","",'Formulario PPGR1'!#REF!) | H100: SRSEV 1.1.4.5.03 | I100: Implementación y seguimiento a la Terapia Preventiva de Tuberculosis (TPT) en los SAIs de la región. | L100: 4 | O100: 4 | R100: 4 | U100: 4 | V100: =SUM('Formulario PPGR2'!$J100:$U100) -> 16 | W100: Reporte | Z100: Gestión Clínica
B101: =IF('Formulario PPGR2'!$G101="","",CONCATENATE('Formulario PPGR2'!$C101,".",'Formulario PPGR2'!$D101,".",'Formulario PPGR2'!$E101,".",'Formulario PPGR2'!$F101)) | C101: =IF('Formulario PPGR2'!$G101="","",'Formulario PPGR1'!#REF!) | D101: =IF('Formulario PPGR2'!$G101="","",'Formulario PPGR1'!#REF!) | E101: =IF('Formulario PPGR2'!$G101="","",'Formulario PPGR1'!#REF!) | F101: =IF('Formulario PPGR2'!$G101="","",'Formulario PPGR1'!#REF!) | H101: SRSEV 1.1.4.5.05 | I101: Visitas a las Unidades Técnicas Regionales (UTR) para Monitoreo el cumplimiento de protocolos establecidos para el manejo de los pacientes Drogo resistentes. | L101: 2 | O101: 2 | R101: 2 | U101: 2 | V101: =SUM('Formulario PPGR2'!$J101:$U101) -> 8 | W101: Listado de participación | X101: Informe | Z101: Gestión Clínica | AA101: Estas unidades están ubicadas en las regiones en hospitales específicos como: SRS Metropolitano:, CPNA Anti TB de Adultos SRS Valdesia: Hospital Juan Pablo Pina SRS Norcentral: Hospital Cabral y Báez SRS Nordeste: Hospital San Vicente de Paul SRS Este: Hospital Dr. Antonio Musa SRS El Valle: Hospital Simón Stridel SRS Cibao Occidental: Hospital Luis L. Bogaert SRS Cibao Central: Hospital Luis Morillo King
B102: =IF('Formulario PPGR2'!$G102="","",CONCATENATE('Formulario PPGR2'!$C102,".",'Formulario PPGR2'!$D102,".",'Formulario PPGR2'!$E102,".",'Formulario PPGR2'!$F102)) | C102: =IF('Formulario PPGR2'!$G102="","",'Formulario PPGR1'!#REF!) | D102: =IF('Formulario PPGR2'!$G102="","",'Formulario PPGR1'!#REF!) | E102: =IF('Formulario PPGR2'!$G102="","",'Formulario PPGR1'!#REF!) | F102: =IF('Formulario PPGR2'!$G102="","",'Formulario PPGR1'!#REF!) | H102: SRSEV 1.1.4.5.06 | I102: Mesa de Trabajo con Gerencias de Áreas para revisión de los indicadores y realización de planes de mejora en los servicios de TB | L102: 1 | M102: 1 | N102: 1 | O102: 1 | P102: 1 | Q102: 1 | R102: 1 | S102: 1 | T102: 1 | U102: 1 | V102: =SUM('Formulario PPGR2'!$J102:$U102) -> 10 | W102: Listado de participación | X102: Minuta | Z102: Gestión Clínica
B103: =IF('Formulario PPGR2'!$G103="","",CONCATENATE('Formulario PPGR2'!$C103,".",'Formulario PPGR2'!$D103,".",'Formulario PPGR2'!$E103,".",'Formulario PPGR2'!$F103)) | C103: =IF('Formulario PPGR2'!$G103="","",'Formulario PPGR1'!#REF!) | D103: =IF('Formulario PPGR2'!$G103="","",'Formulario PPGR1'!#REF!) | E103: =IF('Formulario PPGR2'!$G103="","",'Formulario PPGR1'!#REF!) | F103: =IF('Formulario PPGR2'!$G103="","",'Formulario PPGR1'!#REF!) | H103: SRSEV 1.1.4.5.07 | I103: Mesa de trabajo con Primer Nivel de Atención y Medicamento e Insumos para coordinación y distribución de medicamentos en los EES. | K103: 1 | N103: 1 | R103: 1 | V103: =SUM('Formulario PPGR2'!$J103:$U103) -> 3 | W103: Listado de participación | X103: Minuta | Z103: Gestión Clínica
...

Sheet Formulario PPGR3
S1: Venta Servicios
I2: ='[3]Formulario PPGR1'!G2 -> Servicio Nacional de Salud
I3: ='[3]Formulario PPGR1'!G3 -> Dirección de Planificación y Desarrollo
I4: ='[3]Formulario PPGR1'!G4 -> Plan Operativo Anual
I5: Identificación de necesidades de insumos
I6: ='[3]Formulario PPGR1'!$M$3 -> SNS - Dirección Central
B8: ID_Dependendencia | C8: POA | D8: SRS | E8: AREA | F8: TIPO | G8: Código_Actividad | H8: Actividad | I8: Total de Actividades | J8: Insumos | K8: InsumoAbrev | L8: Descripción | M8: Unidad de Medida | N8: Cantidad de Insumos | O8: Precio Unitario | P8: Valor Total | Q8: Código Presupuestario | R8: Fuente de Financiamiento
B9: =IF('Formulario PPGR3'!$G9="","",CONCATENATE('Formulario PPGR3'!$C9,".",'Formulario PPGR3'!$D9,".",'Formulario PPGR3'!$E9,".",'Formulario PPGR3'!$F9)) -> #REF! | C9: =IF('Formulario PPGR3'!$G9="","",'[3]Formulario PPGR1'!#REF!) -> #REF! | D9: =IF('Formulario PPGR3'!$G9="","",'[3]Formulario PPGR1'!#REF!) -> #REF! | E9: =IF('Formulario PPGR3'!$G9="","",'[3]Formulario PPGR1'!#REF!) -> #REF! | F9: =IF('Formulario PPGR3'!$G9="","",'[3]Formulario PPGR1'!#REF!) -> #REF! | G9: SRSEV 1.1.1.1.01 | H9: =IFERROR(VLOOKUP('Formulario PPGR3'!$G9,'Formulario PPGR2'!$H$39:$I$10486,2,FALSE),"") | I9: =IFERROR(VLOOKUP('Formulario PPGR3'!$G9,'Formulario PPGR2'!$H$9:$V$303,15,FALSE),"") -> 2 | J9: Alimentos y bebidas para personas | K9: =IFERROR(VLOOKUP($J9,[4]LSIns!$B$5:$C$45,2,FALSE),"") -> lsAlimentosyBebidas | L9: Almuerzo tipo Buffet para 40 personas (Cristalería, Cuberteria, Mesas, Sillas, Manteles, Servilletas) | M9: =IFERROR(VLOOKUP($L9,[5]Insumos!$C$2:$F$517,2,FALSE),"") -> unidad | N9: 3 | O9: =IFERROR(VLOOKUP($L9,[5]Insumos!$C$2:$F$517,3,FALSE),"") -> 61419 | P9: =+'Formulario PPGR3'!$O9*'Formulario PPGR3'!$N9 -> 184257 | Q9: =IFERROR(VLOOKUP($L9,[5]Insumos!$C$2:$F$517,4,FALSE),"") -> 2.3.1.1.01 | R9: Venta de servicios
B10: =IF('Formulario PPGR3'!$G10="","",CONCATENATE('Formulario PPGR3'!$C10,".",'Formulario PPGR3'!$D10,".",'Formulario PPGR3'!$E10,".",'Formulario PPGR3'!$F10)) -> #REF! | C10: =IF('Formulario PPGR3'!$G10="","",'[3]Formulario PPGR1'!#REF!) -> #REF! | D10: =IF('Formulario PPGR3'!$G10="","",'[3]Formulario PPGR1'!#REF!) -> #REF! | E10: =IF('Formulario PPGR3'!$G10="","",'[3]Formulario PPGR1'!#REF!) -> #REF! | F10: =IF('Formulario PPGR3'!$G10="","",'[3]Formulario PPGR1'!#REF!) -> #REF! | G10: SRSEV 1.1.1.1.01 | H10: =IFERROR(VLOOKUP('Formulario PPGR3'!$G10,'Formulario PPGR2'!$H$39:$I$10486,2,FALSE),"") | I10: =IFERROR(VLOOKUP('Formulario PPGR3'!$G10,'Formulario PPGR2'!$H$9:$V$303,15,FALSE),"") -> 2 | J10: Útiles de escritorio, oficina, informática y de enseñanza | K10: =IFERROR(VLOOKUP($J10,[4]LSIns!$B$5:$C$45,2,FALSE),"") -> lsUtilesdeOficina | L10: Lapiceros color Azul (cajas) | M10: =IFERROR(VLOOKUP($L10,[5]Insumos!$C$2:$F$517,2,FALSE),"") -> unidad | N10: 4 | O10: =IFERROR(VLOOKUP($L10,[5]Insumos!$C$2:$F$517,3,FALSE),"") -> 55 | P10: =+'Formulario PPGR3'!$O10*'Formulario PPGR3'!$N10 -> 220 | Q10: =IFERROR(VLOOKUP($L10,[5]Insumos!$C$2:$F$517,4,FALSE),"") -> 2.3.9.2.01 | R10: Venta de servicios
B11: =IF('Formulario PPGR3'!$G11="","",CONCATENATE('Formulario PPGR3'!$C11,".",'Formulario PPGR3'!$D11,".",'Formulario PPGR3'!$E11,".",'Formulario PPGR3'!$F11)) -> #REF! | C11: =IF('Formulario PPGR3'!$G11="","",'[3]Formulario PPGR1'!#REF!) -> #REF! | D11: =IF('Formulario PPGR3'!$G11="","",'[3]Formulario PPGR1'!#REF!) -> #REF! | E11: =IF('Formulario PPGR3'!$G11="","",'[3]Formulario PPGR1'!#REF!) -> #REF! | F11: =IF('Formulario PPGR3'!$G11="","",'[3]Formulario PPGR1'!#REF!) -> #REF! | G11: SRSEV 1.1.1.1.01 | H11: =IFERROR(VLOOKUP('Formulario PPGR3'!$G11,'Formulario PPGR2'!$H$39:$I$10486,2,FALSE),"") | I11: =IFERROR(VLOOKUP('Formulario PPGR3'!$G11,'Formulario PPGR2'!$H$9:$V$303,15,FALSE),"") -> 2 | J11: Impresión y encuadernación | K11: =IFERROR(VLOOKUP($J11,[4]LSIns!$B$5:$C$45,2,FALSE),"") -> lsImpresionyEncuadernacion | L11: Impresión Formularios (dos caras) | M11: =IFERROR(VLOOKUP($L11,[5]Insumos!$C$2:$F$517,2,FALSE),"") -> unidad | N11: 300 | O11: =IFERROR(VLOOKUP($L11,[5]Insumos!$C$2:$F$517,3,FALSE),"") -> 1.9824 | P11: =+'Formulario PPGR3'!$O11*'Formulario PPGR3'!$N11 -> 594.72 | Q11: =IFERROR(VLOOKUP($L11,[5]Insumos!$C$2:$F$517,4,FALSE),"") -> 2.2.2.2.01 | R11: Venta de servicios
B12: =IF('Formulario PPGR3'!$G12="","",CONCATENATE('Formulario PPGR3'!$C12,".",'Formulario PPGR3'!$D12,".",'Formulario PPGR3'!$E12,".",'Formulario PPGR3'!$F12)) -> #REF! | C12: =IF('Formulario PPGR3'!$G12="","",'[3]Formulario PPGR1'!#REF!) -> #REF! | D12: =IF('Formulario PPGR3'!$G12="","",'[3]Formulario PPGR1'!#REF!) -> #REF! | E12: =IF('Formulario PPGR3'!$G12="","",'[3]Formulario PPGR1'!#REF!) -> #REF! | F12: =IF('Formulario PPGR3'!$G12="","",'[3]Formulario PPGR1'!#REF!) -> #REF! | G12: SRSEV 1.1.1.1.01 | H12: =IFERROR(VLOOKUP('Formulario PPGR3'!$G12,'Formulario PPGR2'!$H$39:$I$10486,2,FALSE),"") | I12: =IFERROR(VLOOKUP('Formulario PPGR3'!$G12,'Formulario PPGR2'!$H$9:$V$303,15,FALSE),"") -> 2 | J12: Gasoil | K12: =IFERROR(VLOOKUP($J12,[4]LSIns!$B$5:$C$45,2,FALSE),"") -> lsGasoil | L12: Galones de Gasoil Optimo | M12: =IFERROR(VLOOKUP($L12,[5]Insumos!$C$2:$F$517,2,FALSE),"") -> galon | N12: 90 | O12: =IFERROR(VLOOKUP($L12,[5]Insumos!$C$2:$F$517,3,FALSE),"") -> 197 | P12: =+'Formulario PPGR3'!$O12*'Formulario PPGR3'!$N12 -> 17730 | Q12: =IFERROR(VLOOKUP($L12,[5]Insumos!$C$2:$F$517,4,FALSE),"") -> 2.3.7.1.02 | R12: Venta de servicios
B13: =IF('Formulario PPGR3'!$G13="","",CONCATENATE('Formulario PPGR3'!$C13,".",'Formulario PPGR3'!$D13,".",'Formulario PPGR3'!$E13,".",'Formulario PPGR3'!$F13)) -> #REF! | C13: =IF('Formulario PPGR3'!$G13="","",'[3]Formulario PPGR1'!#REF!) -> #REF! | D13: =IF('Formulario PPGR3'!$G13="","",'[3]Formulario PPGR1'!#REF!) -> #REF! | E13: =IF('Formulario PPGR3'!$G13="","",'[3]Formulario PPGR1'!#REF!) -> #REF! | F13: =IF('Formulario PPGR3'!$G13="","",'[3]Formulario PPGR1'!#REF!) -> #REF! | G13: SRSEV 1.1.1.1.02 | H13: =IFERROR(VLOOKUP('Formulario PPGR3'!$G13,'Formulario PPGR2'!$H$39:$I$10486,2,FALSE),"") | I13: =IFERROR(VLOOKUP('Formulario PPGR3'!$G13,'Formulario PPGR2'!$H$9:$V$303,15,FALSE),"") -> 4 | J13: Gasoil | K13: =IFERROR(VLOOKUP($J13,[4]LSIns!$B$5:$C$45,2,FALSE),"") -> lsGasoil | L13: Galones de Gasoil Optimo | M13: =IFERROR(VLOOKUP($L13,[5]Insumos!$C$2:$F$517,2,FALSE),"") -> galon | N13: 1550 | O13: =IFERROR(VLOOKUP($L13,[5]Insumos!$C$2:$F$517,3,FALSE),"") -> 197 | P13: =+'Formulario PPGR3'!$O13*'Formulario PPGR3'!$N13 -> 305350 | Q13: =IFERROR(VLOOKUP($L13,[5]Insumos!$C$2:$F$517,4,FALSE),"") -> 2.3.7.1.02 | R13: Venta de servicios
B14: =IF('Formulario PPGR3'!$G14="","",CONCATENATE('Formulario PPGR3'!$C14,".",'Formulario PPGR3'!$D14,".",'Formulario PPGR3'!$E14,".",'Formulario PPGR3'!$F14)) -> #REF! | C14: =IF('Formulario PPGR3'!$G14="","",'[3]Formulario PPGR1'!#REF!) -> #REF! | D14: =IF('Formulario PPGR3'!$G14="","",'[3]Formulario PPGR1'!#REF!) -> #REF! | E14: =IF('Formulario PPGR3'!$G14="","",'[3]Formulario PPGR1'!#REF!) -> #REF! | F14: =IF('Formulario PPGR3'!$G14="","",'[3]Formulario PPGR1'!#REF!) -> #REF! | G14: SRSEV 1.1.1.1.02 | H14: =IFERROR(VLOOKUP('Formulario PPGR3'!$G14,'Formulario PPGR2'!$H$39:$I$10486,2,FALSE),"") | I14: =IFERROR(VLOOKUP('Formulario PPGR3'!$G14,'Formulario PPGR2'!$H$9:$V$303,15,FALSE),"") -> 4 | J14: Impresión y encuadernación | K14: =IFERROR(VLOOKUP($J14,[4]LSIns!$B$5:$C$45,2,FALSE),"") -> lsImpresionyEncuadernacion | L14: Impresión Formularios (dos caras) | M14: =IFERROR(VLOOKUP($L14,[5]Insumos!$C$2:$F$517,2,FALSE),"") -> unidad | N14: 4500 | O14: =IFERROR(VLOOKUP($L14,[5]Insumos!$C$2:$F$517,3,FALSE),"") -> 1.9824 | P14: =+'Formulario PPGR3'!$O14*'Formulario PPGR3'!$N14 -> 8920.8 | Q14: =IFERROR(VLOOKUP($L14,[5]Insumos!$C$2:$F$517,4,FALSE),"") -> 2.2.2.2.01 | R14: Venta de servicios
B15: =IF('Formulario PPGR3'!$G15="","",CONCATENATE('Formulario PPGR3'!$C15,".",'Formulario PPGR3'!$D15,".",'Formulario PPGR3'!$E15,".",'Formulario PPGR3'!$F15)) -> #REF! | C15: =IF('Formulario PPGR3'!$G15="","",'[3]Formulario PPGR1'!#REF!) -> #REF! | D15: =IF('Formulario PPGR3'!$G15="","",'[3]Formulario PPGR1'!#REF!) -> #REF! | E15: =IF('Formulario PPGR3'!$G15="","",'[3]Formulario PPGR1'!#REF!) -> #REF! | F15: =IF('Formulario PPGR3'!$G15="","",'[3]Formulario PPGR1'!#REF!) -> #REF! | G15: SRSEV 1.1.1.1.03 | H15: =IFERROR(VLOOKUP('Formulario PPGR3'!$G15,'Formulario PPGR2'!$H$39:$I$10486,2,FALSE),"") | I15: =IFERROR(VLOOKUP('Formulario PPGR3'!$G15,'Formulario PPGR2'!$H$9:$V$303,15,FALSE),"") -> 2 | J15: Gasoil | K15: =IFERROR(VLOOKUP($J15,[4]LSIns!$B$5:$C$45,2,FALSE),"") -> lsGasoil | L15: Galones de Gasoil Optimo | M15: =IFERROR(VLOOKUP($L15,[5]Insumos!$C$2:$F$517,2,FALSE),"") -> galon | N15: 1550 | O15: =IFERROR(VLOOKUP($L15,[5]Insumos!$C$2:$F$517,3,FALSE),"") -> 197 | P15: =+'Formulario PPGR3'!$O15*'Formulario PPGR3'!$N15 -> 305350 | Q15: =IFERROR(VLOOKUP($L15,[5]Insumos!$C$2:$F$517,4,FALSE),"") -> 2.3.7.1.02 | R15: Venta de servicios
B16: =IF('Formulario PPGR3'!$G16="","",CONCATENATE('Formulario PPGR3'!$C16,".",'Formulario PPGR3'!$D16,".",'Formulario PPGR3'!$E16,".",'Formulario PPGR3'!$F16)) -> #REF! | C16: =IF('Formulario PPGR3'!$G16="","",'[3]Formulario PPGR1'!#REF!) -> #REF! | D16: =IF('Formulario PPGR3'!$G16="","",'[3]Formulario PPGR1'!#REF!) -> #REF! | E16: =IF('Formulario PPGR3'!$G16="","",'[3]Formulario PPGR1'!#REF!) -> #REF! | F16: =IF('Formulario PPGR3'!$G16="","",'[3]Formulario PPGR1'!#REF!) -> #REF! | G16: SRSEV 1.1.1.1.03 | H16: =IFERROR(VLOOKUP('Formulario PPGR3'!$G16,'Formulario PPGR2'!$H$39:$I$10486,2,FALSE),"") | I16: =IFERROR(VLOOKUP('Formulario PPGR3'!$G16,'Formulario PPGR2'!$H$9:$V$303,15,FALSE),"") -> 2 | J16: Impresión y encuadernación | K16: =IFERROR(VLOOKUP($J16,[4]LSIns!$B$5:$C$45,2,FALSE),"") -> lsImpresionyEncuadernacion | L16: Impresión Formularios (dos caras) | M16: =IFERROR(VLOOKUP($L16,[5]Insumos!$C$2:$F$517,2,FALSE),"") -> unidad | N16: 2300 | O16: =IFERROR(VLOOKUP($L16,[5]Insumos!$C$2:$F$517,3,FALSE),"") -> 1.9824 | P16: =+'Formulario PPGR3'!$O16*'Formulario PPGR3'!$N16 -> 4559.52 | Q16: =IFERROR(VLOOKUP($L16,[5]Insumos!$C$2:$F$517,4,FALSE),"") -> 2.2.2.2.01 | R16: Venta de servicios
B17: =IF('Formulario PPGR3'!$G17="","",CONCATENATE('Formulario PPGR3'!$C17,".",'Formulario PPGR3'!$D17,".",'Formulario PPGR3'!$E17,".",'Formulario PPGR3'!$F17)) -> #REF! | C17: =IF('Formulario PPGR3'!$G17="","",'[3]Formulario PPGR1'!#REF!) -> #REF! | D17: =IF('Formulario PPGR3'!$G17="","",'[3]Formulario PPGR1'!#REF!) -> #REF! | E17: =IF('Formulario PPGR3'!$G17="","",'[3]Formulario PPGR1'!#REF!) -> #REF! | F17: =IF('Formulario PPGR3'!$G17="","",'[3]Formulario PPGR1'!#REF!) -> #REF! | G17: SRSEV 1.1.1.1.04 | H17: =IFERROR(VLOOKUP('Formulario PPGR3'!$G17,'Formulario PPGR2'!$H$39:$I$10486,2,FALSE),"") | I17: =IFERROR(VLOOKUP('Formulario PPGR3'!$G17,'Formulario PPGR2'!$H$9:$V$303,15,FALSE),"") -> 2 | J17: Gasoil | K17: =IFERROR(VLOOKUP($J17,[4]LSIns!$B$5:$C$45,2,FALSE),"") -> lsGasoil | L17: Galones de Gasoil Optimo | M17: =IFERROR(VLOOKUP($L17,[5]Insumos!$C$2:$F$517,2,FALSE),"") -> galon | N17: 4000 | O17: =IFERROR(VLOOKUP($L17,[5]Insumos!$C$2:$F$517,3,FALSE),"") -> 197 | P17: =+'Formulario PPGR3'!$O17*'Formulario PPGR3'!$N17 -> 788000 | Q17: =IFERROR(VLOOKUP($L17,[5]Insumos!$C$2:$F$517,4,FALSE),"") -> 2.3.7.1.02 | R17: Venta de servicios
B18: =IF('Formulario PPGR3'!$G18="","",CONCATENATE('Formulario PPGR3'!$C18,".",'Formulario PPGR3'!$D18,".",'Formulario PPGR3'!$E18,".",'Formulario PPGR3'!$F18)) -> #REF! | C18: =IF('Formulario PPGR3'!$G18="","",'[3]Formulario PPGR1'!#REF!) -> #REF! | D18: =IF('Formulario PPGR3'!$G18="","",'[3]Formulario PPGR1'!#REF!) -> #REF! | E18: =IF('Formulario PPGR3'!$G18="","",'[3]Formulario PPGR1'!#REF!) -> #REF! | F18: =IF('Formulario PPGR3'!$G18="","",'[3]Formulario PPGR1'!#REF!) -> #REF! | G18: SRSEV 1.1.1.1.04 | H18: =IFERROR(VLOOKUP('Formulario PPGR3'!$G18,'Formulario PPGR2'!$H$39:$I$10486,2,FALSE),"") | I18: =IFERROR(VLOOKUP('Formulario PPGR3'!$G18,'Formulario PPGR2'!$H$9:$V$303,15,FALSE),"") -> 2 | J18: Alimentos y bebidas para personas | K18: =IFERROR(VLOOKUP($J18,[4]LSIns!$B$5:$C$45,2,FALSE),"") -> lsAlimentosyBebidas | L18: Refrigerio tipo Buffet p/15 personas (3 Variedades, Desechables Transparentes, Jugo Natural, Servilletas, Hielo) | M18: =IFERROR(VLOOKUP($L18,[5]Insumos!$C$2:$F$517,2,FALSE),"") | N18: 4500 | O18: =IFERROR(VLOOKUP($L18,[5]Insumos!$C$2:$F$517,3,FALSE),"") | P18: =+'Formulario PPGR3'!$O18*'Formulario PPGR3'!$N18 -> #VALUE! | Q18: =IFERROR(VLOOKUP($L18,[5]Insumos!$C$2:$F$517,4,FALSE),"") | R18: Venta de servicios
B19: =IF('Formulario PPGR3'!$G19="","",CONCATENATE('Formulario PPGR3'!$C19,".",'Formulario PPGR3'!$D19,".",'Formulario PPGR3'!$E19,".",'Formulario PPGR3'!$F19)) -> #REF! | C19: =IF('Formulario PPGR3'!$G19="","",'[3]Formulario PPGR1'!#REF!) -> #REF! | D19: =IF('Formulario PPGR3'!$G19="","",'[3]Formulario PPGR1'!#REF!) -> #REF! | E19: =IF('Formulario PPGR3'!$G19="","",'[3]Formulario PPGR1'!#REF!) -> #REF! | F19: =IF('Formulario PPGR3'!$G19="","",'[3]Formulario PPGR1'!#REF!) -> #REF! | G19: SRSEV 1.1.1.1.04 | H19: =IFERROR(VLOOKUP('Formulario PPGR3'!$G19,'Formulario PPGR2'!$H$39:$I$10486,2,FALSE),"") | I19: =IFERROR(VLOOKUP('Formulario PPGR3'!$G19,'Formulario PPGR2'!$H$9:$V$303,15,FALSE),"") -> 2 | J19: Impresión y encuadernación | K19: =IFERROR(VLOOKUP($J19,[4]LSIns!$B$5:$C$45,2,FALSE),"") -> lsImpresionyEncuadernacion | L19: Impresión Formularios (dos caras) | M19: =IFERROR(VLOOKUP($L19,[5]Insumos!$C$2:$F$517,2,FALSE),"") -> unidad | N19: 5000 | O19: =IFERROR(VLOOKUP($L19,[5]Insumos!$C$2:$F$517,3,FALSE),"") -> 1.9824 | P19: =+'Formulario PPGR3'!$O19*'Formulario PPGR3'!$N19 -> 9912 | Q19: =IFERROR(VLOOKUP($L19,[5]Insumos!$C$2:$F$517,4,FALSE),"") -> 2.2.2.2.01 | R19: Venta de servicios
B20: =IF('Formulario PPGR3'!$G20="","",CONCATENATE('Formulario PPGR3'!$C20,".",'Formulario PPGR3'!$D20,".",'Formulario PPGR3'!$E20,".",'Formulario PPGR3'!$F20)) -> #REF! | C20: =IF('Formulario PPGR3'!$G20="","",'[3]Formulario PPGR1'!#REF!) -> #REF! | D20: =IF('Formulario PPGR3'!$G20="","",'[3]Formulario PPGR1'!#REF!) -> #REF! | E20: =IF('Formulario PPGR3'!$G20="","",'[3]Formulario PPGR1'!#REF!) -> #REF! | F20: =IF('Formulario PPGR3'!$G20="","",'[3]Formulario PPGR1'!#REF!) -> #REF! | G20: SRSEV 1.1.1.1.04 | H20: =IFERROR(VLOOKUP('Formulario PPGR3'!$G20,'Formulario PPGR2'!$H$39:$I$10486,2,FALSE),"") | I20: =IFERROR(VLOOKUP('Formulario PPGR3'!$G20,'Formulario PPGR2'!$H$9:$V$303,15,FALSE),"") -> 2 | J20: Productos de Papel, Cartón e Impresos | K20: =IFERROR(VLOOKUP($J20,[4]LSIns!$B$5:$C$45,2,FALSE),"") -> lsProductosdePapel | L20: Resma de Papel 8 1/2x11 | M20: =IFERROR(VLOOKUP($L20,[5]Insumos!$C$2:$F$517,2,FALSE),"") -> resma | N20: 200 | O20: =IFERROR(VLOOKUP($L20,[5]Insumos!$C$2:$F$517,3,FALSE),"") -> 139.24 | P20: =+'Formulario PPGR3'!$O20*'Formulario PPGR3'!$N20 -> 27848 | Q20: =IFERROR(VLOOKUP($L20,[5]Insumos!$C$2:$F$517,4,FALSE),"") -> 2.3.3.1.01 | R20: Venta de servicios
... B24: =IF('Formulario PPGR3'!$G24="","",CONCATENATE('Formulario PPGR3'!$C24,".",'Formulario PPGR3'!$D24,".",'Formulario PPGR3'!$E24,".",'Formulario PPGR3'!$F24)) -> #REF! | C24: =IF('Formulario PPGR3'!$G24="","",'[3]Formulario PPGR1'!#REF!) -> #REF! | D24: =IF('Formulario PPGR3'!$G24="","",'[3]Formulario PPGR1'!#REF!) -> #REF! | E24: =IF('Formulario PPGR3'!$G24="","",'[3]Formulario PPGR1'!#REF!) -> #REF! | F24: =IF('Formulario PPGR3'!$G24="","",'[3]Formulario PPGR1'!#REF!) -> #REF! | G24: SRSEV 1.1.1.1.05 | H24: =IFERROR(VLOOKUP('Formulario PPGR3'!$G24,'Formulario PPGR2'!$H$39:$I$10486,2,FALSE),"") | I24: =IFERROR(VLOOKUP('Formulario PPGR3'!$G24,'Formulario PPGR2'!$H$9:$V$303,15,FALSE),"") -> 4 | J24: Impresión y encuadernación | K24: =IFERROR(VLOOKUP($J24,[4]LSIns!$B$5:$C$45,2,FALSE),"") -> lsImpresionyEncuadernacion | L24: Impresión Formularios (dos caras) | M24: =IFERROR(VLOOKUP($L24,[5]Insumos!$C$2:$F$517,2,FALSE),"") -> unidad | N24: 200 | O24: =IFERROR(VLOOKUP($L24,[5]Insumos!$C$2:$F$517,3,FALSE),"") -> 1.9824 | P24: =+'Formulario PPGR3'!$O24*'Formulario PPGR3'!$N24 -> 396.48 | Q24: =IFERROR(VLOOKUP($L24,[5]Insumos!$C$2:$F$517,4,FALSE),"") -> 2.2.2.2.01 | R24: Venta de servicios
B25: =IF('Formulario PPGR3'!$G25="","",CONCATENATE('Formulario PPGR3'!$C25,".",'Formulario PPGR3'!$D25,".",'Formulario PPGR3'!$E25,".",'Formulario PPGR3'!$F25)) -> #REF! | C25: =IF('Formulario PPGR3'!$G25="","",'[3]Formulario PPGR1'!#REF!) -> #REF! | D25: =IF('Formulario PPGR3'!$G25="","",'[3]Formulario PPGR1'!#REF!) -> #REF! | E25: =IF('Formulario PPGR3'!$G25="","",'[3]Formulario PPGR1'!#REF!) -> #REF! | F25: =IF('Formulario PPGR3'!$G25="","",'[3]Formulario PPGR1'!#REF!) -> #REF! | G25: SRSEV 1.1.1.2.02 | I25: 2 | J25: Alimentos y bebidas para personas | K25: lsAlimentosyBebidas | L25: Almuerzo tipo Buffet para 40 personas (Cristalería, Cuberteria, Mesas, Sillas, Manteles, Servilletas) | M25: unidad | N25: 2 | O25: 61419 | P25: 122838 | Q25: 2.3.1.1.01
B26: =IF('Formulario PPGR3'!$G26="","",CONCATENATE('Formulario PPGR3'!$C26,".",'Formulario PPGR3'!$D26,".",'Formulario PPGR3'!$E26,".",'Formulario PPGR3'!$F26)) | C26: =IF('Formulario PPGR3'!$G26="","",'[3]Formulario PPGR1'!#REF!) | D26: =IF('Formulario PPGR3'!$G26="","",'[3]Formulario PPGR1'!#REF!) | E26: =IF('Formulario PPGR3'!$G26="","",'[3]Formulario PPGR1'!#REF!) | F26: =IF('Formulario PPGR3'!$G26="","",'[3]Formulario PPGR1'!#REF!) | J26: Productos de Papel, Cartón e Impresos | K26: lsProductosdePapel | L26: Folders 8 1/2x 11 (100/1) Impropapel | M26: Caja | N26: 2 | O26: 175.82 | P26: 351.64 | Q26: 2.3.3.2.01
B27: =IF('Formulario PPGR3'!$G27="","",CONCATENATE('Formulario PPGR3'!$C27,".",'Formulario PPGR3'!$D27,".",'Formulario PPGR3'!$E27,".",'Formulario PPGR3'!$F27)) | C27: =IF('Formulario PPGR3'!$G27="","",'[3]Formulario PPGR1'!#REF!) | D27: =IF('Formulario PPGR3'!$G27="","",'[3]Formulario PPGR1'!#REF!) | E27: =IF('Formulario PPGR3'!$G27="","",'[3]Formulario PPGR1'!#REF!) | F27: =IF('Formulario PPGR3'!$G27="","",'[3]Formulario PPGR1'!#REF!) | J27: Productos de Papel, Cartón e Impresos | K27: lsProductosdePapel | L27: Resma de Papel 8 1/2x11 | M27: resma | N27: 2 | O27: 139.24 | P27: 278.48 | Q27: 2.3.3.1.01
B28: =IF('Formulario PPGR3'!$G28="","",CONCATENATE('Formulario PPGR3'!$C28,".",'Formulario PPGR3'!$D28,".",'Formulario PPGR3'!$E28,".",'Formulario PPGR3'!$F28)) | C28: =IF('Formulario PPGR3'!$G28="","",'[3]Formulario PPGR1'!#REF!) | D28: =IF('Formulario PPGR3'!$G28="","",'[3]Formulario PPGR1'!#REF!) | E28: =IF('Formulario PPGR3'!$G28="","",'[3]Formulario PPGR1'!#REF!) | F28: =IF('Formulario PPGR3'!$G28="","",'[3]Formulario PPGR1'!#REF!) | J28: Útiles de escritorio, oficina, informática y de enseñanza | K28: lsUtilesdeOficina | L28: Lapiceros Azules | M28: Caja | N28: 10 | O28: 71.98 | P28: 719.8 | Q28: 2.3.9.2.01
B29: =IF('Formulario PPGR3'!$G29="","",CONCATENATE('Formulario PPGR3'!$C29,".",'Formulario PPGR3'!$D29,".",'Formulario PPGR3'!$E29,".",'Formulario PPGR3'!$F29)) | C29: =IF('Formulario PPGR3'!$G29="","",'[3]Formulario PPGR1'!#REF!) | D29: =IF('Formulario PPGR3'!$G29="","",'[3]Formulario PPGR1'!#REF!) | E29: =IF('Formulario PPGR3'!$G29="","",'[3]Formulario PPGR1'!#REF!) | F29: =IF('Formulario PPGR3'!$G29="","",'[3]Formulario PPGR1'!#REF!) | J29: Útiles de escritorio, oficina, informática y de enseñanza | K29: lsUtilesdeOficina | L29: Lápiz de carbon (docena) | M29: unidad | N29: 10 | O29: 50 | P29: 500 | Q29: 2.3.9.2.01
B30: =IF('Formulario PPGR3'!$G30="","",CONCATENATE('Formulario PPGR3'!$C30,".",'Formulario PPGR3'!$D30,".",'Formulario PPGR3'!$E30,".",'Formulario PPGR3'!$F30)) | C30: =IF('Formulario PPGR3'!$G30="","",'[3]Formulario PPGR1'!#REF!) | D30: =IF('Formulario PPGR3'!$G30="","",'[3]Formulario PPGR1'!#REF!) | E30: =IF('Formulario PPGR3'!$G30="","",'[3]Formulario PPGR1'!#REF!) | F30: =IF('Formulario PPGR3'!$G30="","",'[3]Formulario PPGR1'!#REF!) | J30: Útiles de escritorio, oficina, informática y de enseñanza | K30: lsUtilesdeOficina | L30: Sacapuntas | M30: unidad | N30: 120 | O30: 15.34 | P30: 1840.8 | Q30: 2.3.9.2.01
B31: =IF('Formulario PPGR3'!$G31="","",CONCATENATE('Formulario PPGR3'!$C31,".",'Formulario PPGR3'!$D31,".",'Formulario PPGR3'!$E31,".",'Formulario PPGR3'!$F31)) | C31: =IF('Formulario PPGR3'!$G31="","",'[3]Formulario PPGR1'!#REF!) | D31: =IF('Formulario PPGR3'!$G31="","",'[3]Formulario PPGR1'!#REF!) | E31: =IF('Formulario PPGR3'!$G31="","",'[3]Formulario PPGR1'!#REF!) | F31: =IF('Formulario PPGR3'!$G31="","",'[3]Formulario PPGR1'!#REF!) | J31: Gasoil | K31: lsGasoil | L31: Galones de Gasolina Premium | M31: galon | N31: 10 | O31: 251 | P31: 2510 | Q31: 2.3.7.1.02
B32: =IF('Formulario PPGR3'!$G32="","",CONCATENATE('Formulario PPGR3'!$C32,".",'Formulario PPGR3'!$D32,".",'Formulario PPGR3'!$E32,".",'Formulario PPGR3'!$F32)) | C32: =IF('Formulario PPGR3'!$G32="","",'[3]Formulario PPGR1'!#REF!) | D32: =IF('Formulario PPGR3'!$G32="","",'[3]Formulario PPGR1'!#REF!) | E32: =IF('Formulario PPGR3'!$G32="","",'[3]Formulario PPGR1'!#REF!) | F32: =IF('Formulario PPGR3'!$G32="","",'[3]Formulario PPGR1'!#REF!)
B33: =IF('Formulario PPGR3'!$G33="","",CONCATENATE('Formulario PPGR3'!$C33,".",'Formulario PPGR3'!$D33,".",'Formulario PPGR3'!$E33,".",'Formulario PPGR3'!$F33)) -> #REF! | C33: =IF('Formulario PPGR3'!$G33="","",'[3]Formulario PPGR1'!#REF!) -> #REF! | D33: =IF('Formulario PPGR3'!$G33="","",'[3]Formulario PPGR1'!#REF!) -> #REF! | E33: =IF('Formulario PPGR3'!$G33="","",'[3]Formulario PPGR1'!#REF!) -> #REF! | F33: =IF('Formulario PPGR3'!$G33="","",'[3]Formulario PPGR1'!#REF!) -> #REF! | G33: SRSEV 1.1.1.2.03 | I33: 2 | J33: Alimentos y bebidas para personas | K33: lsAlimentosyBebidas | L33: Almuerzo tipo Buffet para 40 personas (Cristalería, Cuberteria, Mesas, Sillas, Manteles, Servilletas) | M33: unidad | N33: 2 | O33: 61419 | P33: 122838 | Q33: 2.3.1.1.01
B34: =IF('Formulario PPGR3'!$G34="","",CONCATENATE('Formulario PPGR3'!$C34,".",'Formulario PPGR3'!$D34,".",'Formulario PPGR3'!$E34,".",'Formulario PPGR3'!$F34)) | C34: =IF('Formulario PPGR3'!$G34="","",'[3]Formulario PPGR1'!#REF!) | D34: =IF('Formulario PPGR3'!$G34="","",'[3]Formulario PPGR1'!#REF!) | E34: =IF('Formulario PPGR3'!$G34="","",'[3]Formulario PPGR1'!#REF!) | F34: =IF('Formulario PPGR3'!$G34="","",'[3]Formulario PPGR1'!#REF!) | J34: Productos de Papel, Cartón e Impresos | K34: lsProductosdePapel | L34: Folders 8 1/2x 11 (100/1) Impropapel | M34: Caja | N34: 2 | O34: 175.82 | P34: 351.64 | Q34: 2.3.3.2.01
B35: =IF('Formulario PPGR3'!$G35="","",CONCATENATE('Formulario PPGR3'!$C35,".",'Formulario PPGR3'!$D35,".",'Formulario PPGR3'!$E35,".",'Formulario PPGR3'!$F35)) | C35: =IF('Formulario PPGR3'!$G35="","",'[3]Formulario PPGR1'!#REF!) | D35: =IF('Formulario PPGR3'!$G35="","",'[3]Formulario PPGR1'!#REF!) | E35: =IF('Formulario PPGR3'!$G35="","",'[3]Formulario PPGR1'!#REF!) | F35: =IF('Formulario PPGR3'!$G35="","",'[3]Formulario PPGR1'!#REF!) | J35: Productos de Papel, Cartón e Impresos | K35: lsProductosdePapel | L35: Resma de Papel 8 1/2x11 | M35: resma | N35: 10 | O35: 139.24 | P35: 1392.4 | Q35: 2.3.3.1.01
B36: =IF('Formulario PPGR3'!$G36="","",CONCATENATE('Formulario PPGR3'!$C36,".",'Formulario PPGR3'!$D36,".",'Formulario PPGR3'!$E36,".",'Formulario PPGR3'!$F36)) | C36: =IF('Formulario PPGR3'!$G36="","",'[3]Formulario PPGR1'!#REF!) | D36: =IF('Formulario PPGR3'!$G36="","",'[3]Formulario PPGR1'!#REF!) | E36: =IF('Formulario PPGR3'!$G36="","",'[3]Formulario PPGR1'!#REF!) | F36: =IF('Formulario PPGR3'!$G36="","",'[3]Formulario PPGR1'!#REF!) | J36: Útiles de escritorio, oficina, informática y de enseñanza | K36: lsUtilesdeOficina | L36: Lapiceros color Azul (cajas) | M36: unidad | N36: 10 | O36: 55 | P36: 550 | Q36: 2.3.9.2.01
B37: =IF('Formulario PPGR3'!$G37="","",CONCATENATE('Formulario PPGR3'!$C37,".",'Formulario PPGR3'!$D37,".",'Formulario PPGR3'!$E37,".",'Formulario PPGR3'!$F37)) | C37: =IF('Formulario PPGR3'!$G37="","",'[3]Formulario PPGR1'!#REF!) | D37: =IF('Formulario PPGR3'!$G37="","",'[3]Formulario PPGR1'!#REF!) | E37: =IF('Formulario PPGR3'!$G37="","",'[3]Formulario PPGR1'!#REF!) | F37: =IF('Formulario PPGR3'!$G37="","",'[3]Formulario PPGR1'!#REF!) | J37: Útiles de escritorio, oficina, informática y de enseñanza | K37: lsUtilesdeOficina | L37: Lápiz de carbon (docena) | M37: unidad | N37: 120 | O37: 50 | P37: 6000 | Q37: 2.3.9.2.01
B38: =IF('Formulario PPGR3'!$G38="","",CONCATENATE('Formulario PPGR3'!$C38,".",'Formulario PPGR3'!$D38,".",'Formulario PPGR3'!$E38,".",'Formulario PPGR3'!$F38)) | C38: =IF('Formulario PPGR3'!$G38="","",'[3]Formulario PPGR1'!#REF!) | D38: =IF('Formulario PPGR3'!$G38="","",'[3]Formulario PPGR1'!#REF!) | E38: =IF('Formulario PPGR3'!$G38="","",'[3]Formulario PPGR1'!#REF!) | F38: =IF('Formulario PPGR3'!$G38="","",'[3]Formulario PPGR1'!#REF!) | J38: Útiles de escritorio, oficina, informática y de enseñanza | K38: lsUtilesdeOficina | L38: Sacapuntas | M38: unidad | N38: 10 | O38: 15.34 | P38: 153.4 | Q38: 2.3.9.2.01
B39: =IF('Formulario PPGR3'!$G39="","",CONCATENATE('Formulario PPGR3'!$C39,".",'Formulario PPGR3'!$D39,".",'Formulario PPGR3'!$E39,".",'Formulario PPGR3'!$F39)) | C39: =IF('Formulario PPGR3'!$G39="","",'[3]Formulario PPGR1'!#REF!) | D39: =IF('Formulario PPGR3'!$G39="","",'[3]Formulario PPGR1'!#REF!) | E39: =IF('Formulario PPGR3'!$G39="","",'[3]Formulario PPGR1'!#REF!) | F39: =IF('Formulario PPGR3'!$G39="","",'[3]Formulario PPGR1'!#REF!) | J39: Gasoil | K39: lsGasoil | L39: Galones de Gasolina Premium | M39: galon | N39: 10 | O39: 251 | P39: 2510 | Q39: 2.3.7.1.02
B40: =IF('Formulario PPGR3'!$G40="","",CONCATENATE('Formulario PPGR3'!$C40,".",'Formulario PPGR3'!$D40,".",'Formulario PPGR3'!$E40,".",'Formulario PPGR3'!$F40)) -> #REF! | C40: =IF('Formulario PPGR3'!$G40="","",'[3]Formulario PPGR1'!#REF!) -> #REF! | D40: =IF('Formulario PPGR3'!$G40="","",'[3]Formulario PPGR1'!#REF!) -> #REF! | E40: =IF('Formulario PPGR3'!$G40="","",'[3]Formulario PPGR1'!#REF!) -> #REF! | F40: =IF('Formulario PPGR3'!$G40="","",'[3]Formulario PPGR1'!#REF!) -> #REF! | G40: SRSEV 1.1.1.2.05 | I40: 4 | J40: Productos de Papel, Cartón e Impresos | K40: lsProductosdePapel | L40: Folders 8 1/2x 11 (100/1) Impropapel | M40: Caja | N40: 1 | O40: 175.82 | P40: 175.82 | Q40: 2.3.3.2.01
B41: =IF('Formulario PPGR3'!$G41="","",CONCATENATE('Formulario PPGR3'!$C41,".",'Formulario PPGR3'!$D41,".",'Formulario PPGR3'!$E41,".",'Formulario PPGR3'!$F41)) | C41: =IF('Formulario PPGR3'!$G41="","",'[3]Formulario PPGR1'!#REF!) | D41: =IF('Formulario PPGR3'!$G41="","",'[3]Formulario PPGR1'!#REF!) | E41: =IF('Formulario PPGR3'!$G41="","",'[3]Formulario PPGR1'!#REF!) | F41: =IF('Formulario PPGR3'!$G41="","",'[3]Formulario PPGR1'!#REF!) | J41: Productos de Papel, Cartón e Impresos | K41: lsProductosdePapel | L41: Libretas Rayadas 5x8 (docena) | M41: unidad | N41: 1 | O41: 132.75 | P41: 132.75 | Q41: 2.3.3.2.01
B42: =IF('Formulario PPGR3'!$G42="","",CONCATENATE('Formulario PPGR3'!$C42,".",'Formulario PPGR3'!$D42,".",'Formulario PPGR3'!$E42,".",'Formulario PPGR3'!$F42)) | C42: =IF('Formulario PPGR3'!$G42="","",'[3]Formulario PPGR1'!#REF!) | D42: =IF('Formulario PPGR3'!$G42="","",'[3]Formulario PPGR1'!#REF!) | E42: =IF('Formulario PPGR3'!$G42="","",'[3]Formulario PPGR1'!#REF!) | F42: =IF('Formulario PPGR3'!$G42="","",'[3]Formulario PPGR1'!#REF!) | J42: Productos de Papel, Cartón e Impresos | K42: lsProductosdePapel | L42: Resma de Papel 8 1/2x11 | M42: resma | N42: 1 | O42: 139.24 | P42: 139.24 | Q42: 2.3.3.1.01
B43: =IF('Formulario PPGR3'!$G43="","",CONCATENATE('Formulario PPGR3'!$C43,".",'Formulario PPGR3'!$D43,".",'Formulario PPGR3'!$E43,".",'Formulario PPGR3'!$F43)) | C43: =IF('Formulario PPGR3'!$G43="","",'[3]Formulario PPGR1'!#REF!) | D43: =IF('Formulario PPGR3'!$G43="","",'[3]Formulario PPGR1'!#REF!) | E43: =IF('Formulario PPGR3'!$G43="","",'[3]Formulario PPGR1'!#REF!) | F43: =IF('Formulario PPGR3'!$G43="","",'[3]Formulario PPGR1'!#REF!) | J43: Útiles de escritorio, oficina, informática y de enseñanza | K43: lsUtilesdeOficina | L43: Lapiceros color Azul (cajas) | M43: unidad | N43: 1 | O43: 55 | P43: 55 | Q43: 2.3.9.2.01
B44: =IF('Formulario PPGR3'!$G44="","",CONCATENATE('Formulario PPGR3'!$C44,".",'Formulario PPGR3'!$D44,".",'Formulario PPGR3'!$E44,".",'Formulario PPGR3'!$F44)) | C44: =IF('Formulario PPGR3'!$G44="","",'[3]Formulario PPGR1'!#REF!) | D44: =IF('Formulario PPGR3'!$G44="","",'[3]Formulario PPGR1'!#REF!) | E44: =IF('Formulario PPGR3'!$G44="","",'[3]Formulario PPGR1'!#REF!) | F44: =IF('Formulario PPGR3'!$G44="","",'[3]Formulario PPGR1'!#REF!) | J44: Útiles de escritorio, oficina, informática y de enseñanza | K44: lsUtilesdeOficina | L44: Memorias USB 8 GB | M44: unidad | N44: 5 | O44: 254.998 | P44: 1274.99 | Q44: 2.3.9.2.01
B45: =IF('Formulario PPGR3'!$G45="","",CONCATENATE('Formulario PPGR3'!$C45,".",'Formulario PPGR3'!$D45,".",'Formulario PPGR3'!$E45,".",'Formulario PPGR3'!$F45)) | C45: =IF('Formulario PPGR3'!$G45="","",'[3]Formulario PPGR1'!#REF!) | D45: =IF('Formulario PPGR3'!$G45="","",'[3]Formulario PPGR1'!#REF!) | E45: =IF('Formulario PPGR3'!$G45="","",'[3]Formulario PPGR1'!#REF!) | F45: =IF('Formulario PPGR3'!$G45="","",'[3]Formulario PPGR1'!#REF!) | J45: Útiles de escritorio, oficina, informática y de enseñanza | K45: lsUtilesdeOficina | L45: Post it Pequeño | M45: unidad | N45: 10 | O45: 21.24 | P45: 212.4 | Q45: 2.3.9.2.01
B46: =IF('Formulario PPGR3'!$G46="","",CONCATENATE('Formulario PPGR3'!$C46,".",'Formulario PPGR3'!$D46,".",'Formulario PPGR3'!$E46,".",'Formulario PPGR3'!$F46)) | C46: =IF('Formulario PPGR3'!$G46="","",'[3]Formulario PPGR1'!#REF!) | D46: =IF('Formulario PPGR3'!$G46="","",'[3]Formulario PPGR1'!#REF!) | E46: =IF('Formulario PPGR3'!$G46="","",'[3]Formulario PPGR1'!#REF!) | F46: =IF('Formulario PPGR3'!$G46="","",'[3]Formulario PPGR1'!#REF!) | J46: Gasoil | K46: lsGasoil | L46: Galones de Gasolina Premium | M46: galon | N46: 20 | O46: 251 | P46: 5020 | Q46: 2.3.7.1.02
B47: =IF('Formulario PPGR3'!$G47="","",CONCATENATE('Formulario PPGR3'!$C47,".",'Formulario PPGR3'!$D47,".",'Formulario PPGR3'!$E47,".",'Formulario PPGR3'!$F47)) -> #REF! | C47: =IF('Formulario PPGR3'!$G47="","",'[3]Formulario PPGR1'!#REF!) -> #REF! | D47: =IF('Formulario PPGR3'!$G47="","",'[3]Formulario PPGR1'!#REF!) -> #REF! | E47: =IF('Formulario PPGR3'!$G47="","",'[3]Formulario PPGR1'!#REF!) -> #REF! | F47: =IF('Formulario PPGR3'!$G47="","",'[3]Formulario PPGR1'!#REF!) -> #REF! | G47: SRSEV 1.1.1.2.06 | I47: 4 | J47: Productos de Papel, Cartón e Impresos | K47: lsProductosdePapel | L47: Folders 8 1/2x 11 (100/1) Impropapel | M47: Caja | N47: 1 | O47: 175.82 | P47: 175.82 | Q47: 2.3.3.2.01
B48: =IF('Formulario PPGR3'!$G48="","",CONCATENATE('Formulario PPGR3'!$C48,".",'Formulario PPGR3'!$D48,".",'Formulario PPGR3'!$E48,".",'Formulario PPGR3'!$F48)) | C48: =IF('Formulario PPGR3'!$G48="","",'[3]Formulario PPGR1'!#REF!) | D48: =IF('Formulario PPGR3'!$G48="","",'[3]Formulario PPGR1'!#REF!) | E48: =IF('Formulario PPGR3'!$G48="","",'[3]Formulario PPGR1'!#REF!) | F48: =IF('Formulario PPGR3'!$G48="","",'[3]Formulario PPGR1'!#REF!) | J48: Productos de Papel, Cartón e Impresos | K48: lsProductosdePapel | L48: Libretas Rayadas 5x8 (docena) | M48: unidad | N48: 1 | O48: 132.75 | P48: 132.75 | Q48: 2.3.3.2.01
B49: =IF('Formulario PPGR3'!$G49="","",CONCATENATE('Formulario PPGR3'!$C49,".",'Formulario PPGR3'!$D49,".",'Formulario PPGR3'!$E49,".",'Formulario PPGR3'!$F49)) | C49: =IF('Formulario PPGR3'!$G49="","",'[3]Formulario PPGR1'!#REF!) | D49: =IF('Formulario PPGR3'!$G49="","",'[3]Formulario PPGR1'!#REF!) | E49: =IF('Formulario PPGR3'!$G49="","",'[3]Formulario PPGR1'!#REF!) | F49: =IF('Formulario PPGR3'!$G49="","",'[3]Formulario PPGR1'!#REF!) | J49: Productos de Papel, Cartón e Impresos | K49: lsProductosdePapel | L49: Resma de Papel 8 1/2x11 | M49: resma | N49: 1 | O49: 139.24 | P49: 139.24 | Q49: 2.3.3.1.01
B50: =IF('Formulario PPGR3'!$G50="","",CONCATENATE('Formulario PPGR3'!$C50,".",'Formulario PPGR3'!$D50,".",'Formulario PPGR3'!$E50,".",'Formulario PPGR3'!$F50)) | C50: =IF('Formulario PPGR3'!$G50="","",'[3]Formulario PPGR1'!#REF!) | D50: =IF('Formulario PPGR3'!$G50="","",'[3]Formulario PPGR1'!#REF!) | E50: =IF('Formulario PPGR3'!$G50="","",'[3]Formulario PPGR1'!#REF!) | F50: =IF('Formulario PPGR3'!$G50="","",'[3]Formulario PPGR1'!#REF!) | J50: Útiles de escritorio, oficina, informática y de enseñanza | K50: lsUtilesdeOficina | L50: Lapiceros color Azul (cajas) | M50: unidad | N50: 1 | O50: 55 | P50: 55 | Q50: 2.3.9.2.01
B51: =IF('Formulario PPGR3'!$G51="","",CONCATENATE('Formulario PPGR3'!$C51,".",'Formulario PPGR3'!$D51,".",'Formulario PPGR3'!$E51,".",'Formulario PPGR3'!$F51)) | C51: =IF('Formulario PPGR3'!$G51="","",'[3]Formulario PPGR1'!#REF!) | D51: =IF('Formulario PPGR3'!$G51="","",'[3]Formulario PPGR1'!#REF!) | E51: =IF('Formulario PPGR3'!$G51="","",'[3]Formulario PPGR1'!#REF!) | F51: =IF('Formulario PPGR3'!$G51="","",'[3]Formulario PPGR1'!#REF!) | J51: Útiles de escritorio, oficina, informática y de enseñanza | K51: lsUtilesdeOficina | L51: Memorias USB 8 GB | M51: unidad | N51: 5 | O51: 254.998 | P51: 1274.99 | Q51: 2.3.9.2.01
B52: =IF('Formulario PPGR3'!$G52="","",CONCATENATE('Formulario PPGR3'!$C52,".",'Formulario PPGR3'!$D52,".",'Formulario PPGR3'!$E52,".",'Formulario PPGR3'!$F52)) | C52: =IF('Formulario PPGR3'!$G52="","",'[3]Formulario PPGR1'!#REF!) | D52: =IF('Formulario PPGR3'!$G52="","",'[3]Formulario PPGR1'!#REF!) | E52: =IF('Formulario PPGR3'!$G52="","",'[3]Formulario PPGR1'!#REF!) | F52: =IF('Formulario PPGR3'!$G52="","",'[3]Formulario PPGR1'!#REF!) | J52: Útiles de escritorio, oficina, informática y de enseñanza | K52: lsUtilesdeOficina | L52: Post it Pequeño | M52: unidad | N52: 10 | O52: 21.24 | P52: 212.4 | Q52: 2.3.9.2.01
B53: =IF('Formulario PPGR3'!$G53="","",CONCATENATE('Formulario PPGR3'!$C53,".",'Formulario PPGR3'!$D53,".",'Formulario PPGR3'!$E53,".",'Formulario PPGR3'!$F53)) | C53: =IF('Formulario PPGR3'!$G53="","",'[3]Formulario PPGR1'!#REF!) | D53: =IF('Formulario PPGR3'!$G53="","",'[3]Formulario PPGR1'!#REF!) | E53: =IF('Formulario PPGR3'!$G53="","",'[3]Formulario PPGR1'!#REF!) | F53: =IF('Formulario PPGR3'!$G53="","",'[3]Formulario PPGR1'!#REF!) | J53: Gasoil | K53: lsGasoil | L53: Galones de Gasolina Premium | M53: galon | N53: 20 | O53: 251 | P53: 5020 | Q53: 2.3.7.1.02
B54: =IF('Formulario PPGR3'!$G54="","",CONCATENATE('Formulario PPGR3'!$C54,".",'Formulario PPGR3'!$D54,".",'Formulario PPGR3'!$E54,".",'Formulario PPGR3'!$F54)) -> #REF! | C54: =IF('Formulario PPGR3'!$G54="","",'[3]Formulario PPGR1'!#REF!) -> #REF! | D54: =IF('Formulario PPGR3'!$G54="","",'[3]Formulario PPGR1'!#REF!) -> #REF! | E54: =IF('Formulario PPGR3'!$G54="","",'[3]Formulario PPGR1'!#REF!) -> #REF! | F54: =IF('Formulario PPGR3'!$G54="","",'[3]Formulario PPGR1'!#REF!) -> #REF! | G54: SRSEV 1.1.1.2.07 | I54: 3 | J54: Alimentos y bebidas para personas | K54: lsAlimentosyBebidas | L54: Almuerzo tipo Buffet para 40 personas (Cristalería, Cuberteria, Mesas, Sillas, Manteles, Servilletas) | M54: unidad | O54: 61419 | P54: 0 | Q54: 2.3.1.1.01
B55: =IF('Formulario PPGR3'!$G55="","",CONCATENATE('Formulario PPGR3'!$C55,".",'Formulario PPGR3'!$D55,".",'Formulario PPGR3'!$E55,".",'Formulario PPGR3'!$F55)) | C55: =IF('Formulario PPGR3'!$G55="","",'[3]Formulario PPGR1'!#REF!) | D55: =IF('Formulario PPGR3'!$G55="","",'[3]Formulario PPGR1'!#REF!) | E55: =IF('Formulario PPGR3'!$G55="","",'[3]Formulario PPGR1'!#REF!) | F55: =IF('Formulario PPGR3'!$G55="","",'[3]Formulario PPGR1'!#REF!) | J55: Útiles de escritorio, oficina, informática y de enseñanza | K55: lsUtilesdeOficina | L55: Lapiceros color Azul (cajas) | M55: unidad | N55: 1 | O55: 55 | P55: 55 | Q55: 2.3.9.2.01
B56: =IF('Formulario PPGR3'!$G56="","",CONCATENATE('Formulario PPGR3'!$C56,".",'Formulario PPGR3'!$D56,".",'Formulario PPGR3'!$E56,".",'Formulario PPGR3'!$F56)) | C56: =IF('Formulario PPGR3'!$G56="","",'[3]Formulario PPGR1'!#REF!) | D56: =IF('Formulario PPGR3'!$G56="","",'[3]Formulario PPGR1'!#REF!) | E56: =IF('Formulario PPGR3'!$G56="","",'[3]Formulario PPGR1'!#REF!) | F56: =IF('Formulario PPGR3'!$G56="","",'[3]Formulario PPGR1'!#REF!) | J56: Útiles de escritorio, oficina, informática y de enseñanza | K56: lsUtilesdeOficina | L56: Lápiz de carbon (docena) | M56: unidad | N56: 1 | O56: 50 | P56: 50 | Q56: 2.3.9.2.01
B57: =IF('Formulario PPGR3'!$G57="","",CONCATENATE('Formulario PPGR3'!$C57,".",'Formulario PPGR3'!$D57,".",'Formulario PPGR3'!$E57,".",'Formulario PPGR3'!$F57)) | C57: =IF('Formulario PPGR3'!$G57="","",'[3]Formulario PPGR1'!#REF!) | D57: =IF('Formulario PPGR3'!$G57="","",'[3]Formulario PPGR1'!#REF!) | E57: =IF('Formulario PPGR3'!$G57="","",'[3]Formulario PPGR1'!#REF!) | F57: =IF('Formulario PPGR3'!$G57="","",'[3]Formulario PPGR1'!#REF!) | J57: Útiles de escritorio, oficina, informática y de enseñanza | K57: lsUtilesdeOficina | L57: Sacapuntas | M57: unidad | N57: 10 | O57: 15.34 | P57: 153.4 | Q57: 2.3.9.2.01
B58: =IF('Formulario PPGR3'!$G58="","",CONCATENATE('Formulario PPGR3'!$C58,".",'Formulario PPGR3'!$D58,".",'Formulario PPGR3'!$E58,".",'Formulario PPGR3'!$F58)) | C58: =IF('Formulario PPGR3'!$G58="","",'[3]Formulario PPGR1'!#REF!) | D58: =IF('Formulario PPGR3'!$G58="","",'[3]Formulario PPGR1'!#REF!) | E58: =IF('Formulario PPGR3'!$G58="","",'[3]Formulario PPGR1'!#REF!) | F58: =IF('Formulario PPGR3'!$G58="","",'[3]Formulario PPGR1'!#REF!) | J58: Productos de Papel, Cartón e Impresos | K58: lsProductosdePapel | L58: Resma de Papel 8 1/2x11 | M58: resma | N58: 1 | O58: 139.24 | P58: 139.24 | Q58: 2.3.3.1.01
B59: =IF('Formulario PPGR3'!$G59="","",CONCATENATE('Formulario PPGR3'!$C59,".",'Formulario PPGR3'!$D59,".",'Formulario PPGR3'!$E59,".",'Formulario PPGR3'!$F59)) | C59: =IF('Formulario PPGR3'!$G59="","",'[3]Formulario PPGR1'!#REF!) | D59: =IF('Formulario PPGR3'!$G59="","",'[3]Formulario PPGR1'!#REF!) | E59: =IF('Formulario PPGR3'!$G59="","",'[3]Formulario PPGR1'!#REF!) | F59: =IF('Formulario PPGR3'!$G59="","",'[3]Formulario PPGR1'!#REF!) | J59: Productos de Papel, Cartón e Impresos | K59: lsProductosdePapel | L59: Folders 8 1/2x 11 (100/1) Impropapel | M59: Caja | N59: 1 | O59: 175.82 | P59: 175.82 | Q59: 2.3.3.2.01
B60: =IF('Formulario PPGR3'!$G60="","",CONCATENATE('Formulario PPGR3'!$C60,".",'Formulario PPGR3'!$D60,".",'Formulario PPGR3'!$E60,".",'Formulario PPGR3'!$F60)) | C60: =IF('Formulario PPGR3'!$G60="","",'[3]Formulario PPGR1'!#REF!) | D60: =IF('Formulario PPGR3'!$G60="","",'[3]Formulario PPGR1'!#REF!) | E60: =IF('Formulario PPGR3'!$G60="","",'[3]Formulario PPGR1'!#REF!) | F60: =IF('Formulario PPGR3'!$G60="","",'[3]Formulario PPGR1'!#REF!) | J60: Productos de Papel, Cartón e Impresos | K60: lsProductosdePapel | L60: Libretas Rayadas 5x8 (docena) | M60: unidad | N60: 1 | O60: 132.75 | P60: 132.75 | Q60: 2.3.3.2.01
B61: =IF('Formulario PPGR3'!$G61="","",CONCATENATE('Formulario PPGR3'!$C61,".",'Formulario PPGR3'!$D61,".",'Formulario PPGR3'!$E61,".",'Formulario PPGR3'!$F61)) | C61: =IF('Formulario PPGR3'!$G61="","",'[3]Formulario PPGR1'!#REF!) | D61: =IF('Formulario PPGR3'!$G61="","",'[3]Formulario PPGR1'!#REF!) | E61: =IF('Formulario PPGR3'!$G61="","",'[3]Formulario PPGR1'!#REF!) | F61: =IF('Formulario PPGR3'!$G61="","",'[3]Formulario PPGR1'!#REF!) | J61: Gasoil | K61: lsGasoil | L61: Galones de Gasolina Premium | M61: galon | N61: 15 | O61: 251 | P61: 3765 | Q61: 2.3.7.1.02
B62: =IF('Formulario PPGR3'!$G62="","",CONCATENATE('Formulario PPGR3'!$C62,".",'Formulario PPGR3'!$D62,".",'Formulario PPGR3'!$E62,".",'Formulario PPGR3'!$F62)) -> #REF! | C62: =IF('Formulario PPGR3'!$G62="","",'[3]Formulario PPGR1'!#REF!) -> #REF! | D62: =IF('Formulario PPGR3'!$G62="","",'[3]Formulario PPGR1'!#REF!) -> #REF! | E62: =IF('Formulario PPGR3'!$G62="","",'[3]Formulario PPGR1'!#REF!) -> #REF! | F62: =IF('Formulario PPGR3'!$G62="","",'[3]Formulario PPGR1'!#REF!) -> #REF! | G62: SRSEV 1.1.1.2.08 | I62: 2 | J62: Gasoil | K62: lsGasoil | L62: Galones de Gasolina Premium | M62: galon | N62: 10 | O62: 251 | P62: 2510 | Q62: 2.3.7.1.02
B63: =IF('Formulario PPGR3'!$G63="","",CONCATENATE('Formulario PPGR3'!$C63,".",'Formulario PPGR3'!$D63,".",'Formulario PPGR3'!$E63,".",'Formulario PPGR3'!$F63)) | C63: =IF('Formulario PPGR3'!$G63="","",'[3]Formulario PPGR1'!#REF!) | D63: =IF('Formulario PPGR3'!$G63="","",'[3]Formulario PPGR1'!#REF!) | E63: =IF('Formulario PPGR3'!$G63="","",'[3]Formulario PPGR1'!#REF!) | F63: =IF('Formulario PPGR3'!$G63="","",'[3]Formulario PPGR1'!#REF!) | J63: Impresión y encuadernación | K63: lsImpresionyEncuadernacion | L63: Impresión Formularios (dos caras) | M63: unidad | N63: 8 | O63: 1.9824 | P63: 15.8592 | Q63: 2.2.2.2.01
B64: =IF('Formulario PPGR3'!$G64="","",CONCATENATE('Formulario PPGR3'!$C64,".",'Formulario PPGR3'!$D64,".",'Formulario PPGR3'!$E64,".",'Formulario PPGR3'!$F64)) | C64: =IF('Formulario PPGR3'!$G64="","",'[3]Formulario PPGR1'!#REF!) | D64: =IF('Formulario PPGR3'!$G64="","",'[3]Formulario PPGR1'!#REF!) | E64: =IF('Formulario PPGR3'!$G64="","",'[3]Formulario PPGR1'!#REF!) | F64: =IF('Formulario PPGR3'!$G64="","",'[3]Formulario PPGR1'!#REF!) | J64: Productos de Papel, Cartón e Impresos | K64: lsProductosdePapel | L64: Resma de Papel 8 1/2x11 | M64: resma | N64: 2 | O64: 139.24 | P64: 278.48 | Q64: 2.3.3.1.01
B65: =IF('Formulario PPGR3'!$G65="","",CONCATENATE('Formulario PPGR3'!$C65,".",'Formulario PPGR3'!$D65,".",'Formulario PPGR3'!$E65,".",'Formulario PPGR3'!$F65)) | C65: =IF('Formulario PPGR3'!$G65="","",'[3]Formulario PPGR1'!#REF!) | D65: =IF('Formulario PPGR3'!$G65="","",'[3]Formulario PPGR1'!#REF!) | E65: =IF('Formulario PPGR3'!$G65="","",'[3]Formulario PPGR1'!#REF!) | F65: =IF('Formulario PPGR3'!$G65="","",'[3]Formulario PPGR1'!#REF!) | J65: Útiles de escritorio, oficina, informática y de enseñanza | K65: lsUtilesdeOficina | L65: Lapiceros color Azul (cajas) | M65: unidad | N65: 2 | O65: 55 | P65: 110 | Q65: 2.3.9.2.01
B66: =IF('Formulario PPGR3'!$G66="","",CONCATENATE('Formulario PPGR3'!$C66,".",'Formulario PPGR3'!$D66,".",'Formulario PPGR3'!$E66,".",'Formulario PPGR3'!$F66)) | C66: =IF('Formulario PPGR3'!$G66="","",'[3]Formulario PPGR1'!#REF!) | D66: =IF('Formulario PPGR3'!$G66="","",'[3]Formulario PPGR1'!#REF!) | E66: =IF('Formulario PPGR3'!$G66="","",'[3]Formulario PPGR1'!#REF!) | F66: =IF('Formulario PPGR3'!$G66="","",'[3]Formulario PPGR1'!#REF!) | J66: Útiles de escritorio, oficina, informática y de enseñanza | K66: lsUtilesdeOficina | L66: Memorias USB 8 GB | M66: unidad | N66: 2 | O66: 254.998 | P66: 509.996 | Q66: 2.3.9.2.01
B67: =IF('Formulario PPGR3'!$G67="","",CONCATENATE('Formulario PPGR3'!$C67,".",'Formulario PPGR3'!$D67,".",'Formulario PPGR3'!$E67,".",'Formulario PPGR3'!$F67)) -> #REF! | C67: =IF('Formulario PPGR3'!$G67="","",'[3]Formulario PPGR1'!#REF!) -> #REF! | D67: =IF('Formulario PPGR3'!$G67="","",'[3]Formulario PPGR1'!#REF!) -> #REF! | E67: =IF('Formulario PPGR3'!$G67="","",'[3]Formulario PPGR1'!#REF!) -> #REF! | F67: =IF('Formulario PPGR3'!$G67="","",'[3]Formulario PPGR1'!#REF!) -> #REF! | G67: SRSEV 1.1.1.2.09 | I67: 3 | J67: Gasoil | K67: lsGasoil | L67: Galones de Gasolina Premium | M67: galon | N67: 15 | O67: 251 | P67: 3765 | Q67: 2.3.7.1.02
B68: =IF('Formulario PPGR3'!$G68="","",CONCATENATE('Formulario PPGR3'!$C68,".",'Formulario PPGR3'!$D68,".",'Formulario PPGR3'!$E68,".",'Formulario PPGR3'!$F68)) | C68: =IF('Formulario PPGR3'!$G68="","",'[3]Formulario PPGR1'!#REF!) | D68: =IF('Formulario PPGR3'!$G68="","",'[3]Formulario PPGR1'!#REF!) | E68: =IF('Formulario PPGR3'!$G68="","",'[3]Formulario PPGR1'!#REF!) | F68: =IF('Formulario PPGR3'!$G68="","",'[3]Formulario PPGR1'!#REF!) | J68: Impresión y encuadernación | K68: lsImpresionyEncuadernacion | L68: Impresión Formularios (dos caras) | M68: unidad | N68: 20 | O68: 1.9824 | P68: 39.648 | Q68: 2.2.2.2.01
B69: =IF('Formulario PPGR3'!$G69="","",CONCATENATE('Formulario PPGR3'!$C69,".",'Formulario PPGR3'!$D69,".",'Formulario PPGR3'!$E69,".",'Formulario PPGR3'!$F69)) | C69: =IF('Formulario PPGR3'!$G69="","",'[3]Formulario PPGR1'!#REF!) | D69: =IF('Formulario PPGR3'!$G69="","",'[3]Formulario PPGR1'!#REF!) | E69: =IF('Formulario PPGR3'!$G69="","",'[3]Formulario PPGR1'!#REF!) | F69: =IF('Formulario PPGR3'!$G69="","",'[3]Formulario PPGR1'!#REF!) | J69: Productos de Papel, Cartón e Impresos | K69: lsProductosdePapel | L69: Resma de Papel 8 1/2x11 | M69: resma | N69: 3 | O69: 139.24 | P69: 417.72 | Q69: 2.3.3.1.01
B70: =IF('Formulario PPGR3'!$G70="","",CONCATENATE('Formulario PPGR3'!$C70,".",'Formulario PPGR3'!$D70,".",'Formulario PPGR3'!$E70,".",'Formulario PPGR3'!$F70)) | C70: =IF('Formulario PPGR3'!$G70="","",'[3]Formulario PPGR1'!#REF!) | D70: =IF('Formulario PPGR3'!$G70="","",'[3]Formulario PPGR1'!#REF!) | E70: =IF('Formulario PPGR3'!$G70="","",'[3]Formulario PPGR1'!#REF!) | F70: =IF('Formulario PPGR3'!$G70="","",'[3]Formulario PPGR1'!#REF!) | J70: Útiles de escritorio, oficina, informática y de enseñanza | K70: lsUtilesdeOficina | L70: Lapiceros color Azul (cajas) | M70: unidad | N70: 3 | O70: 55 | P70: 165 | Q70: 2.3.9.2.01
B71: =IF('Formulario PPGR3'!$G71="","",CONCATENATE('Formulario PPGR3'!$C71,".",'Formulario PPGR3'!$D71,".",'Formulario PPGR3'!$E71,".",'Formulario PPGR3'!$F71)) | C71: =IF('Formulario PPGR3'!$G71="","",'[3]Formulario PPGR1'!#REF!) | D71: =IF('Formulario PPGR3'!$G71="","",'[3]Formulario PPGR1'!#REF!) | E71: =IF('Formulario PPGR3'!$G71="","",'[3]Formulario PPGR1'!#REF!) | F71: =IF('Formulario PPGR3'!$G71="","",'[3]Formulario PPGR1'!#REF!) | J71: Útiles de escritorio, oficina, informática y de enseñanza | K71: lsUtilesdeOficina | L71: Memorias USB 8 GB | M71: unidad | N71: 3 | O71: 254.998 | P71: 764.994 | Q71: 2.3.9.2.01
B72: =IF('Formulario PPGR3'!$G72="","",CONCATENATE('Formulario PPGR3'!$C72,".",'Formulario PPGR3'!$D72,".",'Formulario PPGR3'!$E72,".",'Formulario PPGR3'!$F72)) -> #REF! | C72: =IF('Formulario PPGR3'!$G72="","",'[3]Formulario PPGR1'!#REF!) -> #REF! | D72: =IF('Formulario PPGR3'!$G72="","",'[3]Formulario PPGR1'!#REF!) -> #REF! | E72: =IF('Formulario PPGR3'!$G72="","",'[3]Formulario PPGR1'!#REF!) -> #REF! | F72: =IF('Formulario PPGR3'!$G72="","",'[3]Formulario PPGR1'!#REF!) -> #REF! | G72: SRSEV 1.1.1.2.01 | I72: 4 | J72: Impresión y encuadernación | K72: lsImpresionyEncuadernacion | L72: Impresión Formularios (dos caras) | M72: unidad | N72: 100 | O72: 1.9824 | P72: 198.24 | Q72: 2.2.2.2.01
B73: =IF('Formulario PPGR3'!$G73="","",CONCATENATE('Formulario PPGR3'!$C73,".",'Formulario PPGR3'!$D73,".",'Formulario PPGR3'!$E73,".",'Formulario PPGR3'!$F73)) | C73: =IF('Formulario PPGR3'!$G73="","",'[3]Formulario PPGR1'!#REF!) | D73: =IF('Formulario PPGR3'!$G73="","",'[3]Formulario PPGR1'!#REF!) | E73: =IF('Formulario PPGR3'!$G73="","",'[3]Formulario PPGR1'!#REF!) | F73: =IF('Formulario PPGR3'!$G73="","",'[3]Formulario PPGR1'!#REF!) | J73: Útiles de escritorio, oficina, informática y de enseñanza | K73: lsUtilesdeOficina | L73: CE285A (85A) para impresora HP P1102W | M73: unidad | N73: 1 | O73: 2799.9985 | P73: 2799.9985 | Q73: 2.3.9.2.01
B74: =IF('Formulario PPGR3'!$G74="","",CONCATENATE('Formulario PPGR3'!$C74,".",'Formulario PPGR3'!$D74,".",'Formulario PPGR3'!$E74,".",'Formulario PPGR3'!$F74)) | C74: =IF('Formulario PPGR3'!$G74="","",'[3]Formulario PPGR1'!#REF!) | D74: =IF('Formulario PPGR3'!$G74="","",'[3]Formulario PPGR1'!#REF!) | E74: =IF('Formulario PPGR3'!$G74="","",'[3]Formulario PPGR1'!#REF!) | F74: =IF('Formulario PPGR3'!$G74="","",'[3]Formulario PPGR1'!#REF!) | J74: Productos de Papel, Cartón e Impresos | K74: lsProductosdePapel | L74: Resma de Papel 8 1/2x11 | M74: resma | N74: 1 | O74: 139.24 | P74: 139.24 | Q74: 2.3.3.1.01
B75: =IF('Formulario PPGR3'!$G75="","",CONCATENATE('Formulario PPGR3'!$C75,".",'Formulario PPGR3'!$D75,".",'Formulario PPGR3'!$E75,".",'Formulario PPGR3'!$F75)) | C75: =IF('Formulario PPGR3'!$G75="","",'[3]Formulario PPGR1'!#REF!) | D75: =IF('Formulario PPGR3'!$G75="","",'[3]Formulario PPGR1'!#REF!) | E75: =IF('Formulario PPGR3'!$G75="","",'[3]Formulario PPGR1'!#REF!) | F75: =IF('Formulario PPGR3'!$G75="","",'[3]Formulario PPGR1'!#REF!) | J75: Productos de Papel, Cartón e Impresos | K75: lsProductosdePapel | L75: Folders 8 1/2x 11 (100/1) Impropapel | M75: Caja | N75: 1 | O75: 175.82 | P75: 175.82 | Q75: 2.3.3.2.01
B76: =IF('Formulario PPGR3'!$G76="","",CONCATENATE('Formulario PPGR3'!$C76,".",'Formulario PPGR3'!$D76,".",'Formulario PPGR3'!$E76,".",'Formulario PPGR3'!$F76)) | C76: =IF('Formulario PPGR3'!$G76="","",'[3]Formulario PPGR1'!#REF!) | D76: =IF('Formulario PPGR3'!$G76="","",'[3]Formulario PPGR1'!#REF!) | E76: =IF('Formulario PPGR3'!$G76="","",'[3]Formulario PPGR1'!#REF!) | F76: =IF('Formulario PPGR3'!$G76="","",'[3]Formulario PPGR1'!#REF!) | J76: Útiles de escritorio, oficina, informática y de enseñanza | K76: lsUtilesdeOficina | L76: Cajas Marcadores de Pizarra | M76: Caja | O76: 154.875 | P76: 0 | Q76: 2.3.9.2.01
B77: =IF('Formulario PPGR3'!$G77="","",CONCATENATE('Formulario PPGR3'!$C77,".",'Formulario PPGR3'!$D77,".",'Formulario PPGR3'!$E77,".",'Formulario PPGR3'!$F77)) | C77: =IF('Formulario PPGR3'!$G77="","",'[3]Formulario PPGR1'!#REF!) | D77: =IF('Formulario PPGR3'!$G77="","",'[3]Formulario PPGR1'!#REF!) | E77: =IF('Formulario PPGR3'!$G77="","",'[3]Formulario PPGR1'!#REF!) | F77: =IF('Formulario PPGR3'!$G77="","",'[3]Formulario PPGR1'!#REF!) | J77: Útiles de escritorio, oficina, informática y de enseñanza | K77: lsUtilesdeOficina | L77: Pizarras Blancas Laminadas 90x60 cm con Trípode | M77: unidad | N77: 1 | O77: 10584.6 | P77: 10584.6 | Q77: 2.3.9.2.01
B78: =IF('Formulario PPGR3'!$G78="","",CONCATENATE('Formulario PPGR3'!$C78,".",'Formulario PPGR3'!$D78,".",'Formulario PPGR3'!$E78,".",'Formulario PPGR3'!$F78)) | C78: =IF('Formulario PPGR3'!$G78="","",'[3]Formulario PPGR1'!#REF!) | D78: =IF('Formulario PPGR3'!$G78="","",'[3]Formulario PPGR1'!#REF!) | E78: =IF('Formulario PPGR3'!$G78="","",'[3]Formulario PPGR1'!#REF!) | F78: =IF('Formulario PPGR3'!$G78="","",'[3]Formulario PPGR1'!#REF!) | J78: Útiles de escritorio, oficina, informática y de enseñanza | K78: lsUtilesdeOficina | L78: Tabla de apoyo/ Madera | M78: unidad | N78: 4 | O78: 49.206 | P78: 196.824 | Q78: 2.3.9.2.01
B79: =IF('Formulario PPGR3'!$G79="","",CONCATENATE('Formulario PPGR3'!$C79,".",'Formulario PPGR3'!$D79,".",'Formulario PPGR3'!$E79,".",'Formulario PPGR3'!$F79)) -> #REF! | C79: =IF('Formulario PPGR3'!$G79="","",'[3]Formulario PPGR1'!#REF!) -> #REF! | D79: =IF('Formulario PPGR3'!$G79="","",'[3]Formulario PPGR1'!#REF!) -> #REF! | E79: =IF('Formulario PPGR3'!$G79="","",'[3]Formulario PPGR1'!#REF!) -> #REF! | F79: =IF('Formulario PPGR3'!$G79="","",'[3]Formulario PPGR1'!#REF!) -> #REF! | G79: SRSEV 1.1.1.3.01 | I79: 4 | J79: Gasoil | K79: lsGasoil | L79: Galones de Gasoil Optimo | M79: galon | N79: 100 | O79: 197 | P79: 19700 | Q79: 2.3.7.1.02 | R79: Venta de servicios
B80: =IF('Formulario PPGR3'!$G80="","",CONCATENATE('Formulario PPGR3'!$C80,".",'Formulario PPGR3'!$D80,".",'Formulario PPGR3'!$E80,".",'Formulario PPGR3'!$F80)) -> #REF! | C80: =IF('Formulario PPGR3'!$G80="","",'[3]Formulario PPGR1'!#REF!) -> #REF! | D80: =IF('Formulario PPGR3'!$G80="","",'[3]Formulario PPGR1'!#REF!) -> #REF! | E80: =IF('Formulario PPGR3'!$G80="","",'[3]Formulario PPGR1'!#REF!) -> #REF! | F80: =IF('Formulario PPGR3'!$G80="","",'[3]Formulario PPGR1'!#REF!) -> #REF! | G80: SRSEV 1.1.1.3.01 | I80: 4 | J80: Productos de Papel, Cartón e Impresos | K80: lsProductosdePapel | L80: Resma de Papel 8 1/2x11 | M80: resma | N80: 20 | O80: 139.24 | P80: 2784.8 | Q80: 2.3.3.1.01 | R80: Venta de servicios
B81: =IF('Formulario PPGR3'!$G81="","",CONCATENATE('Formulario PPGR3'!$C81,".",'Formulario PPGR3'!$D81,".",'Formulario PPGR3'!$E81,".",'Formulario PPGR3'!$F81)) -> #REF! | C81: =IF('Formulario PPGR3'!$G81="","",'[3]Formulario PPGR1'!#REF!) -> #REF! | D81: =IF('Formulario PPGR3'!$G81="","",'[3]Formulario PPGR1'!#REF!) -> #REF! | E81: =IF('Formulario PPGR3'!$G81="","",'[3]Formulario PPGR1'!#REF!) -> #REF! | F81: =IF('Formulario PPGR3'!$G81="","",'[3]Formulario PPGR1'!#REF!) -> #REF! | G81: SRSEV 1.1.1.3.01 | I81: 4 | J81: Productos de Papel, Cartón e Impresos | K81: lsProductosdePapel | L81: Folders 8 1/2x 11 (100/1) Impropapel | M81: Caja | N81: 12 | O81: 175.82 | P81: 2109.84 | Q81: 2.3.3.2.01 | R81: Venta de servicios
B82: =IF('Formulario PPGR3'!$G82="","",CONCATENATE('Formulario PPGR3'!$C82,".",'Formulario PPGR3'!$D82,".",'Formulario PPGR3'!$E82,".",'Formulario PPGR3'!$F82)) -> #REF! | C82: =IF('Formulario PPGR3'!$G82="","",'[3]Formulario PPGR1'!#REF!) -> #REF! | D82: =IF('Formulario PPGR3'!$G82="","",'[3]Formulario PPGR1'!#REF!) -> #REF! | E82: =IF('Formulario PPGR3'!$G82="","",'[3]Formulario PPGR1'!#REF!) -> #REF! | F82: =IF('Formulario PPGR3'!$G82="","",'[3]Formulario PPGR1'!#REF!) -> #REF! | G82: SRSEV 1.1.1.3.01 | I82: 4 | J82: Útiles de escritorio, oficina, informática y de enseñanza | K82: lsUtilesdeOficina | L82: Toner CF226A (26A) para impresora HP MFP M426 FDW | M82: unidad | N82: 1 | O82: 4979.6 | P82: 4979.6 | Q82: 2.3.9.2.01 | R82: Venta de servicios
B83: =IF('Formulario PPGR3'!$G83="","",CONCATENATE('Formulario PPGR3'!$C83,".",'Formulario PPGR3'!$D83,".",'Formulario PPGR3'!$E83,".",'Formulario PPGR3'!$F83)) -> #REF! | C83: =IF('Formulario PPGR3'!$G83="","",'[3]Formulario PPGR1'!#REF!) -> #REF! | D83: =IF('Formulario PPGR3'!$G83="","",'[3]Formulario PPGR1'!#REF!) -> #REF! | E83: =IF('Formulario PPGR3'!$G83="","",'[3]Formulario PPGR1'!#REF!) -> #REF! | F83: =IF('Formulario PPGR3'!$G83="","",'[3]Formulario PPGR1'!#REF!) -> #REF! | G83: SRSEV 1.1.1.3.01 | I83: 4 | J83: Útiles de escritorio, oficina, informática y de enseñanza | K83: lsUtilesdeOficina | L83: Lapiceros Azules | M83: Caja | N83: 20 | O83: 71.98 | P83: 1439.6 | Q83: 2.3.9.2.01 | R83: Venta de servicios
B84: =IF('Formulario PPGR3'!$G84="","",CONCATENATE('Formulario PPGR3'!$C84,".",'Formulario PPGR3'!$D84,".",'Formulario PPGR3'!$E84,".",'Formulario PPGR3'!$F84)) -> #REF! | C84: =IF('Formulario PPGR3'!$G84="","",'[3]Formulario PPGR1'!#REF!) -> #REF! | D84: =IF('Formulario PPGR3'!$G84="","",'[3]Formulario PPGR1'!#REF!) -> #REF! | E84: =IF('Formulario PPGR3'!$G84="","",'[3]Formulario PPGR1'!#REF!) -> #REF! | F84: =IF('Formulario PPGR3'!$G84="","",'[3]Formulario PPGR1'!#REF!) -> #REF! | G84: SRSEV 1.1.1.3.01 | I84: 4 | J84: Útiles de escritorio, oficina, informática y de enseñanza | K84: lsUtilesdeOficina | L84: Lápiz de carbon (docena) | M84: unidad | N84: 15 | O84: 50 | P84: 750 | Q84: 2.3.9.2.01 | R84: Venta de servicios
B85: =IF('Formulario PPGR3'!$G85="","",CONCATENATE('Formulario PPGR3'!$C85,".",'Formulario PPGR3'!$D85,".",'Formulario PPGR3'!$E85,".",'Formulario PPGR3'!$F85)) -> #REF! | C85: =IF('Formulario PPGR3'!$G85="","",'[3]Formulario PPGR1'!#REF!) -> #REF! | D85: =IF('Formulario PPGR3'!$G85="","",'[3]Formulario PPGR1'!#REF!) -> #REF! | E85: =IF('Formulario PPGR3'!$G85="","",'[3]Formulario PPGR1'!#REF!) -> #REF! | F85: =IF('Formulario PPGR3'!$G85="","",'[3]Formulario PPGR1'!#REF!) -> #REF! | G85: SRSEV 1.1.1.3.01 | I85: 4 | J85: Útiles de escritorio, oficina, informática y de enseñanza | K85: lsUtilesdeOficina | L85: Cajas de Clips (19MM) pequeño | M85: unidad | N85: 20 | O85: 15.281 | P85: 305.62 | Q85: 2.3.9.2.01 | R85: Venta de servicios
B86: =IF('Formulario PPGR3'!$G86="","",CONCATENATE('Formulario PPGR3'!$C86,".",'Formulario PPGR3'!$D86,".",'Formulario PPGR3'!$E86,".",'Formulario PPGR3'!$F86)) | C86: =IF('Formulario PPGR3'!$G86="","",'[3]Formulario PPGR1'!#REF!) | D86: =IF('Formulario PPGR3'!$G86="","",'[3]Formulario PPGR1'!#REF!) | E86: =IF('Formulario PPGR3'!$G86="","",'[3]Formulario PPGR1'!#REF!) | F86: =IF('Formulario PPGR3'!$G86="","",'[3]Formulario PPGR1'!#REF!) | P86: #VALUE!
B87: =IF('Formulario PPGR3'!$G87="","",CONCATENATE('Formulario PPGR3'!$C87,".",'Formulario PPGR3'!$D87,".",'Formulario PPGR3'!$E87,".",'Formulario PPGR3'!$F87)) -> #REF! | C87: =IF('Formulario PPGR3'!$G87="","",'[3]Formulario PPGR1'!#REF!) -> #REF! | D87: =IF('Formulario PPGR3'!$G87="","",'[3]Formulario PPGR1'!#REF!) -> #REF! | E87: =IF('Formulario PPGR3'!$G87="","",'[3]Formulario PPGR1'!#REF!) -> #REF! | F87: =IF('Formulario PPGR3'!$G87="","",'[3]Formulario PPGR1'!#REF!) -> #REF! | G87: SRSEV 1.1.1.3.02 | I87: 2 | J87: Gasoil | K87: lsGasoil | L87: Galones de Gasoil Optimo | M87: galon | N87: 120 | O87: 197 | P87: 23640 | Q87: 2.3.7.1.02 | R87: Venta de servicios
B88: =IF('Formulario PPGR3'!$G88="","",CONCATENATE('Formulario PPGR3'!$C88,".",'Formulario PPGR3'!$D88,".",'Formulario PPGR3'!$E88,".",'Formulario PPGR3'!$F88)) -> #REF! | C88: =IF('Formulario PPGR3'!$G88="","",'[3]Formulario PPGR1'!#REF!) -> #REF! | D88: =IF('Formulario PPGR3'!$G88="","",'[3]Formulario PPGR1'!#REF!) -> #REF! | E88: =IF('Formulario PPGR3'!$G88="","",'[3]Formulario PPGR1'!#REF!) -> #REF! | F88: =IF('Formulario PPGR3'!$G88="","",'[3]Formulario PPGR1'!#REF!) -> #REF! | G88: SRSEV 1.1.1.3.02 | I88: 2 | J88: Productos de Papel, Cartón e Impresos | K88: lsProductosdePapel | L88: Resma de Papel 8 1/2x11 | M88: resma | N88: 16 | O88: 139.24 | P88: 2227.84 | Q88: 2.3.3.1.01 | R88: Venta de servicios
B89: =IF('Formulario PPGR3'!$G89="","",CONCATENATE('Formulario PPGR3'!$C89,".",'Formulario PPGR3'!$D89,".",'Formulario PPGR3'!$E89,".",'Formulario PPGR3'!$F89)) -> #REF! | C89: =IF('Formulario PPGR3'!$G89="","",'[3]Formulario PPGR1'!#REF!) -> #REF! | D89: =IF('Formulario PPGR3'!$G89="","",'[3]Formulario PPGR1'!#REF!) -> #REF! | E89: =IF('Formulario PPGR3'!$G89="","",'[3]Formulario PPGR1'!#REF!) -> #REF! | F89: =IF('Formulario PPGR3'!$G89="","",'[3]Formulario PPGR1'!#REF!) -> #REF! | G89: SRSEV 1.1.1.3.02 | I89: 2 | J89: Productos de Papel, Cartón e Impresos | K89: lsProductosdePapel | L89: Folders 8 1/2x 11 (100/1) Impropapel | M89: Caja | N89: 8 | O89: 175.82 | P89: 1406.56 | Q89: 2.3.3.2.01 | R89: Venta de servicios
B90: =IF('Formulario PPGR3'!$G90="","",CONCATENATE('Formulario PPGR3'!$C90,".",'Formulario PPGR3'!$D90,".",'Formulario PPGR3'!$E90,".",'Formulario PPGR3'!$F90)) -> #REF! | C90: =IF('Formulario PPGR3'!$G90="","",'[3]Formulario PPGR1'!#REF!) -> #REF! | D90: =IF('Formulario PPGR3'!$G90="","",'[3]Formulario PPGR1'!#REF!) -> #REF! | E90: =IF('Formulario PPGR3'!$G90="","",'[3]Formulario PPGR1'!#REF!) -> #REF! | F90: =IF('Formulario PPGR3'!$G90="","",'[3]Formulario PPGR1'!#REF!) -> #REF! | G90: SRSEV 1.1.1.3.02 | I90: 2 | J90: Útiles de escritorio, oficina, informática y de enseñanza | K90: lsUtilesdeOficina | L90: Toner CF226A (26A) para impresora HP MFP M426 FDW | M90: unidad | N90: 1 | O90: 4979.6 | P90: 4979.6 | Q90: 2.3.9.2.01 | R90: Venta de servicios
B91: =IF('Formulario PPGR3'!$G91="","",CONCATENATE('Formulario PPGR3'!$C91,".",'Formulario PPGR3'!$D91,".",'Formulario PPGR3'!$E91,".",'Formulario PPGR3'!$F91)) -> #REF! | C91: =IF('Formulario PPGR3'!$G91="","",'[3]Formulario PPGR1'!#REF!) -> #REF! | D91: =IF('Formulario PPGR3'!$G91="","",'[3]Formulario PPGR1'!#REF!) -> #REF! | E91: =IF('Formulario PPGR3'!$G91="","",'[3]Formulario PPGR1'!#REF!) -> #REF! | F91: =IF('Formulario PPGR3'!$G91="","",'[3]Formulario PPGR1'!#REF!) -> #REF! | G91: SRSEV 1.1.1.3.02 | I91: 2 | J91: Útiles de escritorio, oficina, informática y de enseñanza | K91: lsUtilesdeOficina | L91: Lapiceros Azules | M91: Caja | N91: 5 | O91: 71.98 | P91: 359.9 | Q91: 2.3.9.2.01 | R91: Venta de servicios
B92: =IF('Formulario PPGR3'!$G92="","",CONCATENATE('Formulario PPGR3'!$C92,".",'Formulario PPGR3'!$D92,".",'Formulario PPGR3'!$E92,".",'Formulario PPGR3'!$F92)) -> #REF! | C92: =IF('Formulario PPGR3'!$G92="","",'[3]Formulario PPGR1'!#REF!) -> #REF! | D92: =IF('Formulario PPGR3'!$G92="","",'[3]Formulario PPGR1'!#REF!) -> #REF! | E92: =IF('Formulario PPGR3'!$G92="","",'[3]Formulario PPGR1'!#REF!) -> #REF! | F92: =IF('Formulario PPGR3'!$G92="","",'[3]Formulario PPGR1'!#REF!) -> #REF! | G92: SRSEV 1.1.1.3.02 | I92: 2 | J92: Útiles de escritorio, oficina, informática y de enseñanza | K92: lsUtilesdeOficina | L92: Lápiz de carbon (docena) | M92: unidad | N92: 10 | O92: 50 | P92: 500 | Q92: 2.3.9.2.01 | R92: Venta de servicios
B93: =IF('Formulario PPGR3'!$G93="","",CONCATENATE('Formulario PPGR3'!$C93,".",'Formulario PPGR3'!$D93,".",'Formulario PPGR3'!$E93,".",'Formulario PPGR3'!$F93)) -> #REF! | C93: =IF('Formulario PPGR3'!$G93="","",'[3]Formulario PPGR1'!#REF!) -> #REF! | D93: =IF('Formulario PPGR3'!$G93="","",'[3]Formulario PPGR1'!#REF!) -> #REF! | E93: =IF('Formulario PPGR3'!$G93="","",'[3]Formulario PPGR1'!#REF!) -> #REF! | F93: =IF('Formulario PPGR3'!$G93="","",'[3]Formulario PPGR1'!#REF!) -> #REF! | G93: SRSEV 1.1.1.3.02 | I93: 2 | J93: Útiles de escritorio, oficina, informática y de enseñanza | K93: lsUtilesdeOficina | L93: Post it 3x3, Varios Colores | M93: unidad | N93: 15 | O93: 32.0016 | P93: 480.024 | Q93: 2.3.9.2.01 | R93: Venta de servicios
